Workbook

Sheet Index
C9: Facts and figures Q3 2016
C10: Results and KPIs for the period ending 30 September 2016
C11: (in millions of euro unless indicated otherwise)
C13: Index of sheets
C14: - | E14: P&L & Cash flow
C15: - | E15: Revenues
C16: - | E16: Opex (excl. D&A)
C17: - | E17: EBITDA
C18: - | E18: Cash flow statement, Capex, Balance sheet & Debt summary
C19: - | E19: FTE
C20: - | E20: Growth analysis (Q3, YTD, Q1, Q2, Q4)
C21: - | E21: Consumer Revenues
C22: - | E22: Consumer KPIs
C23: - | E23: Business Revenues
C24: - | E24: Business KPIs
C25: - | E25: Wholesale Revenues
... C27: - | E27: Bond overview
C29: For further information please contact
C30: KPN Investor Relations
C31: Phone | F31: +31 70 44 60986
C32: ir@kpn.com
C33: ir.kpn.com
D65: -318

Sheet P&L & Cash flow
C2: Consolidated figures | D2: Q3 '16 | E2: Q2 '16 | F2: Q1 '16 | H2: 2015 | I2: Q4 '15 | J2: Q3 '15 | K2: Q2 '15 | L2: Q1 '15 | N2: y-on-y | P2: YTD '16 | Q2: YTD '15 | S2: y-on-y
C3: Income statement from continuing operations1 | N3: Q3% | S3: YTD%
C5: Revenues | D5: ='Growth analysis Q3'!D18 -> 1718 | E5: ='Growth analysis Q2'!D18 -> 1676 | F5: 1689 | H5: =L5+K5+J5+I5 -> 7008 | I5: 1745 | J5: 1764 | K5: 1741 | L5: 1758 | N5: =+IFERROR(IF(D5*J5<0,"n.m.",IF(D5/J5-1>100%,">100%",D5/J5-1)),"n.m.") -> -0.026077098 | P5: =F5+E5+D5 -> 5083 | Q5: =L5+K5+J5 -> 5263 | S5: =+IFERROR(IF(P5*Q5<0,"n.m.",IF(P5/Q5-1>100%,">100%",P5/Q5-1)),"n.m.") -> -0.034201026
C6: Adjusted revenues | D6: ='Growth analysis Q3'!G18 -> 1711 | E6: ='Growth analysis Q2'!G18 -> 1676 | F6: 1689 | H6: =L6+K6+J6+I6 -> 7018 | I6: =+'Growth analysis Q4'!L18 -> 1745 | J6: =+'Growth analysis Q3'!L18 -> 1764 | K6: =+'Growth analysis Q2'!L18 -> 1751 | L6: =+'Growth analysis Q1'!L18 -> 1758 | N6: =+IFERROR(IF(D6*J6<0,"n.m.",IF(D6/J6-1>100%,">100%",D6/J6-1)),"n.m.") -> -0.030045351 | P6: =F6+E6+D6 -> 5076 | Q6: =L6+K6+J6 -> 5273 | S6: =+IFERROR(IF(P6*Q6<0,"n.m.",IF(P6/Q6-1>100%,">100%",P6/Q6-1)),"n.m.") -> -0.037360137
C8: Cost of goods & services | D8: 532 | E8: 534 | F8: 534 | H8: =L8+K8+J8+I8 -> 2209 | I8: 572 | J8: 548 | K8: 546 | L8: 543 | N8: =+IFERROR(IF(D8*J8<0,"n.m.",IF(D8/J8-1>100%,">100%",D8/J8-1)),"n.m.") -> -0.02919708 | P8: =F8+E8+D8 -> 1600 | Q8: =L8+K8+J8 -> 1637 | S8: =+IFERROR(IF(P8*Q8<0,"n.m.",IF(P8/Q8-1>100%,">100%",P8/Q8-1)),"n.m.") -> -0.022602321
C9: Personnel expenses | D9: 268 | E9: 298 | F9: 327 | H9: =L9+K9+J9+I9 -> 1260 | I9: 300 | J9: 298 | K9: 322 | L9: 340 | N9: =+IFERROR(IF(D9*J9<0,"n.m.",IF(D9/J9-1>100%,">100%",D9/J9-1)),"n.m.") -> -0.10067114 | P9: =F9+E9+D9 -> 893 | Q9: =L9+K9+J9 -> 960 | S9: =+IFERROR(IF(P9*Q9<0,"n.m.",IF(P9/Q9-1>100%,">100%",P9/Q9-1)),"n.m.") -> -0.069791667
C10: IT/TI | D10: 119 | E10: 128 | F10: 133 | H10: =L10+K10+J10+I10 -> 535 | I10: 135 | J10: 141 | K10: 126 | L10: 133 | N10: =+IFERROR(IF(D10*J10<0,"n.m.",IF(D10/J10-1>100%,">100%",D10/J10-1)),"n.m.") -> -0.15602837 | P10: =F10+E10+D10 -> 380 | Q10: =L10+K10+J10 -> 400 | S10: =+IFERROR(IF(P10*Q10<0,"n.m.",IF(P10/Q10-1>100%,">100%",P10/Q10-1)),"n.m.") -> -0.05
C11: Other operating expenses | D11: 134 | E11: 137 | F11: 136 | H11: =L11+K11+J11+I11 -> 680 | I11: 160 | J11: 175 | K11: 179 | L11: 166 | N11: =+IFERROR(IF(D11*J11<0,"n.m.",IF(D11/J11-1>100%,">100%",D11/J11-1)),"n.m.") -> -0.23428571 | P11: =F11+E11+D11 -> 407 | Q11: =L11+K11+J11 -> 520 | S11: =+IFERROR(IF(P11*Q11<0,"n.m.",IF(P11/Q11-1>100%,">100%",P11/Q11-1)),"n.m.") -> -0.21730769
C12: Operating expenses (excl. D&A) | D12: =SUM(D8:D11) -> 1053 | E12: =E8+E9+E10+E11 -> 1097 | F12: =F8+F9+F10+F11 -> 1130 | H12: =L12+K12+J12+I12 -> 4684 | I12: =+I8+I9+I10+I11 -> 1167 | J12: =+J8+J9+J10+J11 -> 1162 | K12: =+K8+K9+K10+K11 -> 1173 | L12: =+L8+L9+L10+L11 -> 1182 | N12: =+IFERROR(IF(D12*J12<0,"n.m.",IF(D12/J12-1>100%,">100%",D12/J12-1)),"n.m.") -> -0.093803787 | P12: =F12+E12+D12 -> 3280 | Q12: =L12+K12+J12 -> 3517 | S12: =+IFERROR(IF(P12*Q12<0,"n.m.",IF(P12/Q12-1>100%,">100%",P12/Q12-1)),"n.m.") -> -0.067386978
C14: EBITDA | D14: ='Growth analysis Q3'!D37 -> 665 | E14: =E5-E12 -> 579 | F14: =F5-F12 -> 559 | H14: =L14+K14+J14+I14 -> 2324 | I14: =+I5-I12 -> 578 | J14: =+J5-J12 -> 602 | K14: =+K5-K12 -> 568 | L14: =+L5-L12 -> 576 | N14: =+IFERROR(IF(D14*J14<0,"n.m.",IF(D14/J14-1>100%,">100%",D14/J14-1)),"n.m.") -> 0.10465116 | P14: =F14+E14+D14 -> 1803 | Q14: =L14+K14+J14 -> 1746 | S14: =+IFERROR(IF(P14*Q14<0,"n.m.",IF(P14/Q14-1>100%,">100%",P14/Q14-1)),"n.m.") -> 0.032646048
C15: Adjusted EBITDA | D15: ='Growth analysis Q3'!G37 -> 662 | E15: =EBITDA!E35 -> 592 | F15: =EBITDA!F35 -> 568 | H15: =L15+K15+J15+I15 -> 2419 | I15: 582 | J15: 640 | K15: 602 | L15: =+'Growth analysis Q1'!L37 -> 595 | N15: =+IFERROR(IF(D15*J15<0,"n.m.",IF(D15/J15-1>100%,">100%",D15/J15-1)),"n.m.") -> 0.034375 | P15: =F15+E15+D15 -> 1822 | Q15: =L15+K15+J15 -> 1837 | S15: =+IFERROR(IF(P15*Q15<0,"n.m.",IF(P15/Q15-1>100%,">100%",P15/Q15-1)),"n.m.") -> -0.0081654872
C17: Depreciation | D17: 251 | E17: 252 | F17: 251 | H17: =L17+K17+J17+I17 -> 1105 | I17: 282 | J17: 276 | K17: 274 | L17: 273 | N17: =+IFERROR(IF(D17*J17<0,"n.m.",IF(D17/J17-1>100%,">100%",D17/J17-1)),"n.m.") -> -0.09057971 | P17: =F17+E17+D17 -> 754 | Q17: =L17+K17+J17 -> 823 | S17: =+IFERROR(IF(P17*Q17<0,"n.m.",IF(P17/Q17-1>100%,">100%",P17/Q17-1)),"n.m.") -> -0.083839611
C18: Amortization | D18: 122 | E18: 122 | F18: 167 | H18: =L18+K18+J18+I18 -> 511 | I18: 136 | J18: 122 | K18: 125 | L18: 128 | N18: =+IFERROR(IF(D18*J18<0,"n.m.",IF(D18/J18-1>100%,">100%",D18/J18-1)),"n.m.") -> 0 | P18: =F18+E18+D18 -> 411 | Q18: =L18+K18+J18 -> 375 | S18: =+IFERROR(IF(P18*Q18<0,"n.m.",IF(P18/Q18-1>100%,">100%",P18/Q18-1)),"n.m.") -> 0.096
C19: Total operating expenses | D19: =D12+D17+D18 -> 1426 | E19: =E12+E17+E18 -> 1471 | F19: =F12+F17+F18 -> 1548 | H19: =L19+K19+J19+I19 -> 6300 | I19: =+I8+I9+I10+I11+I17+I18 -> 1585 | J19: =+J8+J9+J10+J11+J17+J18 -> 1560 | K19: =+K8+K9+K10+K11+K17+K18 -> 1572 | L19: =+L8+L9+L10+L11+L17+L18 -> 1583 | N19: =+IFERROR(IF(D19*J19<0,"n.m.",IF(D19/J19-1>100%,">100%",D19/J19-1)),"n.m.") -> -0.085897436 | P19: =F19+E19+D19 -> 4445 | Q19: =L19+K19+J19 -> 4715 | S19: =+IFERROR(IF(P19*Q19<0,"n.m.",IF(P19/Q19-1>100%,">100%",P19/Q19-1)),"n.m.") -> -0.057264051
C21: Operating profit | D21: =D5-D19 -> 292 | E21: =E5-E19 -> 205 | F21: =F5-F19 -> 141 | H21: =L21+K21+J21+I21 -> 708 | I21: =I5-I19 -> 160 | J21: =J5-J19 -> 204 | K21: =K5-K19 -> 169 | L21: =L5-L19 -> 175 | N21: =+IFERROR(IF(D21*J21<0,"n.m.",IF(D21/J21-1>100%,">100%",D21/J21-1)),"n.m.") -> 0.43137255 | P21: =F21+E21+D21 -> 638 | Q21: =L21+K21+J21 -> 548 | S21: =+IFERROR(IF(P21*Q21<0,"n.m.",IF(P21/Q21-1>100%,">100%",P21/Q21-1)),"n.m.") -> 0.16423358
C23: Net finance costs | D23: -246 | E23: 10 | F23: -82 | H23: =L23+K23+J23+I23 -> -105 | I23: 127 | J23: -108 | K23: 19 | L23: -143 | N23: =+IFERROR(IF(D23*J23<0,"n.m.",IF(D23/J23-1>100%,">100%",D23/J23-1)),"n.m.") -> >100% | P23: =F23+E23+D23 -> -318 | Q23: =L23+K23+J23 -> -232 | S23: =+IFERROR(IF(P23*Q23<0,"n.m.",IF(P23/Q23-1>100%,">100%",P23/Q23-1)),"n.m.") -> 0.37068966
C24: Share of the profit of associates and joint ventures | D24: 1 | E24: -2 | F24: 1 | H24: =L24+K24+J24+I24 -> 2 | I24: 1 | J24: 1 | K24: 0 | L24: 0 | N24: =+IFERROR(IF(D24*J24<0,"n.m.",IF(D24/J24-1>100%,">100%",D24/J24-1)),"n.m.") -> 0 | P24: =F24+E24+D24 -> 0 | Q24: =L24+K24+J24 -> 1 | S24: =+IFERROR(IF(P24*Q24<0,"n.m.",IF(P24/Q24-1>100%,">100%",P24/Q24-1)),"n.m.") -> -1
C26: Profit before income tax | D26: =D21+D23+D24 -> 47 | E26: =E21+E23+E24 -> 213 | F26: =F21+F23+F24 -> 60 | H26: =L26+K26+J26+I26 -> 605 | I26: =I21+I23+I24 -> 288 | J26: =J21+J23+J24 -> 97 | K26: =K21+K23+K24 -> 188 | L26: =L21+L23+L24 -> 32 | N26: =+IFERROR(IF(D26*J26<0,"n.m.",IF(D26/J26-1>100%,">100%",D26/J26-1)),"n.m.") -> -0.51546392 | P26: =F26+E26+D26 -> 320 | Q26: =L26+K26+J26 -> 317 | S26: =+IFERROR(IF(P26*Q26<0,"n.m.",IF(P26/Q26-1>100%,">100%",P26/Q26-1)),"n.m.") -> 0.0094637224
C28: Income taxes | D28: -2 | E28: -51 | F28: -12 | H28: =L28+K28+J28+I28 -> -81 | I28: -34 | J28: -10 | K28: -28 | L28: -9 | N28: =+IFERROR(IF(D28*J28<0,"n.m.",IF(D28/J28-1>100%,">100%",D28/J28-1)),"n.m.") -> -0.8 | P28: =F28+E28+D28 -> -65 | Q28: =L28+K28+J28 -> -47 | S28: =+IFERROR(IF(P28*Q28<0,"n.m.",IF(P28/Q28-1>100%,">100%",P28/Q28-1)),"n.m.") -> 0.38297872
C30: Profit for the period | D30: =D26+D28 -> 45 | E30: =E26+E28 -> 162 | F30: =F26+F28 -> 48 | H30: =L30+K30+J30+I30 -> 524 | I30: =I26+I28 -> 254 | J30: =J26+J28 -> 87 | K30: =K26+K28 -> 160 | L30: =L26+L28 -> 23 | N30: =+IFERROR(IF(D30*J30<0,"n.m.",IF(D30/J30-1>100%,">100%",D30/J30-1)),"n.m.") -> -0.48275862 | P30: =F30+E30+D30 -> 255 | Q30: =L30+K30+J30 -> 270 | S30: =+IFERROR(IF(P30*Q30<0,"n.m.",IF(P30/Q30-1>100%,">100%",P30/Q30-1)),"n.m.") -> -0.055555556
C32: Profit for the period from discontinued operations | D32: 49 | E32: 0 | F32: 362 | H32: =L32+K32+J32+I32 -> 135 | I32: 102 | J32: 25 | K32: 7 | L32: 1 | N32: =+IFERROR(IF(D32*J32<0,"n.m.",IF(D32/J32-1>100%,">100%",D32/J32-1)),"n.m.") -> 0.96 | P32: =F32+E32+D32 -> 411 | Q32: =L32+K32+J32 -> 33 | S32: =+IFERROR(IF(P32*Q32<0,"n.m.",IF(P32/Q32-1>100%,">100%",P32/Q32-1)),"n.m.") -> >100%
C34: Profit for the period (incl. discontinued operations) | D34: =D30+D32 -> 94 | E34: =E30+E32 -> 162 | F34: =F30+F32 -> 410 | H34: =L34+K34+J34+I34 -> 659 | I34: =I30+I32 -> 356 | J34: =J30+J32 -> 112 | K34: =K30+K32 -> 167 | L34: =L30+L32 -> 24 | N34: =+IFERROR(IF(D34*J34<0,"n.m.",IF(D34/J34-1>100%,">100%",D34/J34-1)),"n.m.") -> -0.16071429 | P34: =F34+E34+D34 -> 666 | Q34: =L34+K34+J34 -> 303 | S34: =+IFERROR(IF(P34*Q34<0,"n.m.",IF(P34/Q34-1>100%,">100%",P34/Q34-1)),"n.m.") -> >100%
C36: Profit attributable to non-controlling interest (incl. disc. ops.) | D36: -1 | E36: 1 | F36: 6 | H36: =L36+K36+J36+I36 -> 21 | I36: 6 | J36: 6 | K36: 5 | L36: 4 | N36: =+IFERROR(IF(D36*J36<0,"n.m.",IF(D36/J36-1>100%,">100%",D36/J36-1)),"n.m.") -> n.m. | P36: =F36+E36+D36 -> 6 | Q36: =L36+K36+J36 -> 15 | S36: =+IFERROR(IF(P36*Q36<0,"n.m.",IF(P36/Q36-1>100%,">100%",P36/Q36-1)),"n.m.") -> -0.6
C37: Profit attributable to equity holders (incl. discontinued operations) | D37: =+D34-D36 -> 95 | E37: =+E34-E36 -> 161 | F37: =+F34-F36 -> 404 | H37: =+H34-H36 -> 638 | I37: =+I34-I36 -> 350 | J37: =+J34-J36 -> 106 | K37: =+K34-K36 -> 162 | L37: =+L34-L36 -> 20 | N37: =+IFERROR(IF(D37*J37<0,"n.m.",IF(D37/J37-1>100%,">100%",D37/J37-1)),"n.m.") -> -0.10377358 | P37: =F37+E37+D37 -> 660 | Q37: =L37+K37+J37 -> 288 | S37: =+IFERROR(IF(P37*Q37<0,"n.m.",IF(P37/Q37-1>100%,">100%",P37/Q37-1)),"n.m.") -> >100%
C39: Earnings per share²
C40: From continuing operations (non-diluted) | D40: 1e-05 | E40: 0.04 | F40: 0.01 | H40: =L40+K40+J40+I40 -> 0.11 | I40: 0.06 | J40: 0.01 | K40: 0.04 | L40: 0 | N40: =+IFERROR(IF(D40*J40<0,"n.m.",IF(D40/J40-1>100%,">100%",D40/J40-1)),"n.m.") -> -0.999 | P40: =F40+E40+D40 -> 0.05001 | Q40: =L40+K40+J40 -> 0.05 | S40: =+IFERROR(IF(P40*Q40<0,"n.m.",IF(P40/Q40-1>100%,">100%",P40/Q40-1)),"n.m.") -> 0.0002
C41: From continuing operations (fully-diluted) | D41: 1e-06 | E41: 0.04 | F41: 0.01 | H41: =L41+K41+J41+I41 -> 0.11 | I41: 0.06 | J41: 0.01 | K41: 0.04 | L41: 0 | N41: =+IFERROR(IF(D41*J41<0,"n.m.",IF(D41/J41-1>100%,">100%",D41/J41-1)),"n.m.") -> -0.9999 | P41: =F41+E41+D41 -> 0.050001 | Q41: =L41+K41+J41 -> 0.05 | S41: =+IFERROR(IF(P41*Q41<0,"n.m.",IF(P41/Q41-1>100%,">100%",P41/Q41-1)),"n.m.") -> 2e-05
C43: Including discontinued operations (non-diluted) | D43: 0.02 | E43: 0.04 | F43: 0.09 | H43: =L43+K43+J43+I43 -> 0.14 | I43: 0.08 | J43: 0.02 | K43: 0.04 | L43: 0 | N43: =+IFERROR(IF(D43*J43<0,"n.m.",IF(D43/J43-1>100%,">100%",D43/J43-1)),"n.m.") -> 0 | P43: =F43+E43+D43 -> 0.15 | Q43: =L43+K43+J43 -> 0.06 | S43: =+IFERROR(IF(P43*Q43<0,"n.m.",IF(P43/Q43-1>100%,">100%",P43/Q43-1)),"n.m.") -> >100%
C44: Including discontinued operations (fully-diluted) | D44: 0.02 | E44: 0.04 | F44: 0.09 | H44: =L44+K44+J44+I44 -> 0.14 | I44: 0.08 | J44: 0.02 | K44: 0.04 | L44: 0 | N44: =+IFERROR(IF(D44*J44<0,"n.m.",IF(D44/J44-1>100%,">100%",D44/J44-1)),"n.m.") -> 0 | P44: =F44+E44+D44 -> 0.15 | Q44: =L44+K44+J44 -> 0.06 | S44: =+IFERROR(IF(P44*Q44<0,"n.m.",IF(P44/Q44-1>100%,">100%",P44/Q44-1)),"n.m.") -> >100%
C46: Dividend per share | D46: 0 | E46: 0.06 | F46: 0 | H46: =L46+K46+J46+I46 -> 0.11 | I46: 0.05 | J46: 0 | K46: 0.06 | L46: 0 | N46: =+IFERROR(IF(D46*J46<0,"n.m.",IF(D46/J46-1>100%,">100%",D46/J46-1)),"n.m.") -> n.m. | P46: =F46+E46+D46 -> 0.06 | Q46: =L46+K46+J46 -> 0.06 | S46: =+IFERROR(IF(P46*Q46<0,"n.m.",IF(P46/Q46-1>100%,">100%",P46/Q46-1)),"n.m.") -> 0
C47: Of which: interim dividend | D47: 0 | E47: 0.06 | F47: 0 | H47: =L47+K47+J47+I47 -> 0.06 | I47: 0 | J47: 0 | K47: 0.06 | L47: 0 | N47: =+IFERROR(IF(D47*J47<0,"n.m.",IF(D47/J47-1>100%,">100%",D47/J47-1)),"n.m.") -> n.m. | P47: =F47+E47+D47 -> 0.06 | Q47: =L47+K47+J47 -> 0.06 | S47: =+IFERROR(IF(P47*Q47<0,"n.m.",IF(P47/Q47-1>100%,">100%",P47/Q47-1)),"n.m.") -> 0
B50: 1 Results from discontinued operations include results from BASE Company and E-Plus
B51: 2 Defined as profit after taxes per ordinary share / ADS (in €)
C54: Consolidated figures | D54: =D2 -> Q3 '16 | E54: Q2 '16 | F54: Q1 '16 | H54: 2015 | I54: =+I2 -> Q4 '15 | J54: =+J2 -> Q3 '15 | K54: =+K2 -> Q2 '15 | L54: =+L2 -> Q1 '15 | N54: =+N2 -> y-on-y | P54: =P2 -> YTD '16 | Q54: =Q2 -> YTD '15 | R54: =R2 -> 0 | S54: =S2 -> y-on-y
C55: Cash flow from continuing operations & Leverage | N55: =+N3 -> Q3% | R55: =R3 -> 0 | S55: =S3 -> YTD%
C57: EBITDA | D57: =EBITDA!D16 -> 665 | E57: 579 | F57: =EBITDA!F16 -> 559 | H57: =+L57+K57+J57+I57 -> 2324 | I57: =+EBITDA!I16 -> 578 | J57: =+EBITDA!J16 -> 602 | K57: =+EBITDA!K16 -> 568 | L57: =+EBITDA!L16 -> 576 | N57: =+IFERROR(IF(D57*J57<0,"n.m.",IF(D57/J57-1>100%,">100%",D57/J57-1)),"n.m.") -> 0.10465116 | P57: =F57+E57+D57 -> 1803 | Q57: =L57+K57+J57 -> 1746 | S57: =+IFERROR(IF(P57*Q57<0,"n.m.",IF(P57/Q57-1>100%,">100%",P57/Q57-1)),"n.m.") -> 0.032646048
C58: Interest received (paid) | D58: ='CF, Capex, BS & Debt sum'!D26 -> -136 | E58: ='CF, Capex, BS & Debt sum'!E26 -> -37 | F58: ='CF, Capex, BS & Debt sum'!F26 -> -226 | H58: =+L58+K58+J58+I58 -> -485 | I58: -71 | J58: -113 | K58: -79 | L58: =+'CF, Capex, BS & Debt sum'!L26 -> -222 | N58: =+IFERROR(IF(D58*J58<0,"n.m.",IF(D58/J58-1>100%,">100%",D58/J58-1)),"n.m.") -> 0.20353982 | P58: =F58+E58+D58 -> -399 | Q58: =L58+K58+J58 -> -414 | S58: =+IFERROR(IF(P58*Q58<0,"n.m.",IF(P58/Q58-1>100%,">100%",P58/Q58-1)),"n.m.") -> -0.036231884
C59: Taxes received (paid) | D59: ='CF, Capex, BS & Debt sum'!D25 -> 0 | E59: ='CF, Capex, BS & Debt sum'!E25 -> -6 | F59: ='CF, Capex, BS & Debt sum'!F25 -> 50 | H59: =+L59+K59+J59+I59 -> 18 | I59: 31 | J59: -1 | K59: -2 | L59: =+'CF, Capex, BS & Debt sum'!L25 -> -10 | N59: =+IFERROR(IF(D59*J59<0,"n.m.",IF(D59/J59-1>100%,">100%",D59/J59-1)),"n.m.") -> -1 | P59: =F59+E59+D59 -> 44 | Q59: =L59+K59+J59 -> -13 | S59: =+IFERROR(IF(P59*Q59<0,"n.m.",IF(P59/Q59-1>100%,">100%",P59/Q59-1)),"n.m.") -> n.m.
C60: Change in provisions1 | D60: ='CF, Capex, BS & Debt sum'!D13 -> -15 | E60: ='CF, Capex, BS & Debt sum'!E13 -> -7 | F60: ='CF, Capex, BS & Debt sum'!F13 -> -27 | H60: =+L60+K60+J60+I60 -> -44 | I60: -43 | J60: 9 | K60: -9 | L60: =+'CF, Capex, BS & Debt sum'!L13 -> -1 | N60: =+IFERROR(IF(D60*J60<0,"n.m.",IF(D60/J60-1>100%,">100%",D60/J60-1)),"n.m.") -> n.m. | P60: =F60+E60+D60 -> -49 | Q60: =L60+K60+J60 -> -1 | S60: =+IFERROR(IF(P60*Q60<0,"n.m.",IF(P60/Q60-1>100%,">100%",P60/Q60-1)),"n.m.") -> >100%
C61: Change in working capital1 | D61: ='CF, Capex, BS & Debt sum'!D22 -> -103 | E61: ='CF, Capex, BS & Debt sum'!E22 -> -67 | F61: ='CF, Capex, BS & Debt sum'!F22 -> -78 | H61: =+L61+K61+J61+I61 -> 30 | I61: 81 | J61: 18 | K61: -90 | L61: =+'CF, Capex, BS & Debt sum'!L22 -> 21 | N61: =+IFERROR(IF(D61*J61<0,"n.m.",IF(D61/J61-1>100%,">100%",D61/J61-1)),"n.m.") -> n.m. | P61: =F61+E61+D61 -> -248 | Q61: =L61+K61+J61 -> -51 | S61: =+IFERROR(IF(P61*Q61<0,"n.m.",IF(P61/Q61-1>100%,">100%",P61/Q61-1)),"n.m.") -> >100%
C62: Other movements (incl. Telefónica Deutschland dividend) | D62: -8 | E62: 104 | F62: 0 | H62: =+L62+K62+J62+I62 -> 153 | I62: 1 | J62: 3 | K62: 149 | L62: 0 | N62: =+IFERROR(IF(D62*J62<0,"n.m.",IF(D62/J62-1>100%,">100%",D62/J62-1)),"n.m.") -> n.m. | P62: =F62+E62+D62 -> 96 | Q62: =L62+K62+J62 -> 152 | S62: =+IFERROR(IF(P62*Q62<0,"n.m.",IF(P62/Q62-1>100%,">100%",P62/Q62-1)),"n.m.") -> -0.36842105
C63: Net cash flow from continuing operating activities | D63: =D57+D58+D59+D60+D61+D62 -> 403 | E63: =E57+E58+E59+E60+E61+E62 -> 566 | F63: =F57+F58+F59+F60+F61 -> 278 | H63: =+L63+K63+J63+I63 -> 1996 | I63: =+I57+I58+I59+I60+I61+I62 -> 577 | J63: =+J57+J58+J59+J60+J61+J62 -> 518 | K63: =+K57+K58+K59+K60+K61+K62 -> 537 | L63: =+L57+L58+L59+L60+L61+L62 -> 364 | N63: =+IFERROR(IF(D63*J63<0,"n.m.",IF(D63/J63-1>100%,">100%",D63/J63-1)),"n.m.") -> -0.22200772 | P63: =F63+E63+D63 -> 1247 | Q63: =L63+K63+J63 -> 1419 | S63: =+IFERROR(IF(P63*Q63<0,"n.m.",IF(P63/Q63-1>100%,">100%",P63/Q63-1)),"n.m.") -> -0.12121212
C65: Capex | D65: =-'CF, Capex, BS & Debt sum'!D85 -> -265 | E65: -312 | F65: -318 | H65: =+L65+K65+J65+I65 -> -1300 | I65: -355 | J65: -305 | K65: -306 | L65: =+'CF, Capex, BS & Debt sum'!L67 -> -334 | N65: =+IFERROR(IF(D65*J65<0,"n.m.",IF(D65/J65-1>100%,">100%",D65/J65-1)),"n.m.") -> -0.13114754 | P65: =F65+E65+D65 -> -895 | Q65: =L65+K65+J65 -> -945 | S65: =+IFERROR(IF(P65*Q65<0,"n.m.",IF(P65/Q65-1>100%,">100%",P65/Q65-1)),"n.m.") -> -0.052910053
C66: Proceeds from real estate | D66: 8 | E66: ='CF, Capex, BS & Debt sum'!E68 -> 0 | F66: 0 | H66: =+L66+K66+J66+I66 -> 2 | I66: 1 | J66: 0 | K66: 1 | L66: 0 | N66: =+IFERROR(IF(D66*J66<0,"n.m.",IF(D66/J66-1>100%,">100%",D66/J66-1)),"n.m.") -> n.m. | P66: =F66+E66+D66 -> 8 | Q66: =L66+K66+J66 -> 1 | S66: =+IFERROR(IF(P66*Q66<0,"n.m.",IF(P66/Q66-1>100%,">100%",P66/Q66-1)),"n.m.") -> >100%
C67: Free cash flow from continuing operations | D67: ='CF, Capex, BS & Debt sum'!D69 -> 146 | E67: ='CF, Capex, BS & Debt sum'!E69 -> 254 | F67: ='CF, Capex, BS & Debt sum'!F69 -> -40 | H67: =+L67+K67+J67+I67 -> 698 | I67: =+I63+I65+I66 -> 223 | J67: =+J63+J65+J66 -> 213 | K67: =+K63+K65+K66 -> 232 | L67: =+L63+L65+L66 -> 30 | N67: =+IFERROR(IF(D67*J67<0,"n.m.",IF(D67/J67-1>100%,">100%",D67/J67-1)),"n.m.") -> -0.31455399 | P67: =F67+E67+D67 -> 360 | Q67: =L67+K67+J67 -> 475 | S67: =+IFERROR(IF(P67*Q67<0,"n.m.",IF(P67/Q67-1>100%,">100%",P67/Q67-1)),"n.m.") -> -0.24210526
C69: Paid coupon perpetual hybrid bonds | D69: -67 | E69: 0 | F69: 0 | H69: =+L69+K69+J69+I69 -> -67 | I69: 0 | J69: -67 | K69: 0 | L69: 0 | N69: =+IFERROR(IF(D69*J69<0,"n.m.",IF(D69/J69-1>100%,">100%",D69/J69-1)),"n.m.") -> 0 | P69: =F69+E69+D69 -> -67 | Q69: =L69+K69+J69 -> -67 | S69: =+IFERROR(IF(P69*Q69<0,"n.m.",IF(P69/Q69-1>100%,">100%",P69/Q69-1)),"n.m.") -> 0
C71: Leverage
C72: Net debt / EBITDA | D72: 3 | E72: 2.8 | F72: 2.3 | H72: =I72 -> 2.5 | I72: 2.5 | J72: 2.8 | K72: 2.8 | L72: 2.8 | P72: =D72 -> 3 | Q72: =J72 -> 2.8
B75: 1 Excluding changes in deferred taxes

Sheet Revenues
C2: Consolidated figures | D2: Q3 '16 | E2: Q2 '16 | F2: Q1 '16 | H2: 2015 | I2: Q4 '15 | J2: =+'P&L & Cash flow'!J2 -> Q3 '15 | K2: =+'P&L & Cash flow'!K2 -> Q2 '15 | L2: =+'P&L & Cash flow'!L2 -> Q1 '15 | N2: =+'P&L & Cash flow'!N2 -> y-on-y | P2: YTD '16 | Q2: YTD '15 | S2: y-on-y
C3: Revenues | N3: =+'P&L & Cash flow'!N3 -> Q3% | S3: YTD%
C5: Consumer | D5: ='Growth analysis Q3'!D5 -> 802 | E5: ='Growth analysis Q2'!D5 -> 767 | F5: 771 | H5: =+L5+K5+J5+I5 -> 3095 | I5: 781 | J5: 790 | K5: 774 | L5: 750 | N5: =+IFERROR(IF(D5*J5<0,"n.m.",IF(D5/J5-1>100%,">100%",D5/J5-1)),"n.m.") -> 0.015189873 | P5: =F5+E5+D5 -> 2340 | Q5: =L5+K5+J5 -> 2314 | S5: =+IFERROR(IF(P5*Q5<0,"n.m.",IF(P5/Q5-1>100%,">100%",P5/Q5-1)),"n.m.") -> 0.011235955
C6: Business | D6: ='Growth analysis Q3'!D6 -> 569 | E6: ='Growth analysis Q2'!D6 -> 573 | F6: 589 | H6: =+L6+K6+J6+I6 -> 2482 | I6: 630 | J6: 612 | K6: 608 | L6: 632 | N6: =+IFERROR(IF(D6*J6<0,"n.m.",IF(D6/J6-1>100%,">100%",D6/J6-1)),"n.m.") -> -0.070261438 | P6: =F6+E6+D6 -> 1731 | Q6: =L6+K6+J6 -> 1852 | S6: =+IFERROR(IF(P6*Q6<0,"n.m.",IF(P6/Q6-1>100%,">100%",P6/Q6-1)),"n.m.") -> -0.065334773
C7: Wholesale | D7: ='Growth analysis Q3'!D7 -> 194 | E7: ='Growth analysis Q2'!D7 -> 184 | F7: 180 | H7: =+L7+K7+J7+I7 -> 730 | I7: 180 | J7: 182 | K7: 184 | L7: 184 | N7: =+IFERROR(IF(D7*J7<0,"n.m.",IF(D7/J7-1>100%,">100%",D7/J7-1)),"n.m.") -> 0.065934066 | P7: =F7+E7+D7 -> 558 | Q7: =L7+K7+J7 -> 550 | S7: =+IFERROR(IF(P7*Q7<0,"n.m.",IF(P7/Q7-1>100%,">100%",P7/Q7-1)),"n.m.") -> 0.014545455
C8: Network, Operations & IT | D8: ='Growth analysis Q3'!D8 -> 5 | E8: ='Growth analysis Q2'!D8 -> 5 | F8: 4 | H8: =+L8+K8+J8+I8 -> 16 | I8: 5 | J8: 4 | K8: 3 | L8: 4 | N8: =+IFERROR(IF(D8*J8<0,"n.m.",IF(D8/J8-1>100%,">100%",D8/J8-1)),"n.m.") -> 0.25 | P8: =F8+E8+D8 -> 14 | Q8: =L8+K8+J8 -> 11 | S8: =+IFERROR(IF(P8*Q8<0,"n.m.",IF(P8/Q8-1>100%,">100%",P8/Q8-1)),"n.m.") -> 0.27272727
C9: Other (incl. eliminations) | D9: ='Growth analysis Q3'!D9 -> -45 | E9: ='Growth analysis Q2'!D9 -> -43 | F9: -41 | H9: =+L9+K9+J9+I9 -> -161 | I9: -47 | J9: -40 | K9: -37 | L9: -37 | N9: =+IFERROR(IF(D9*J9<0,"n.m.",IF(D9/J9-1>100%,">100%",D9/J9-1)),"n.m.") -> 0.125 | P9: =F9+E9+D9 -> -129 | Q9: =L9+K9+J9 -> -114 | S9: =+IFERROR(IF(P9*Q9<0,"n.m.",IF(P9/Q9-1>100%,">100%",P9/Q9-1)),"n.m.") -> 0.13157895
C10: The Netherlands | D10: ='Growth analysis Q3'!D10 -> 1525 | E10: ='Growth analysis Q2'!D10 -> 1486 | F10: =F5+F6+F7+F8+F9 -> 1503 | H10: =+L10+K10+J10+I10 -> 6162 | I10: =I5+I7+I6+I8+I9 -> 1549 | J10: =J5+J7+J6+J8+J9 -> 1548 | K10: =K5+K7+K6+K8+K9 -> 1532 | L10: =L5+L7+L6+L8+L9 -> 1533 | N10: =+IFERROR(IF(D10*J10<0,"n.m.",IF(D10/J10-1>100%,">100%",D10/J10-1)),"n.m.") -> -0.014857881 | P10: =F10+E10+D10 -> 4514 | Q10: =L10+K10+J10 -> 4613 | S10: =+IFERROR(IF(P10*Q10<0,"n.m.",IF(P10/Q10-1>100%,">100%",P10/Q10-1)),"n.m.") -> -0.021461088
C12: iBasis | D12: ='Growth analysis Q3'!D12 -> 224 | E12: ='Growth analysis Q2'!D12 -> 218 | F12: 215 | H12: =+L12+K12+J12+I12 -> 920 | I12: 218 | J12: 241 | K12: 234 | L12: 227 | N12: =+IFERROR(IF(D12*J12<0,"n.m.",IF(D12/J12-1>100%,">100%",D12/J12-1)),"n.m.") -> -0.070539419 | P12: =F12+E12+D12 -> 657 | Q12: =L12+K12+J12 -> 702 | S12: =+IFERROR(IF(P12*Q12<0,"n.m.",IF(P12/Q12-1>100%,">100%",P12/Q12-1)),"n.m.") -> -0.064102564
C14: Other activities | D14: ='Growth analysis Q3'!D14 -> 0 | E14: ='Growth analysis Q2'!D14 -> 0 | F14: 1 | H14: =+L14+K14+J14+I14 -> 35 | I14: 3 | J14: 3 | K14: 2 | L14: 27 | N14: =+IFERROR(IF(D14*J14<0,"n.m.",IF(D14/J14-1>100%,">100%",D14/J14-1)),"n.m.") -> -1 | P14: =F14+E14+D14 -> 1 | Q14: =L14+K14+J14 -> 32 | S14: =+IFERROR(IF(P14*Q14<0,"n.m.",IF(P14/Q14-1>100%,">100%",P14/Q14-1)),"n.m.") -> -0.96875
C16: Intercompany revenues | D16: ='Growth analysis Q3'!D16 -> -31 | E16: ='Growth analysis Q2'!D16 -> -28 | F16: -30 | H16: =+L16+K16+J16+I16 -> -109 | I16: -25 | J16: -28 | K16: -27 | L16: -29 | N16: =+IFERROR(IF(D16*J16<0,"n.m.",IF(D16/J16-1>100%,">100%",D16/J16-1)),"n.m.") -> 0.10714286 | P16: =F16+E16+D16 -> -89 | Q16: =L16+K16+J16 -> -84 | S16: =+IFERROR(IF(P16*Q16<0,"n.m.",IF(P16/Q16-1>100%,">100%",P16/Q16-1)),"n.m.") -> 0.05952381
C18: Total revenues | D18: ='Growth analysis Q3'!D18 -> 1718 | E18: ='Growth analysis Q2'!D18 -> 1676 | F18: =F10+F12+F14+F16 -> 1689 | H18: =H10+H12+H14+H16 -> 7008 | I18: =I10+I12+I14+I16 -> 1745 | J18: =J10+J12+J14+J16 -> 1764 | K18: =K10+K12+K14+K16 -> 1741 | L18: =L10+L12+L14+L16 -> 1758 | N18: =+IFERROR(IF(D18*J18<0,"n.m.",IF(D18/J18-1>100%,">100%",D18/J18-1)),"n.m.") -> -0.026077098 | P18: =F18+E18+D18 -> 5083 | Q18: =L18+K18+J18 -> 5263 | S18: =+IFERROR(IF(P18*Q18<0,"n.m.",IF(P18/Q18-1>100%,">100%",P18/Q18-1)),"n.m.") -> -0.034201026
C23: Consolidated figures | D23: Q3 '16 | E23: Q2 '16 | F23: Q1 '16 | H23: =H2 -> 2015 | I23: =I2 -> Q4 '15 | J23: =J2 -> Q3 '15 | K23: =K2 -> Q2 '15 | L23: =L2 -> Q1 '15 | M23: =M2 -> 0 | N23: =N2 -> y-on-y | P23: YTD '16 | Q23: YTD '15 | S23: y-on-y
C24: Adjusted revenues | N24: =N3 -> Q3% | S24: YTD %
C26: Consumer | D26: ='Growth analysis Q3'!G5 -> 802 | E26: ='Growth analysis Q2'!G5 -> 767 | F26: ='Growth analysis Q1'!G5 -> 771 | H26: =+L26+K26+J26+I26 -> 3095 | I26: ='Growth analysis Q4'!L5 -> 781 | J26: =+'Growth analysis Q3'!L5 -> 790 | K26: =+'Growth analysis Q2'!L5 -> 774 | L26: =+'Growth analysis Q1'!L5 -> 750 | N26: =+IFERROR(IF(D26*J26<0,"n.m.",IF(D26/J26-1>100%,">100%",D26/J26-1)),"n.m.") -> 0.015189873 | P26: =F26+E26+D26 -> 2340 | Q26: =L26+K26+J26 -> 2314 | S26: =+IFERROR(IF(P26*Q26<0,"n.m.",IF(P26/Q26-1>100%,">100%",P26/Q26-1)),"n.m.") -> 0.011235955
C27: Business | D27: ='Growth analysis Q3'!G6 -> 569 | E27: ='Growth analysis Q2'!G6 -> 573 | F27: ='Growth analysis Q1'!G6 -> 589 | H27: =+L27+K27+J27+I27 -> 2492 | I27: ='Growth analysis Q4'!L6 -> 630 | J27: =+'Growth analysis Q3'!L6 -> 612 | K27: =+'Growth analysis Q2'!L6 -> 618 | L27: =+'Growth analysis Q1'!L6 -> 632 | N27: =+IFERROR(IF(D27*J27<0,"n.m.",IF(D27/J27-1>100%,">100%",D27/J27-1)),"n.m.") -> -0.070261438 | P27: =F27+E27+D27 -> 1731 | Q27: =L27+K27+J27 -> 1862 | S27: =+IFERROR(IF(P27*Q27<0,"n.m.",IF(P27/Q27-1>100%,">100%",P27/Q27-1)),"n.m.") -> -0.070354458
C28: Wholesale | D28: ='Growth analysis Q3'!G7 -> 187 | E28: ='Growth analysis Q2'!G7 -> 184 | F28: ='Growth analysis Q1'!G7 -> 180 | H28: =+L28+K28+J28+I28 -> 730 | I28: ='Growth analysis Q4'!L7 -> 180 | J28: =+'Growth analysis Q3'!L7 -> 182 | K28: =+'Growth analysis Q2'!L7 -> 184 | L28: =+'Growth analysis Q1'!L7 -> 184 | N28: =+IFERROR(IF(D28*J28<0,"n.m.",IF(D28/J28-1>100%,">100%",D28/J28-1)),"n.m.") -> 0.027472527 | P28: =F28+E28+D28 -> 551 | Q28: =L28+K28+J28 -> 550 | S28: =+IFERROR(IF(P28*Q28<0,"n.m.",IF(P28/Q28-1>100%,">100%",P28/Q28-1)),"n.m.") -> 0.0018181818
C29: Network, Operations & IT | D29: ='Growth analysis Q3'!G8 -> 5 | E29: ='Growth analysis Q2'!G8 -> 5 | F29: ='Growth analysis Q1'!G8 -> 4 | H29: =+L29+K29+J29+I29 -> 16 | I29: ='Growth analysis Q4'!L8 -> 5 | J29: =+'Growth analysis Q3'!L8 -> 4 | K29: =+'Growth analysis Q2'!L8 -> 3 | L29: =+'Growth analysis Q1'!L8 -> 4 | N29: =+IFERROR(IF(D29*J29<0,"n.m.",IF(D29/J29-1>100%,">100%",D29/J29-1)),"n.m.") -> 0.25 | P29: =F29+E29+D29 -> 14 | Q29: =L29+K29+J29 -> 11 | S29: =+IFERROR(IF(P29*Q29<0,"n.m.",IF(P29/Q29-1>100%,">100%",P29/Q29-1)),"n.m.") -> 0.27272727
C30: Other (incl. eliminations) | D30: ='Growth analysis Q3'!G9 -> -45 | E30: ='Growth analysis Q2'!G9 -> -43 | F30: ='Growth analysis Q1'!G9 -> -41 | H30: =+L30+K30+J30+I30 -> -161 | I30: ='Growth analysis Q4'!L9 -> -47 | J30: =+'Growth analysis Q3'!L9 -> -40 | K30: =+'Growth analysis Q2'!L9 -> -37 | L30: =+'Growth analysis Q1'!L9 -> -37 | N30: =+IFERROR(IF(D30*J30<0,"n.m.",IF(D30/J30-1>100%,">100%",D30/J30-1)),"n.m.") -> 0.125 | P30: =F30+E30+D30 -> -129 | Q30: =L30+K30+J30 -> -114 | S30: =+IFERROR(IF(P30*Q30<0,"n.m.",IF(P30/Q30-1>100%,">100%",P30/Q30-1)),"n.m.") -> 0.13157895
C31: The Netherlands | D31: ='Growth analysis Q3'!G10 -> 1518 | E31: ='Growth analysis Q2'!G10 -> 1486 | F31: ='Growth analysis Q1'!G10 -> 1503 | H31: =+L31+K31+J31+I31 -> 6172 | I31: ='Growth analysis Q4'!L10 -> 1549 | J31: =+'Growth analysis Q3'!L10 -> 1548 | K31: =+'Growth analysis Q2'!L10 -> 1542 | L31: =+'Growth analysis Q1'!L10 -> 1533 | N31: =+IFERROR(IF(D31*J31<0,"n.m.",IF(D31/J31-1>100%,">100%",D31/J31-1)),"n.m.") -> -0.019379845 | P31: =F31+E31+D31 -> 4507 | Q31: =L31+K31+J31 -> 4623 | S31: =+IFERROR(IF(P31*Q31<0,"n.m.",IF(P31/Q31-1>100%,">100%",P31/Q31-1)),"n.m.") -> -0.025091932
C33: iBasis | D33: ='Growth analysis Q3'!G12 -> 224 | E33: ='Growth analysis Q2'!G12 -> 218 | F33: ='Growth analysis Q1'!G12 -> 215 | H33: =+L33+K33+J33+I33 -> 920 | I33: ='Growth analysis Q4'!L12 -> 218 | J33: =+'Growth analysis Q3'!L12 -> 241 | K33: =+'Growth analysis Q2'!L12 -> 234 | L33: =+'Growth analysis Q1'!L12 -> 227 | N33: =+IFERROR(IF(D33*J33<0,"n.m.",IF(D33/J33-1>100%,">100%",D33/J33-1)),"n.m.") -> -0.070539419 | P33: =F33+E33+D33 -> 657 | Q33: =L33+K33+J33 -> 702 | S33: =+IFERROR(IF(P33*Q33<0,"n.m.",IF(P33/Q33-1>100%,">100%",P33/Q33-1)),"n.m.") -> -0.064102564
C35: Other activities | D35: ='Growth analysis Q3'!G14 -> 0 | E35: ='Growth analysis Q2'!G14 -> 0 | F35: ='Growth analysis Q1'!G14 -> 1 | H35: =+L35+K35+J35+I35 -> 35 | I35: ='Growth analysis Q4'!L14 -> 3 | J35: =+'Growth analysis Q3'!L14 -> 3 | K35: =+'Growth analysis Q2'!L14 -> 2 | L35: =+'Growth analysis Q1'!L14 -> 27 | N35: =+IFERROR(IF(D35*J35<0,"n.m.",IF(D35/J35-1>100%,">100%",D35/J35-1)),"n.m.") -> -1 | P35: =F35+E35+D35 -> 1 | Q35: =L35+K35+J35 -> 32 | S35: =+IFERROR(IF(P35*Q35<0,"n.m.",IF(P35/Q35-1>100%,">100%",P35/Q35-1)),"n.m.") -> -0.96875
C37: Intercompany revenues | D37: ='Growth analysis Q3'!G16 -> -31 | E37: ='Growth analysis Q2'!G16 -> -28 | F37: ='Growth analysis Q1'!G16 -> -30 | H37: =L37+K37+J37+I37 -> -109 | I37: ='Growth analysis Q4'!L16 -> -25 | J37: =+'Growth analysis Q3'!L16 -> -28 | K37: ='Growth analysis Q2'!L16 -> -27 | L37: ='Growth analysis Q1'!L16 -> -29 | N37: =+IFERROR(IF(D37*J37<0,"n.m.",IF(D37/J37-1>100%,">100%",D37/J37-1)),"n.m.") -> 0.10714286 | P37: =F37+E37+D37 -> -89 | Q37: =L37+K37+J37 -> -84 | S37: =+IFERROR(IF(P37*Q37<0,"n.m.",IF(P37/Q37-1>100%,">100%",P37/Q37-1)),"n.m.") -> 0.05952381
C39: Total adjusted revenues | D39: ='Growth analysis Q3'!G18 -> 1711 | E39: ='Growth analysis Q2'!G18 -> 1676 | F39: ='Growth analysis Q1'!G18 -> 1689 | H39: =+L39+K39+J39+I39 -> 7018 | I39: ='Growth analysis Q4'!L18 -> 1745 | J39: =+'Growth analysis Q3'!L18 -> 1764 | K39: =+'Growth analysis Q2'!L18 -> 1751 | L39: =+'Growth analysis Q1'!L18 -> 1758 | N39: =+IFERROR(IF(D39*J39<0,"n.m.",IF(D39/J39-1>100%,">100%",D39/J39-1)),"n.m.") -> -0.030045351 | P39: =F39+E39+D39 -> 5076 | Q39: =L39+K39+J39 -> 5273 | S39: =+IFERROR(IF(P39*Q39<0,"n.m.",IF(P39/Q39-1>100%,">100%",P39/Q39-1)),"n.m.") -> -0.037360137

Sheet Opex (excl. D&A)
C2: Consolidated figures | D2: Q3 '16 | E2: Q2 '16 | F2: Q1 '16 | H2: =+Revenues!H2 -> 2015 | I2: Q4 '15 | J2: =+Revenues!J2 -> Q3 '15 | K2: =+Revenues!K2 -> Q2 '15 | L2: =+Revenues!L2 -> Q1 '15 | N2: y-on-y | P2: YTD '16 | Q2: YTD '15 | S2: y-on-y
C3: Operating expenses excl. D&A by segment | N3: =+Revenues!N3 -> Q3% | S3: YTD%
C5: Consumer | D5: 307 | E5: 321 | F5: 322 | H5: =+L5+K5+J5+I5 -> 1298 | I5: 350 | J5: 313 | K5: 314 | L5: 321 | N5: =+IFERROR(IF(D5*J5<0,"n.m.",IF(D5/J5-1>100%,">100%",D5/J5-1)),"n.m.") -> -0.019169329 | P5: =F5+E5+D5 -> 950 | Q5: =L5+K5+J5 -> 948 | S5: =+IFERROR(IF(P5*Q5<0,"n.m.",IF(P5/Q5-1>100%,">100%",P5/Q5-1)),"n.m.") -> 0.0021097046
C6: Business | D6: 221 | E6: 222 | F6: 237 | H6: =+L6+K6+J6+I6 -> 1014 | I6: 262 | J6: 232 | K6: 267 | L6: 253 | N6: =+IFERROR(IF(D6*J6<0,"n.m.",IF(D6/J6-1>100%,">100%",D6/J6-1)),"n.m.") -> -0.047413793 | P6: =F6+E6+D6 -> 680 | Q6: =L6+K6+J6 -> 752 | S6: =+IFERROR(IF(P6*Q6<0,"n.m.",IF(P6/Q6-1>100%,">100%",P6/Q6-1)),"n.m.") -> -0.095744681
C7: Wholesale | D7: 60 | E7: 56 | F7: 55 | H7: =+L7+K7+J7+I7 -> 235 | I7: 56 | J7: 61 | K7: 59 | L7: 59 | N7: =+IFERROR(IF(D7*J7<0,"n.m.",IF(D7/J7-1>100%,">100%",D7/J7-1)),"n.m.") -> -0.016393443 | P7: =F7+E7+D7 -> 171 | Q7: =L7+K7+J7 -> 179 | S7: =+IFERROR(IF(P7*Q7<0,"n.m.",IF(P7/Q7-1>100%,">100%",P7/Q7-1)),"n.m.") -> -0.044692737
C8: Network, Operations & IT | D8: 264 | E8: 292 | F8: 311 | H8: =+L8+K8+J8+I8 -> 1203 | I8: 304 | J8: 299 | K8: 295 | L8: 305 | N8: =+IFERROR(IF(D8*J8<0,"n.m.",IF(D8/J8-1>100%,">100%",D8/J8-1)),"n.m.") -> -0.11705686 | P8: =F8+E8+D8 -> 867 | Q8: =L8+K8+J8 -> 899 | S8: =+IFERROR(IF(P8*Q8<0,"n.m.",IF(P8/Q8-1>100%,">100%",P8/Q8-1)),"n.m.") -> -0.035595106
C9: Other (incl. eliminations) | D9: 12 | E9: 21 | F9: 20 | H9: =+L9+K9+J9+I9 -> 111 | I9: 19 | J9: 37 | K9: 30 | L9: 25 | N9: =+IFERROR(IF(D9*J9<0,"n.m.",IF(D9/J9-1>100%,">100%",D9/J9-1)),"n.m.") -> -0.67567568 | P9: =F9+E9+D9 -> 53 | Q9: =L9+K9+J9 -> 92 | S9: =+IFERROR(IF(P9*Q9<0,"n.m.",IF(P9/Q9-1>100%,">100%",P9/Q9-1)),"n.m.") -> -0.42391304
C10: The Netherlands | D10: =D5+D6+D7+D8+D9 -> 864 | E10: =E5+E6+E7+E8+E9 -> 912 | F10: =F5+F6+F7+F8+F9 -> 945 | H10: =+L10+K10+J10+I10 -> 3861 | I10: =I5+I7+I6+I8+I9 -> 991 | J10: =J5+J7+J6+J8+J9 -> 942 | K10: =K5+K7+K6+K8+K9 -> 965 | L10: =L5+L7+L6+L8+L9 -> 963 | N10: =+IFERROR(IF(D10*J10<0,"n.m.",IF(D10/J10-1>100%,">100%",D10/J10-1)),"n.m.") -> -0.082802548 | P10: =F10+E10+D10 -> 2721 | Q10: =L10+K10+J10 -> 2870 | S10: =+IFERROR(IF(P10*Q10<0,"n.m.",IF(P10/Q10-1>100%,">100%",P10/Q10-1)),"n.m.") -> -0.051916376
C12: iBasis | D12: 218 | E12: 212 | F12: 209 | H12: =+L12+K12+J12+I12 -> 897 | I12: 212 | J12: 235 | K12: 228 | L12: 222 | N12: =+IFERROR(IF(D12*J12<0,"n.m.",IF(D12/J12-1>100%,">100%",D12/J12-1)),"n.m.") -> -0.072340426 | P12: =F12+E12+D12 -> 639 | Q12: =L12+K12+J12 -> 685 | S12: =+IFERROR(IF(P12*Q12<0,"n.m.",IF(P12/Q12-1>100%,">100%",P12/Q12-1)),"n.m.") -> -0.067153285
C14: Other activities | D14: 2 | E14: 1 | F14: 6 | H14: =+L14+K14+J14+I14 -> 35 | I14: -11 | J14: 13 | K14: 7 | L14: 26 | N14: =+IFERROR(IF(D14*J14<0,"n.m.",IF(D14/J14-1>100%,">100%",D14/J14-1)),"n.m.") -> -0.84615385 | P14: =F14+E14+D14 -> 9 | Q14: =L14+K14+J14 -> 46 | S14: =+IFERROR(IF(P14*Q14<0,"n.m.",IF(P14/Q14-1>100%,">100%",P14/Q14-1)),"n.m.") -> -0.80434783
C16: Intercompany expenses | D16: -31 | E16: -28 | F16: -30 | H16: =+L16+K16+J16+I16 -> -109 | I16: -25 | J16: -28 | K16: -27 | L16: -29 | N16: =+IFERROR(IF(D16*J16<0,"n.m.",IF(D16/J16-1>100%,">100%",D16/J16-1)),"n.m.") -> 0.10714286 | P16: =F16+E16+D16 -> -89 | Q16: =L16+K16+J16 -> -84 | S16: =+IFERROR(IF(P16*Q16<0,"n.m.",IF(P16/Q16-1>100%,">100%",P16/Q16-1)),"n.m.") -> 0.05952381
C18: Total operating expenses | D18: =D10+D12+D14+D16 -> 1053 | E18: =E10+E12+E14+E16 -> 1097 | F18: =F10+F12+F14+F16 -> 1130 | H18: =H16+H14+H12+H10 -> 4684 | I18: =I16+I14+I12+I10 -> 1167 | J18: =J16+J14+J12+J10 -> 1162 | K18: =K16+K14+K12+K10 -> 1173 | L18: =L16+L14+L12+L10 -> 1182 | N18: =+IFERROR(IF(D18*J18<0,"n.m.",IF(D18/J18-1>100%,">100%",D18/J18-1)),"n.m.") -> -0.093803787 | P18: =F18+E18+D18 -> 3280 | Q18: =L18+K18+J18 -> 3517 | S18: =+IFERROR(IF(P18*Q18<0,"n.m.",IF(P18/Q18-1>100%,">100%",P18/Q18-1)),"n.m.") -> -0.067386978
C23: Consolidated figures | D23: Q3 '16 | E23: Q2 '16 | F23: Q1 '16 | H23: =H2 -> 2015 | I23: =I2 -> Q4 '15 | J23: =J2 -> Q3 '15 | K23: =K2 -> Q2 '15 | L23: =L2 -> Q1 '15 | M23: =M2 -> 0 | N23: =N2 -> y-on-y | P23: YTD '16 | Q23: YTD '15 | S23: y-on-y
C24: Operating expenses excl. D&A by function | N24: =N3 -> Q3% | S24: YTD%
C26: Costs of goods & services | D26: 356 | E26: 362 | F26: 366 | H26: =+L26+K26+J26+I26 -> 1475 | I26: 398 | J26: 357 | K26: 359 | L26: 361 | N26: =+IFERROR(IF(D26*J26<0,"n.m.",IF(D26/J26-1>100%,">100%",D26/J26-1)),"n.m.") -> -0.0028011204 | P26: =F26+E26+D26 -> 1084 | Q26: =L26+K26+J26 -> 1077 | S26: =+IFERROR(IF(P26*Q26<0,"n.m.",IF(P26/Q26-1>100%,">100%",P26/Q26-1)),"n.m.") -> 0.0064995357
C27: Personnel expenses | D27: 259 | E27: 291 | F27: 314 | H27: =+L27+K27+J27+I27 -> 1208 | I27: 303 | J27: 288 | K27: 304 | L27: 313 | N27: =+IFERROR(IF(D27*J27<0,"n.m.",IF(D27/J27-1>100%,">100%",D27/J27-1)),"n.m.") -> -0.10069444 | P27: =F27+E27+D27 -> 864 | Q27: =L27+K27+J27 -> 905 | S27: =+IFERROR(IF(P27*Q27<0,"n.m.",IF(P27/Q27-1>100%,">100%",P27/Q27-1)),"n.m.") -> -0.045303867
C28: IT/TI | D28: 119 | E28: 128 | F28: 133 | H28: =+L28+K28+J28+I28 -> 531 | I28: 135 | J28: 140 | K28: 125 | L28: 131 | N28: =+IFERROR(IF(D28*J28<0,"n.m.",IF(D28/J28-1>100%,">100%",D28/J28-1)),"n.m.") -> -0.15 | P28: =F28+E28+D28 -> 380 | Q28: =L28+K28+J28 -> 396 | S28: =+IFERROR(IF(P28*Q28<0,"n.m.",IF(P28/Q28-1>100%,">100%",P28/Q28-1)),"n.m.") -> -0.04040404
C29: Other operating expenses | D29: 130 | E29: 131 | F29: 132 | H29: =+L29+K29+J29+I29 -> 647 | I29: 155 | J29: 157 | K29: 177 | L29: 158 | N29: =+IFERROR(IF(D29*J29<0,"n.m.",IF(D29/J29-1>100%,">100%",D29/J29-1)),"n.m.") -> -0.17197452 | P29: =F29+E29+D29 -> 393 | Q29: =L29+K29+J29 -> 492 | S29: =+IFERROR(IF(P29*Q29<0,"n.m.",IF(P29/Q29-1>100%,">100%",P29/Q29-1)),"n.m.") -> -0.20121951
C30: The Netherlands | D30: =D26+D27+D28+D29 -> 864 | E30: =E26+E27+E28+E29 -> 912 | F30: =F26+F27+F28+F29 -> 945 | H30: =+L30+K30+J30+I30 -> 3861 | I30: =I26+I27+I28+I29 -> 991 | J30: =J26+J27+J28+J29 -> 942 | K30: =K26+K27+K28+K29 -> 965 | L30: =L26+L27+L28+L29 -> 963 | N30: =+IFERROR(IF(D30*J30<0,"n.m.",IF(D30/J30-1>100%,">100%",D30/J30-1)),"n.m.") -> -0.082802548 | P30: =F30+E30+D30 -> 2721 | Q30: =L30+K30+J30 -> 2870 | S30: =+IFERROR(IF(P30*Q30<0,"n.m.",IF(P30/Q30-1>100%,">100%",P30/Q30-1)),"n.m.") -> -0.051916376
C32: iBasis | D32: 218 | E32: 212 | F32: 209 | H32: =+L32+K32+J32+I32 -> 897 | I32: 212 | J32: 235 | K32: 228 | L32: 222 | N32: =+IFERROR(IF(D32*J32<0,"n.m.",IF(D32/J32-1>100%,">100%",D32/J32-1)),"n.m.") -> -0.072340426 | P32: =F32+E32+D32 -> 639 | Q32: =L32+K32+J32 -> 685 | S32: =+IFERROR(IF(P32*Q32<0,"n.m.",IF(P32/Q32-1>100%,">100%",P32/Q32-1)),"n.m.") -> -0.067153285
C34: Other activities | D34: 2 | E34: 1 | F34: 6 | H34: =+L34+K34+J34+I34 -> 35 | I34: -11 | J34: 13 | K34: 7 | L34: 26 | N34: =+IFERROR(IF(D34*J34<0,"n.m.",IF(D34/J34-1>100%,">100%",D34/J34-1)),"n.m.") -> -0.84615385 | P34: =F34+E34+D34 -> 9 | Q34: =L34+K34+J34 -> 46 | S34: =+IFERROR(IF(P34*Q34<0,"n.m.",IF(P34/Q34-1>100%,">100%",P34/Q34-1)),"n.m.") -> -0.80434783
C36: Intercompany expenses | D36: -31 | E36: -28 | F36: -30 | H36: =+L36+K36+J36+I36 -> -109 | I36: -25 | J36: -28 | K36: -27 | L36: -29 | N36: =+IFERROR(IF(D36*J36<0,"n.m.",IF(D36/J36-1>100%,">100%",D36/J36-1)),"n.m.") -> 0.10714286 | P36: =F36+E36+D36 -> -89 | Q36: =L36+K36+J36 -> -84 | S36: =+IFERROR(IF(P36*Q36<0,"n.m.",IF(P36/Q36-1>100%,">100%",P36/Q36-1)),"n.m.") -> 0.05952381
C38: Total operating expenses | D38: =D30+D32+D34+D36 -> 1053 | E38: =E30+E32+E34+E36 -> 1097 | F38: =F30+F32+F34+F36 -> 1130 | H38: =H34+H32+H30+H36 -> 4684 | I38: =I34+I32+I30+I36 -> 1167 | J38: =J34+J32+J30+J36 -> 1162 | K38: =K34+K32+K30+K36 -> 1173 | L38: =L34+L32+L30+L36 -> 1182 | N38: =+IFERROR(IF(D38*J38<0,"n.m.",IF(D38/J38-1>100%,">100%",D38/J38-1)),"n.m.") -> -0.093803787 | P38: =F38+E38+D38 -> 3280 | Q38: =L38+K38+J38 -> 3517 | S38: =+IFERROR(IF(P38*Q38<0,"n.m.",IF(P38/Q38-1>100%,">100%",P38/Q38-1)),"n.m.") -> -0.067386978

Sheet EBITDA
C2: Consolidated figures | D2: Q3 '16 | E2: Q2 '16 | F2: Q1 '16 | H2: =+'Opex (excl. D&A)'!H2 -> 2015 | I2: Q4 '15 | J2: =+Revenues!J2 -> Q3 '15 | K2: =+Revenues!K2 -> Q2 '15 | L2: =+Revenues!L2 -> Q1 '15 | N2: =+'Opex (excl. D&A)'!N2 -> y-on-y | P2: YTD '16 | Q2: YTD '15 | S2: y-on-y
C3: EBITDA | N3: =+Revenues!N3 -> Q3% | S3: YTD%
C5: Consumer (contribution margin) | D5: =Revenues!D5-'Opex (excl. D&A)'!D5 -> 495 | E5: =Revenues!E5-'Opex (excl. D&A)'!E5 -> 446 | F5: =Revenues!F5-'Opex (excl. D&A)'!F5 -> 449 | H5: =Revenues!H5-'Opex (excl. D&A)'!H5 -> 1797 | I5: =Revenues!I5-'Opex (excl. D&A)'!I5 -> 431 | J5: =+Revenues!J5-'Opex (excl. D&A)'!J5 -> 477 | K5: =+Revenues!K5-'Opex (excl. D&A)'!K5 -> 460 | L5: =+Revenues!L5-'Opex (excl. D&A)'!L5 -> 429 | N5: =+IFERROR(IF(D5*J5<0,"n.m.",IF(D5/J5-1>100%,">100%",D5/J5-1)),"n.m.") -> 0.037735849 | P5: =F5+E5+D5 -> 1390 | Q5: =L5+K5+J5 -> 1366 | S5: =+IFERROR(IF(P5*Q5<0,"n.m.",IF(P5/Q5-1>100%,">100%",P5/Q5-1)),"n.m.") -> 0.017569546
C6: Business (contribution margin) | D6: =Revenues!D6-'Opex (excl. D&A)'!D6 -> 348 | E6: =Revenues!E6-'Opex (excl. D&A)'!E6 -> 351 | F6: =Revenues!F6-'Opex (excl. D&A)'!F6 -> 352 | H6: =+L6+K6+J6+I6 -> 1468 | I6: =Revenues!I6-'Opex (excl. D&A)'!I6 -> 368 | J6: =+Revenues!J6-'Opex (excl. D&A)'!J6 -> 380 | K6: =+Revenues!K6-'Opex (excl. D&A)'!K6 -> 341 | L6: =+Revenues!L6-'Opex (excl. D&A)'!L6 -> 379 | N6: =+IFERROR(IF(D6*J6<0,"n.m.",IF(D6/J6-1>100%,">100%",D6/J6-1)),"n.m.") -> -0.084210526 | P6: =F6+E6+D6 -> 1051 | Q6: =L6+K6+J6 -> 1100 | S6: =+IFERROR(IF(P6*Q6<0,"n.m.",IF(P6/Q6-1>100%,">100%",P6/Q6-1)),"n.m.") -> -0.044545455
C7: Wholesale (contribution margin) | D7: =Revenues!D7-'Opex (excl. D&A)'!D7 -> 134 | E7: =Revenues!E7-'Opex (excl. D&A)'!E7 -> 128 | F7: =Revenues!F7-'Opex (excl. D&A)'!F7 -> 125 | H7: =+L7+K7+J7+I7 -> 495 | I7: =Revenues!I7-'Opex (excl. D&A)'!I7 -> 124 | J7: =+Revenues!J7-'Opex (excl. D&A)'!J7 -> 121 | K7: =+Revenues!K7-'Opex (excl. D&A)'!K7 -> 125 | L7: =+Revenues!L7-'Opex (excl. D&A)'!L7 -> 125 | N7: =+IFERROR(IF(D7*J7<0,"n.m.",IF(D7/J7-1>100%,">100%",D7/J7-1)),"n.m.") -> 0.10743802 | P7: =F7+E7+D7 -> 387 | Q7: =L7+K7+J7 -> 371 | S7: =+IFERROR(IF(P7*Q7<0,"n.m.",IF(P7/Q7-1>100%,">100%",P7/Q7-1)),"n.m.") -> 0.043126685
C8: Network, Operations & IT (cost center) | D8: =Revenues!D8-'Opex (excl. D&A)'!D8 -> -259 | E8: =Revenues!E8-'Opex (excl. D&A)'!E8 -> -287 | F8: =Revenues!F8-'Opex (excl. D&A)'!F8 -> -307 | H8: =+L8+K8+J8+I8 -> -1187 | I8: =Revenues!I8-'Opex (excl. D&A)'!I8 -> -299 | J8: =+Revenues!J8-'Opex (excl. D&A)'!J8 -> -295 | K8: =+Revenues!K8-'Opex (excl. D&A)'!K8 -> -292 | L8: =+Revenues!L8-'Opex (excl. D&A)'!L8 -> -301 | N8: =+IFERROR(IF(D8*J8<0,"n.m.",IF(D8/J8-1>100%,">100%",D8/J8-1)),"n.m.") -> -0.1220339 | P8: =F8+E8+D8 -> -853 | Q8: =L8+K8+J8 -> -888 | S8: =+IFERROR(IF(P8*Q8<0,"n.m.",IF(P8/Q8-1>100%,">100%",P8/Q8-1)),"n.m.") -> -0.039414414
C9: Other (incl. eliminations) | D9: =Revenues!D9-'Opex (excl. D&A)'!D9 -> -57 | E9: =Revenues!E9-'Opex (excl. D&A)'!E9 -> -64 | F9: =Revenues!F9-'Opex (excl. D&A)'!F9 -> -61 | H9: =+L9+K9+J9+I9 -> -272 | I9: =Revenues!I9-'Opex (excl. D&A)'!I9 -> -66 | J9: =+Revenues!J9-'Opex (excl. D&A)'!J9 -> -77 | K9: =+Revenues!K9-'Opex (excl. D&A)'!K9 -> -67 | L9: =+Revenues!L9-'Opex (excl. D&A)'!L9 -> -62 | N9: =+IFERROR(IF(D9*J9<0,"n.m.",IF(D9/J9-1>100%,">100%",D9/J9-1)),"n.m.") -> -0.25974026 | P9: =F9+E9+D9 -> -182 | Q9: =L9+K9+J9 -> -206 | S9: =+IFERROR(IF(P9*Q9<0,"n.m.",IF(P9/Q9-1>100%,">100%",P9/Q9-1)),"n.m.") -> -0.11650485
C10: The Netherlands | D10: =Revenues!D10-'Opex (excl. D&A)'!D10 -> 661 | E10: =Revenues!E10-'Opex (excl. D&A)'!E10 -> 574 | F10: =Revenues!F10-'Opex (excl. D&A)'!F10 -> 558 | H10: =+L10+K10+J10+I10 -> 2301 | I10: =Revenues!I10-'Opex (excl. D&A)'!I10 -> 558 | J10: =+Revenues!J10-'Opex (excl. D&A)'!J10 -> 606 | K10: =+Revenues!K10-'Opex (excl. D&A)'!K10 -> 567 | L10: =+Revenues!L10-'Opex (excl. D&A)'!L10 -> 570 | N10: =+IFERROR(IF(D10*J10<0,"n.m.",IF(D10/J10-1>100%,">100%",D10/J10-1)),"n.m.") -> 0.090759076 | P10: =F10+E10+D10 -> 1793 | Q10: =L10+K10+J10 -> 1743 | S10: =+IFERROR(IF(P10*Q10<0,"n.m.",IF(P10/Q10-1>100%,">100%",P10/Q10-1)),"n.m.") -> 0.028686173
C12: iBasis | D12: =Revenues!D12-'Opex (excl. D&A)'!D12 -> 6 | E12: =Revenues!E12-'Opex (excl. D&A)'!E12 -> 6 | F12: =Revenues!F12-'Opex (excl. D&A)'!F12 -> 6 | H12: =+L12+K12+J12+I12 -> 23 | I12: =Revenues!I12-'Opex (excl. D&A)'!I12 -> 6 | J12: =+Revenues!J12-'Opex (excl. D&A)'!J12 -> 6 | K12: =+Revenues!K12-'Opex (excl. D&A)'!K12 -> 6 | L12: =+Revenues!L12-'Opex (excl. D&A)'!L12 -> 5 | N12: =+IFERROR(IF(D12*J12<0,"n.m.",IF(D12/J12-1>100%,">100%",D12/J12-1)),"n.m.") -> 0 | P12: =F12+E12+D12 -> 18 | Q12: =L12+K12+J12 -> 17 | S12: =+IFERROR(IF(P12*Q12<0,"n.m.",IF(P12/Q12-1>100%,">100%",P12/Q12-1)),"n.m.") -> 0.058823529
C14: Other activities | D14: =Revenues!D14-'Opex (excl. D&A)'!D14 -> -2 | E14: =Revenues!E14-'Opex (excl. D&A)'!E14 -> -1 | F14: =Revenues!F14-'Opex (excl. D&A)'!F14 -> -5 | H14: =+L14+K14+J14+I14 -> 0 | I14: =Revenues!I14-'Opex (excl. D&A)'!I14 -> 14 | J14: =+Revenues!J14-'Opex (excl. D&A)'!J14 -> -10 | K14: =+Revenues!K14-'Opex (excl. D&A)'!K14 -> -5 | L14: =+Revenues!L14-'Opex (excl. D&A)'!L14 -> 1 | N14: =+IFERROR(IF(D14*J14<0,"n.m.",IF(D14/J14-1>100%,">100%",D14/J14-1)),"n.m.") -> -0.8 | P14: =F14+E14+D14 -> -8 | Q14: =L14+K14+J14 -> -14 | S14: =+IFERROR(IF(P14*Q14<0,"n.m.",IF(P14/Q14-1>100%,">100%",P14/Q14-1)),"n.m.") -> -0.42857143
C16: Total EBITDA (reported) | D16: =D10+D12+D14 -> 665 | E16: =E10+E12+E14 -> 579 | F16: =F10+F12+F14 -> 559 | H16: =H10+H12+H14 -> 2324 | I16: =I10+I12+I14 -> 578 | J16: =J10+J12+J14 -> 602 | K16: =K10+K12+K14 -> 568 | L16: =L10+L12+L14 -> 576 | N16: =+IFERROR(IF(D16*J16<0,"n.m.",IF(D16/J16-1>100%,">100%",D16/J16-1)),"n.m.") -> 0.10465116 | P16: =F16+E16+D16 -> 1803 | Q16: =L16+K16+J16 -> 1746 | S16: =+IFERROR(IF(P16*Q16<0,"n.m.",IF(P16/Q16-1>100%,">100%",P16/Q16-1)),"n.m.") -> 0.032646048
C21: Consolidated figures | D21: Q3 '16 | E21: =E2 -> Q2 '16 | F21: =F2 -> Q1 '16 | H21: =H2 -> 2015 | I21: Q4 '15 | J21: =+J2 -> Q3 '15 | K21: =+K2 -> Q2 '15 | L21: =+L2 -> Q1 '15 | N21: =+N2 -> y-on-y | P21: YTD '16 | Q21: YTD '15 | S21: y-on-y
C22: Adjusted EBITDA | N22: =+N3 -> Q3% | S22: YTD%
C24: Consumer (contribution margin) | D24: ='Growth analysis Q3'!G26 -> 498 | E24: ='Growth analysis Q2'!G26 -> 450 | F24: ='Growth analysis Q1'!G26 -> 450 | H24: =+L24+K24+J24+I24 -> 1809 | I24: =+'Growth analysis Q4'!L26 -> 434 | J24: =+'Growth analysis Q3'!L26 -> 482 | K24: =+'Growth analysis Q2'!L26 -> 461 | L24: =+'Growth analysis Q1'!L26 -> 432 | N24: =+IFERROR(IF(D24*J24<0,"n.m.",IF(D24/J24-1>100%,">100%",D24/J24-1)),"n.m.") -> 0.033195021 | P24: =F24+E24+D24 -> 1398 | Q24: =L24+K24+J24 -> 1375 | S24: =+IFERROR(IF(P24*Q24<0,"n.m.",IF(P24/Q24-1>100%,">100%",P24/Q24-1)),"n.m.") -> 0.016727273
C25: Business (contribution margin) | D25: ='Growth analysis Q3'!G27 -> 348 | E25: ='Growth analysis Q2'!G27 -> 347 | F25: ='Growth analysis Q1'!G27 -> 355 | H25: =+L25+K25+J25+I25 -> 1515 | I25: =+'Growth analysis Q4'!L27 -> 370 | J25: =+'Growth analysis Q3'!L27 -> 385 | K25: =+'Growth analysis Q2'!L27 -> 374 | L25: =+'Growth analysis Q1'!L27 -> 386 | N25: =+IFERROR(IF(D25*J25<0,"n.m.",IF(D25/J25-1>100%,">100%",D25/J25-1)),"n.m.") -> -0.096103896 | P25: =F25+E25+D25 -> 1050 | Q25: =L25+K25+J25 -> 1145 | S25: =+IFERROR(IF(P25*Q25<0,"n.m.",IF(P25/Q25-1>100%,">100%",P25/Q25-1)),"n.m.") -> -0.082969432
C26: Wholesale (contribution margin) | D26: ='Growth analysis Q3'!G28 -> 127 | E26: ='Growth analysis Q2'!G28 -> 128 | F26: ='Growth analysis Q1'!G28 -> 125 | H26: =+L26+K26+J26+I26 -> 498 | I26: =+'Growth analysis Q4'!L28 -> 124 | J26: =+'Growth analysis Q3'!L28 -> 124 | K26: =+'Growth analysis Q2'!L28 -> 125 | L26: =+'Growth analysis Q1'!L28 -> 125 | N26: =+IFERROR(IF(D26*J26<0,"n.m.",IF(D26/J26-1>100%,">100%",D26/J26-1)),"n.m.") -> 0.024193548 | P26: =F26+E26+D26 -> 380 | Q26: =L26+K26+J26 -> 374 | S26: =+IFERROR(IF(P26*Q26<0,"n.m.",IF(P26/Q26-1>100%,">100%",P26/Q26-1)),"n.m.") -> 0.016042781
C27: Network, Operations & IT (cost center) | D27: ='Growth analysis Q3'!G29 -> -257 | E27: ='Growth analysis Q2'!G29 -> -276 | F27: ='Growth analysis Q1'!G29 -> -305 | H27: =+L27+K27+J27+I27 -> -1177 | I27: =+'Growth analysis Q4'!L29 -> -295 | J27: =+'Growth analysis Q3'!L29 -> -294 | K27: =+'Growth analysis Q2'!L29 -> -291 | L27: =+'Growth analysis Q1'!L29 -> -297 | N27: =+IFERROR(IF(D27*J27<0,"n.m.",IF(D27/J27-1>100%,">100%",D27/J27-1)),"n.m.") -> -0.12585034 | P27: =F27+E27+D27 -> -838 | Q27: =L27+K27+J27 -> -882 | S27: =+IFERROR(IF(P27*Q27<0,"n.m.",IF(P27/Q27-1>100%,">100%",P27/Q27-1)),"n.m.") -> -0.049886621
C28: Other (incl. eliminations) | D28: ='Growth analysis Q3'!G30 -> -59 | E28: ='Growth analysis Q2'!G30 -> -62 | F28: ='Growth analysis Q1'!G30 -> -60 | H28: =+L28+K28+J28+I28 -> -264 | I28: =+'Growth analysis Q4'!L30 -> -66 | J28: =+'Growth analysis Q3'!L30 -> -67 | K28: =+'Growth analysis Q2'!L30 -> -70 | L28: =+'Growth analysis Q1'!L30 -> -61 | N28: =+IFERROR(IF(D28*J28<0,"n.m.",IF(D28/J28-1>100%,">100%",D28/J28-1)),"n.m.") -> -0.11940299 | P28: =F28+E28+D28 -> -181 | Q28: =L28+K28+J28 -> -198 | S28: =+IFERROR(IF(P28*Q28<0,"n.m.",IF(P28/Q28-1>100%,">100%",P28/Q28-1)),"n.m.") -> -0.085858586
C29: The Netherlands | D29: ='Growth analysis Q3'!G31 -> 657 | E29: ='Growth analysis Q2'!G31 -> 587 | F29: ='Growth analysis Q1'!G31 -> 565 | H29: =+L29+K29+J29+I29 -> 2381 | I29: =+'Growth analysis Q4'!L31 -> 567 | J29: =+'Growth analysis Q3'!L31 -> 630 | K29: =+'Growth analysis Q2'!L31 -> 599 | L29: =+'Growth analysis Q1'!L31 -> 585 | N29: =+IFERROR(IF(D29*J29<0,"n.m.",IF(D29/J29-1>100%,">100%",D29/J29-1)),"n.m.") -> 0.042857143 | P29: =F29+E29+D29 -> 1809 | Q29: =L29+K29+J29 -> 1814 | S29: =+IFERROR(IF(P29*Q29<0,"n.m.",IF(P29/Q29-1>100%,">100%",P29/Q29-1)),"n.m.") -> -0.0027563396
C31: iBasis | D31: ='Growth analysis Q3'!G33 -> 6 | E31: ='Growth analysis Q2'!G33 -> 6 | F31: ='Growth analysis Q1'!G33 -> 6 | H31: =+L31+K31+J31+I31 -> 23 | I31: =+'Growth analysis Q4'!L33 -> 6 | J31: =+'Growth analysis Q3'!L33 -> 6 | K31: =+'Growth analysis Q2'!L33 -> 6 | L31: =+'Growth analysis Q1'!L33 -> 5 | N31: =+IFERROR(IF(D31*J31<0,"n.m.",IF(D31/J31-1>100%,">100%",D31/J31-1)),"n.m.") -> 0 | P31: =F31+E31+D31 -> 18 | Q31: =L31+K31+J31 -> 17 | S31: =+IFERROR(IF(P31*Q31<0,"n.m.",IF(P31/Q31-1>100%,">100%",P31/Q31-1)),"n.m.") -> 0.058823529
C33: Other activities | D33: ='Growth analysis Q3'!G35 -> -1 | E33: ='Growth analysis Q2'!G35 -> -1 | F33: ='Growth analysis Q1'!G35 -> -3 | H33: =+L33+K33+J33+I33 -> 15 | I33: =+'Growth analysis Q4'!L35 -> 9 | J33: =+'Growth analysis Q3'!L35 -> 4 | K33: =+'Growth analysis Q2'!L35 -> -3 | L33: =+'Growth analysis Q1'!L35 -> 5 | N33: =+IFERROR(IF(D33*J33<0,"n.m.",IF(D33/J33-1>100%,">100%",D33/J33-1)),"n.m.") -> n.m. | P33: =F33+E33+D33 -> -5 | Q33: =L33+K33+J33 -> 6 | S33: =+IFERROR(IF(P33*Q33<0,"n.m.",IF(P33/Q33-1>100%,">100%",P33/Q33-1)),"n.m.") -> n.m.
C35: Total adjusted EBITDA | D35: ='Growth analysis Q3'!G37 -> 662 | E35: ='Growth analysis Q2'!G37 -> 592 | F35: ='Growth analysis Q1'!G37 -> 568 | H35: =+L35+K35+J35+I35 -> 2419 | I35: =+'Growth analysis Q4'!L37 -> 582 | J35: =+'Growth analysis Q3'!L37 -> 640 | K35: =+'Growth analysis Q2'!L37 -> 602 | L35: =+'Growth analysis Q1'!L37 -> 595 | N35: =+IFERROR(IF(D35*J35<0,"n.m.",IF(D35/J35-1>100%,">100%",D35/J35-1)),"n.m.") -> 0.034375 | P35: =F35+E35+D35 -> 1822 | Q35: =L35+K35+J35 -> 1837 | S35: =+IFERROR(IF(P35*Q35<0,"n.m.",IF(P35/Q35-1>100%,">100%",P35/Q35-1)),"n.m.") -> -0.0081654872
C40: Consolidated figures | D40: Q3 '16 | E40: Q2 '16 | F40: Q1 '16 | H40: 2015 | I40: Q4 '15 | J40: Q3 '15 | K40: Q2 '15 | L40: Q1 '15 | P40: YTD '16 | Q40: YTD '15
C41: Adjusted EBITDA margin
C43: Consumer (contribution margin) | D43: =EBITDA!D24/Revenues!D26 -> 0.62094763 | E43: =EBITDA!E24/Revenues!E26 -> 0.58670143 | F43: =EBITDA!F24/Revenues!F26 -> 0.58365759 | H43: =EBITDA!H24/Revenues!H26 -> 0.58449111 | I43: =EBITDA!I24/Revenues!I26 -> 0.55569782 | J43: =EBITDA!J24/Revenues!J26 -> 0.61012658 | K43: =EBITDA!K24/Revenues!K26 -> 0.59560724 | L43: =EBITDA!L24/Revenues!L26 -> 0.576 | P43: =EBITDA!P24/Revenues!P26 -> 0.5974359 | Q43: =EBITDA!Q24/Revenues!Q26 -> 0.59420916
C44: Business (contribution margin) | D44: =EBITDA!D25/Revenues!D27 -> 0.6115993 | E44: =EBITDA!E25/Revenues!E27 -> 0.60558464 | F44: =EBITDA!F25/Revenues!F27 -> 0.60271647 | H44: =EBITDA!H25/Revenues!H27 -> 0.60794543 | I44: =EBITDA!I25/Revenues!I27 -> 0.58730159 | J44: =EBITDA!J25/Revenues!J27 -> 0.62908497 | K44: =EBITDA!K25/Revenues!K27 -> 0.60517799 | L44: =EBITDA!L25/Revenues!L27 -> 0.61075949 | P44: =EBITDA!P25/Revenues!P27 -> 0.60658579 | Q44: =EBITDA!Q25/Revenues!Q27 -> 0.61493018
C45: Wholesale (contribution margin) | D45: =EBITDA!D26/Revenues!D28 -> 0.67914439 | E45: =EBITDA!E26/Revenues!E28 -> 0.69565217 | F45: =EBITDA!F26/Revenues!F28 -> 0.69444444 | H45: =EBITDA!H26/Revenues!H28 -> 0.68219178 | I45: =EBITDA!I26/Revenues!I28 -> 0.68888889 | J45: =EBITDA!J26/Revenues!J28 -> 0.68131868 | K45: =EBITDA!K26/Revenues!K28 -> 0.67934783 | L45: =EBITDA!L26/Revenues!L28 -> 0.67934783 | P45: =EBITDA!P26/Revenues!P28 -> 0.68965517 | Q45: =EBITDA!Q26/Revenues!Q28 -> 0.68
C46: Network, Operations & IT (cost center) | D46: n.m. | E46: n.m. | F46: n.m. | H46: n.m. | I46: n.m. | J46: n.m. | K46: n.m. | L46: n.m. | P46: n.m. | Q46: n.m.
C47: Other (incl. eliminations) | D47: n.m. | E47: n.m. | F47: n.m. | H47: n.m. | I47: n.m. | J47: n.m. | K47: n.m. | L47: n.m. | P47: n.m. | Q47: n.m.
C48: The Netherlands | D48: =EBITDA!D29/Revenues!D31 -> 0.43280632 | E48: =EBITDA!E29/Revenues!E31 -> 0.39502019 | F48: =EBITDA!F29/Revenues!F31 -> 0.37591484 | H48: =EBITDA!H29/Revenues!H31 -> 0.38577447 | I48: =EBITDA!I29/Revenues!I31 -> 0.36604261 | J48: =EBITDA!J29/Revenues!J31 -> 0.40697674 | K48: =EBITDA!K29/Revenues!K31 -> 0.38845655 | L48: =EBITDA!L29/Revenues!L31 -> 0.3816047 | P48: =EBITDA!P29/Revenues!P31 -> 0.40137564 | Q48: =EBITDA!Q29/Revenues!Q31 -> 0.3923859
C50: iBasis | D50: =EBITDA!D31/Revenues!D33 -> 0.026785714 | E50: =EBITDA!E31/Revenues!E33 -> 0.027522936 | F50: =EBITDA!F31/Revenues!F33 -> 0.027906977 | H50: =EBITDA!H31/Revenues!H33 -> 0.025 | I50: =EBITDA!I31/Revenues!I33 -> 0.027522936 | J50: =EBITDA!J31/Revenues!J33 -> 0.024896266 | K50: =EBITDA!K31/Revenues!K33 -> 0.025641026 | L50: =EBITDA!L31/Revenues!L33 -> 0.022026432 | P50: =EBITDA!P31/Revenues!P33 -> 0.02739726 | Q50: =EBITDA!Q31/Revenues!Q33 -> 0.024216524
C52: Other activities | D52: n.m. | E52: n.m. | F52: n.m. | H52: n.m. | I52: n.m. | J52: n.m. | K52: n.m. | L52: n.m. | P52: n.m. | Q52: n.m.
C54: Total adjusted EBITDA margin | D54: =EBITDA!D35/Revenues!D39 -> 0.38690824 | E54: =EBITDA!E35/Revenues!E39 -> 0.35322196 | F54: =EBITDA!F35/Revenues!F39 -> 0.33629366 | H54: =H35/Revenues!H39 -> 0.3446851 | I54: =I35/Revenues!I39 -> 0.33352436 | J54: =J35/Revenues!J39 -> 0.36281179 | K54: =K35/Revenues!K39 -> 0.34380354 | L54: =L35/Revenues!L39 -> 0.33845279 | P54: =P35/Revenues!P39 -> 0.35894405 | Q54: =Q35/Revenues!Q39 -> 0.34837853

Sheet CF, Capex, BS & Debt sum
C2: Consolidated figures | D2: Q3 '16 | E2: Q2 '16 | F2: Q1 '16 | H2: =+EBITDA!H2 -> 2015 | I2: Q4 '15 | J2: =+EBITDA!J2 -> Q3 '15 | K2: =+EBITDA!K2 -> Q2 '15 | L2: =+EBITDA!L2 -> Q1 '15 | N2: =+EBITDA!N2 -> y-on-y | P2: YTD '16 | Q2: YTD '15 | S2: y-on-y
C3: Cash flow from continuing operations1 | N3: =+EBITDA!N3 -> Q3% | S3: YTD%
C5: Profit before income tax | D5: ='P&L & Cash flow'!D26 -> 47 | E5: ='P&L & Cash flow'!E26 -> 213 | F5: ='P&L & Cash flow'!F26 -> 60 | H5: =+L5+K5+J5+I5 -> 605 | I5: 288 | J5: 97 | K5: 188 | L5: 32 | N5: =+IFERROR(IF(D5*J5<0,"n.m.",IF(D5/J5-1>100%,">100%",D5/J5-1)),"n.m.") -> -0.51546392 | P5: =F5+E5+D5 -> 320 | Q5: =L5+K5+J5 -> 317 | S5: =+IFERROR(IF(P5*Q5<0,"n.m.",IF(P5/Q5-1>100%,">100%",P5/Q5-1)),"n.m.") -> 0.0094637224
C6: Net finance costs | D6: 246 | E6: -10 | F6: 82 | H6: =+L6+K6+J6+I6 -> 105 | I6: -127 | J6: 108 | K6: -19 | L6: 143 | N6: =+IFERROR(IF(D6*J6<0,"n.m.",IF(D6/J6-1>100%,">100%",D6/J6-1)),"n.m.") -> >100% | P6: =F6+E6+D6 -> 318 | Q6: =L6+K6+J6 -> 232 | S6: =+IFERROR(IF(P6*Q6<0,"n.m.",IF(P6/Q6-1>100%,">100%",P6/Q6-1)),"n.m.") -> 0.37068966
C7: Share of the profit of associates and joint ventures | D7: -1 | E7: 2 | F7: -1 | H7: =+L7+K7+J7+I7 -> -2 | I7: -1 | J7: -1 | K7: 0 | L7: 0 | N7: =+IFERROR(IF(D7*J7<0,"n.m.",IF(D7/J7-1>100%,">100%",D7/J7-1)),"n.m.") -> 0 | P7: =F7+E7+D7 -> 0 | Q7: =L7+K7+J7 -> -1 | S7: =+IFERROR(IF(P7*Q7<0,"n.m.",IF(P7/Q7-1>100%,">100%",P7/Q7-1)),"n.m.") -> -1
C9: Adjustments for:
C10: Depreciation, amortization and impairments | D10: 373 | E10: 374 | F10: 418 | H10: =+L10+K10+J10+I10 -> 1616 | I10: 418 | J10: 398 | K10: 399 | L10: 401 | N10: =+IFERROR(IF(D10*J10<0,"n.m.",IF(D10/J10-1>100%,">100%",D10/J10-1)),"n.m.") -> -0.06281407 | P10: =F10+E10+D10 -> 1165 | Q10: =L10+K10+J10 -> 1198 | S10: =+IFERROR(IF(P10*Q10<0,"n.m.",IF(P10/Q10-1>100%,">100%",P10/Q10-1)),"n.m.") -> -0.02754591
C11: Share-based compensation | D11: 2 | E11: 2 | F11: 0 | H11: =+L11+K11+J11+I11 -> 8 | I11: 0 | J11: 3 | K11: 3 | L11: 2 | N11: =+IFERROR(IF(D11*J11<0,"n.m.",IF(D11/J11-1>100%,">100%",D11/J11-1)),"n.m.") -> -0.33333333 | P11: =F11+E11+D11 -> 4 | Q11: =L11+K11+J11 -> 8 | S11: =+IFERROR(IF(P11*Q11<0,"n.m.",IF(P11/Q11-1>100%,">100%",P11/Q11-1)),"n.m.") -> -0.5
C12: Other income | D12: -10 | E12: -8 | F12: 0 | H12: =+L12+K12+J12+I12 -> -2 | I12: 0 | J12: 0 | K12: 0 | L12: -2 | N12: =+IFERROR(IF(D12*J12<0,"n.m.",IF(D12/J12-1>100%,">100%",D12/J12-1)),"n.m.") -> n.m. | P12: =F12+E12+D12 -> -18 | Q12: =L12+K12+J12 -> -2 | S12: =+IFERROR(IF(P12*Q12<0,"n.m.",IF(P12/Q12-1>100%,">100%",P12/Q12-1)),"n.m.") -> >100%
C13: Change in provisions2 | D13: -15 | E13: -7 | F13: -27 | H13: =+L13+K13+J13+I13 -> -44 | I13: -43 | J13: 9 | K13: -9 | L13: -1 | N13: =+IFERROR(IF(D13*J13<0,"n.m.",IF(D13/J13-1>100%,">100%",D13/J13-1)),"n.m.") -> n.m. | P13: =F13+E13+D13 -> -49 | Q13: =L13+K13+J13 -> -1 | S13: =+IFERROR(IF(P13*Q13<0,"n.m.",IF(P13/Q13-1>100%,">100%",P13/Q13-1)),"n.m.") -> >100%
C15: Inventories | D15: 0 | E15: 8 | F15: 0 | H15: =+L15+K15+J15+I15 -> -12 | I15: -15 | J15: 8 | K15: 6 | L15: -11 | N15: =+IFERROR(IF(D15*J15<0,"n.m.",IF(D15/J15-1>100%,">100%",D15/J15-1)),"n.m.") -> -1 | P15: =F15+E15+D15 -> 8 | Q15: =L15+K15+J15 -> 3 | S15: =+IFERROR(IF(P15*Q15<0,"n.m.",IF(P15/Q15-1>100%,">100%",P15/Q15-1)),"n.m.") -> >100%
C16: Trade receivables | D16: 4 | E16: 7 | F16: 11 | H16: =+L16+K16+J16+I16 -> 63 | I16: 16 | J16: 39 | K16: 11 | L16: -3 | N16: =+IFERROR(IF(D16*J16<0,"n.m.",IF(D16/J16-1>100%,">100%",D16/J16-1)),"n.m.") -> -0.8974359 | P16: =F16+E16+D16 -> 22 | Q16: =L16+K16+J16 -> 47 | S16: =+IFERROR(IF(P16*Q16<0,"n.m.",IF(P16/Q16-1>100%,">100%",P16/Q16-1)),"n.m.") -> -0.53191489
C17: Prepayments and accrued income | D17: 0 | E17: 2 | F17: -36 | H17: =+L17+K17+J17+I17 -> 53 | I17: 58 | J17: -5 | K17: 34 | L17: -34 | N17: =+IFERROR(IF(D17*J17<0,"n.m.",IF(D17/J17-1>100%,">100%",D17/J17-1)),"n.m.") -> -1 | P17: =F17+E17+D17 -> -34 | Q17: =L17+K17+J17 -> -5 | S17: =+IFERROR(IF(P17*Q17<0,"n.m.",IF(P17/Q17-1>100%,">100%",P17/Q17-1)),"n.m.") -> >100%
C18: Other current assets | D18: 0 | E18: 0 | F18: 0 | H18: =+L18+K18+J18+I18 -> 18 | I18: 5 | J18: 3 | K18: 4 | L18: 6 | N18: =+IFERROR(IF(D18*J18<0,"n.m.",IF(D18/J18-1>100%,">100%",D18/J18-1)),"n.m.") -> -1 | P18: =F18+E18+D18 -> 0 | Q18: =L18+K18+J18 -> 13 | S18: =+IFERROR(IF(P18*Q18<0,"n.m.",IF(P18/Q18-1>100%,">100%",P18/Q18-1)),"n.m.") -> -1
C19: Trade payables | D19: -77 | E19: 42 | F19: -147 | H19: =+L19+K19+J19+I19 -> 63 | I19: 84 | J19: -36 | K19: -31 | L19: 46 | N19: =+IFERROR(IF(D19*J19<0,"n.m.",IF(D19/J19-1>100%,">100%",D19/J19-1)),"n.m.") -> >100% | P19: =F19+E19+D19 -> -182 | Q19: =L19+K19+J19 -> -21 | S19: =+IFERROR(IF(P19*Q19<0,"n.m.",IF(P19/Q19-1>100%,">100%",P19/Q19-1)),"n.m.") -> >100%
C20: Accruals and deferred income | D20: -34 | E20: -131 | F20: 105 | H20: =+L20+K20+J20+I20 -> -145 | I20: -73 | J20: -15 | K20: -89 | L20: 32 | N20: =+IFERROR(IF(D20*J20<0,"n.m.",IF(D20/J20-1>100%,">100%",D20/J20-1)),"n.m.") -> >100% | P20: =F20+E20+D20 -> -60 | Q20: =L20+K20+J20 -> -72 | S20: =+IFERROR(IF(P20*Q20<0,"n.m.",IF(P20/Q20-1>100%,">100%",P20/Q20-1)),"n.m.") -> -0.16666667
C21: Current liabilities (excl. short-term financing) | D21: 4 | E21: 5 | F21: -11 | H21: =+L21+K21+J21+I21 -> -10 | I21: 6 | J21: 24 | K21: -25 | L21: -15 | N21: =+IFERROR(IF(D21*J21<0,"n.m.",IF(D21/J21-1>100%,">100%",D21/J21-1)),"n.m.") -> -0.83333333 | P21: =F21+E21+D21 -> -2 | Q21: =L21+K21+J21 -> -16 | S21: =+IFERROR(IF(P21*Q21<0,"n.m.",IF(P21/Q21-1>100%,">100%",P21/Q21-1)),"n.m.") -> -0.875
C22: Change in working capital2 | D22: =D15+D16+D17+D18+D19+D20+D21 -> -103 | E22: =E15+E16+E17+E18+E19+E20+E21 -> -67 | F22: =F15+F16+F17+F18+F19+F20+F21 -> -78 | H22: =+L22+K22+J22+I22 -> 30 | I22: =+I15+I16+I17+I18+I19+I20+I21 -> 81 | J22: =+J15+J16+J17+J18+J19+J20+J21 -> 18 | K22: =+K15+K16+K17+K18+K19+K20+K21 -> -90 | L22: =+L15+L16+L17+L18+L19+L20+L21 -> 21 | N22: =+IFERROR(IF(D22*J22<0,"n.m.",IF(D22/J22-1>100%,">100%",D22/J22-1)),"n.m.") -> n.m. | P22: =F22+E22+D22 -> -248 | Q22: =L22+K22+J22 -> -51 | S22: =+IFERROR(IF(P22*Q22<0,"n.m.",IF(P22/Q22-1>100%,">100%",P22/Q22-1)),"n.m.") -> >100%
C24: Received dividends | D24: 0 | E24: 110 | F24: 0 | H24: =+L24+K24+J24+I24 -> 147 | I24: 1 | J24: 0 | K24: 146 | L24: 0 | N24: =+IFERROR(IF(D24*J24<0,"n.m.",IF(D24/J24-1>100%,">100%",D24/J24-1)),"n.m.") -> n.m. | P24: =F24+E24+D24 -> 110 | Q24: =L24+K24+J24 -> 146 | S24: =+IFERROR(IF(P24*Q24<0,"n.m.",IF(P24/Q24-1>100%,">100%",P24/Q24-1)),"n.m.") -> -0.24657534
C25: Taxes received (paid) | D25: 0 | E25: -6 | F25: 50 | H25: =+L25+K25+J25+I25 -> 18 | I25: 31 | J25: -1 | K25: -2 | L25: -10 | N25: =+IFERROR(IF(D25*J25<0,"n.m.",IF(D25/J25-1>100%,">100%",D25/J25-1)),"n.m.") -> -1 | P25: =F25+E25+D25 -> 44 | Q25: =L25+K25+J25 -> -13 | S25: =+IFERROR(IF(P25*Q25<0,"n.m.",IF(P25/Q25-1>100%,">100%",P25/Q25-1)),"n.m.") -> n.m.
C26: Interest received (paid) | D26: -136 | E26: -37 | F26: -226 | H26: =+L26+K26+J26+I26 -> -485 | I26: -71 | J26: -113 | K26: -79 | L26: -222 | N26: =+IFERROR(IF(D26*J26<0,"n.m.",IF(D26/J26-1>100%,">100%",D26/J26-1)),"n.m.") -> 0.20353982 | P26: =F26+E26+D26 -> -399 | Q26: =L26+K26+J26 -> -414 | S26: =+IFERROR(IF(P26*Q26<0,"n.m.",IF(P26/Q26-1>100%,">100%",P26/Q26-1)),"n.m.") -> -0.036231884
C27: Net cash flow from continuing operating activities | D27: =D5+D6+D7+D10+D11+D12+D13+D22+D24+D25+D26 -> 403 | E27: =E5+E6+E7+E10+E11+E12+E13+E22+E24+E25+E26 -> 566 | F27: =F5+F6+F7+F10+F11+F12+F13+F22+F24+F25+F26 -> 278 | H27: =+L27+K27+J27+I27 -> 1996 | I27: =+I24+I25+I26+I22+I5+I6+I7+I10+I11+I12+I13 -> 577 | J27: =+J24+J25+J26+J22+J5+J6+J7+J10+J11+J12+J13 -> 518 | K27: =+K24+K25+K26+K22+K5+K6+K7+K10+K11+K12+K13 -> 537 | L27: =+L24+L25+L26+L22+L5+L6+L7+L10+L11+L12+L13 -> 364 | N27: =+IFERROR(IF(D27*J27<0,"n.m.",IF(D27/J27-1>100%,">100%",D27/J27-1)),"n.m.") -> -0.22200772 | P27: =F27+E27+D27 -> 1247 | Q27: =L27+K27+J27 -> 1419 | S27: =+IFERROR(IF(P27*Q27<0,"n.m.",IF(P27/Q27-1>100%,">100%",P27/Q27-1)),"n.m.") -> -0.12121212
C28: Net cash flow from discontinued operating activities | D28: 0 | E28: -1 | F28: -2 | H28: =+L28+K28+J28+I28 -> 222 | I28: 117 | J28: 51 | K28: 29 | L28: 25 | N28: =+IFERROR(IF(D28*J28<0,"n.m.",IF(D28/J28-1>100%,">100%",D28/J28-1)),"n.m.") -> -1 | P28: =F28+E28+D28 -> -3 | Q28: =L28+K28+J28 -> 105 | S28: =+IFERROR(IF(P28*Q28<0,"n.m.",IF(P28/Q28-1>100%,">100%",P28/Q28-1)),"n.m.") -> n.m.
C30: Disposal of available-for-sale financial assets | D30: 0 | E30: 0 | F30: 0 | H30: =+L30+K30+J30+I30 -> 805 | I30: 805 | J30: 0 | K30: 0 | L30: 0 | N30: =+IFERROR(IF(D30*J30<0,"n.m.",IF(D30/J30-1>100%,">100%",D30/J30-1)),"n.m.") -> n.m. | P30: =F30+E30+D30 -> 0 | Q30: =L30+K30+J30 -> 0 | S30: =+IFERROR(IF(P30*Q30<0,"n.m.",IF(P30/Q30-1>100%,">100%",P30/Q30-1)),"n.m.") -> n.m.
C31: Acquisitions of subsidiaries, associates and joint ventures | D31: -12 | E31: -83 | F31: -6 | H31: =+L31+K31+J31+I31 -> -73 | I31: -5 | J31: -68 | K31: 0 | L31: 0 | N31: =+IFERROR(IF(D31*J31<0,"n.m.",IF(D31/J31-1>100%,">100%",D31/J31-1)),"n.m.") -> -0.82352941 | P31: =F31+E31+D31 -> -101 | Q31: =L31+K31+J31 -> -68 | S31: =+IFERROR(IF(P31*Q31<0,"n.m.",IF(P31/Q31-1>100%,">100%",P31/Q31-1)),"n.m.") -> 0.48529412
C32: Disposal of subsidiaries, associates and joint ventures | D32: 0 | E32: 31 | F32: 0 | H32: =+L32+K32+J32+I32 -> -1 | I32: 0 | J32: 4 | K32: 0 | L32: -5 | N32: =+IFERROR(IF(D32*J32<0,"n.m.",IF(D32/J32-1>100%,">100%",D32/J32-1)),"n.m.") -> -1 | P32: =F32+E32+D32 -> 31 | Q32: =L32+K32+J32 -> -1 | S32: =+IFERROR(IF(P32*Q32<0,"n.m.",IF(P32/Q32-1>100%,">100%",P32/Q32-1)),"n.m.") -> n.m.
C33: Investments in intangible assets (excl. software) | D33: 1 | E33: -3 | F33: -24 | H33: =+L33+K33+J33+I33 -> -4 | I33: 0 | J33: -4 | K33: 0 | L33: 0 | N33: =+IFERROR(IF(D33*J33<0,"n.m.",IF(D33/J33-1>100%,">100%",D33/J33-1)),"n.m.") -> n.m. | P33: =F33+E33+D33 -> -26 | Q33: =L33+K33+J33 -> -4 | S33: =+IFERROR(IF(P33*Q33<0,"n.m.",IF(P33/Q33-1>100%,">100%",P33/Q33-1)),"n.m.") -> >100%
C34: Disposal of intangibles | D34: 0 | E34: 0 | F34: 0 | H34: =+L34+K34+J34+I34 -> 0 | I34: 0 | J34: 0 | K34: 0 | L34: 0 | N34: =+IFERROR(IF(D34*J34<0,"n.m.",IF(D34/J34-1>100%,">100%",D34/J34-1)),"n.m.") -> n.m. | P34: =F34+E34+D34 -> 0 | Q34: =L34+K34+J34 -> 0 | S34: =+IFERROR(IF(P34*Q34<0,"n.m.",IF(P34/Q34-1>100%,">100%",P34/Q34-1)),"n.m.") -> n.m.
C35: Investments in property, plant & equipment and software | D35: -265 | E35: -312 | F35: -318 | H35: =+L35+K35+J35+I35 -> -1300 | I35: -355 | J35: -305 | K35: -306 | L35: -334 | N35: =+IFERROR(IF(D35*J35<0,"n.m.",IF(D35/J35-1>100%,">100%",D35/J35-1)),"n.m.") -> -0.13114754 | P35: =F35+E35+D35 -> -895 | Q35: =L35+K35+J35 -> -945 | S35: =+IFERROR(IF(P35*Q35<0,"n.m.",IF(P35/Q35-1>100%,">100%",P35/Q35-1)),"n.m.") -> -0.052910053
C36: Disposal of property, plant & equipment and software | D36: 8 | E36: 0 | F36: 0 | H36: =+L36+K36+J36+I36 -> 3 | I36: 2 | J36: 0 | K36: 1 | L36: 0 | N36: =+IFERROR(IF(D36*J36<0,"n.m.",IF(D36/J36-1>100%,">100%",D36/J36-1)),"n.m.") -> n.m. | P36: =F36+E36+D36 -> 8 | Q36: =L36+K36+J36 -> 1 | S36: =+IFERROR(IF(P36*Q36<0,"n.m.",IF(P36/Q36-1>100%,">100%",P36/Q36-1)),"n.m.") -> >100%
C37: Changes in other financial non-current assets | D37: 50 | E37: 360 | F37: 115 | H37: =+L37+K37+J37+I37 -> -275 | I37: -325 | J37: -50 | K37: -50 | L37: 150 | N37: =+IFERROR(IF(D37*J37<0,"n.m.",IF(D37/J37-1>100%,">100%",D37/J37-1)),"n.m.") -> n.m. | P37: =F37+E37+D37 -> 525 | Q37: =L37+K37+J37 -> 50 | S37: =+IFERROR(IF(P37*Q37<0,"n.m.",IF(P37/Q37-1>100%,">100%",P37/Q37-1)),"n.m.") -> >100%
C38: Other changes and disposals | D38: -1 | E38: 3 | F38: -1 | H38: =+L38+K38+J38+I38 -> -1 | I38: -1 | J38: -1 | K38: 1 | L38: 0 | N38: =+IFERROR(IF(D38*J38<0,"n.m.",IF(D38/J38-1>100%,">100%",D38/J38-1)),"n.m.") -> 0 | P38: =F38+E38+D38 -> 1 | Q38: =L38+K38+J38 -> 0 | S38: =+IFERROR(IF(P38*Q38<0,"n.m.",IF(P38/Q38-1>100%,">100%",P38/Q38-1)),"n.m.") -> n.m.
C39: Net cash flow from continuing investing activities | D39: =D30+D31+D32+D33+D34+D35+D36+D37+D38 -> -219 | E39: =E30+E31+E32+E33+E34+E35+E36+E37+E38 -> -4 | F39: =F30+F31+F32+F33+F34+F35+F36+F37+F38 -> -234 | H39: =+H30+H31+H32+H33+H34+H35+H36+H38+H37 -> -846 | I39: =+I30+I31+I32+I33+I34+I35+I36+I38+I37 -> 121 | J39: =+J30+J31+J32+J33+J34+J35+J36+J38+J37 -> -424 | K39: =+K30+K31+K32+K33+K34+K35+K36+K38+K37 -> -354 | L39: =+L30+L31+L32+L33+L34+L35+L36+L38+L37 -> -189 | N39: =+IFERROR(IF(D39*J39<0,"n.m.",IF(D39/J39-1>100%,">100%",D39/J39-1)),"n.m.") -> -0.48349057 | P39: =F39+E39+D39 -> -457 | Q39: =L39+K39+J39 -> -967 | S39: =+IFERROR(IF(P39*Q39<0,"n.m.",IF(P39/Q39-1>100%,">100%",P39/Q39-1)),"n.m.") -> -0.52740434
C40: Net cash flow from discontinued investing activities | D40: -4 | E40: 0 | F40: 1188 | H40: =+L40+K40+J40+I40 -> -247 | I40: -152 | J40: -20 | K40: -50 | L40: -25 | N40: =+IFERROR(IF(D40*J40<0,"n.m.",IF(D40/J40-1>100%,">100%",D40/J40-1)),"n.m.") -> -0.8 | P40: =F40+E40+D40 -> 1184 | Q40: =L40+K40+J40 -> -95 | S40: =+IFERROR(IF(P40*Q40<0,"n.m.",IF(P40/Q40-1>100%,">100%",P40/Q40-1)),"n.m.") -> n.m.
C42: Share repurchases | D42: 0 | E42: 0 | F42: 0 | H42: =+L42+K42+J42+I42 -> 0 | I42: 0 | J42: 0 | K42: 0 | L42: 0 | N42: =+IFERROR(IF(D42*J42<0,"n.m.",IF(D42/J42-1>100%,">100%",D42/J42-1)),"n.m.") -> n.m. | P42: =F42+E42+D42 -> 0 | Q42: =L42+K42+J42 -> 0 | S42: =+IFERROR(IF(P42*Q42<0,"n.m.",IF(P42/Q42-1>100%,">100%",P42/Q42-1)),"n.m.") -> n.m.
C43: Share repurchases for option plans | D43: 0 | E43: 0 | F43: 0 | H43: =+L43+K43+J43+I43 -> 0 | I43: 0 | J43: 0 | K43: 0 | L43: 0 | N43: =+IFERROR(IF(D43*J43<0,"n.m.",IF(D43/J43-1>100%,">100%",D43/J43-1)),"n.m.") -> n.m. | P43: =F43+E43+D43 -> 0 | Q43: =L43+K43+J43 -> 0 | S43: =+IFERROR(IF(P43*Q43<0,"n.m.",IF(P43/Q43-1>100%,">100%",P43/Q43-1)),"n.m.") -> n.m.
C44: Dividends paid | D44: -141 | E44: -320 | F44: -26 | H44: =+L44+K44+J44+I44 -> -495 | I44: -20 | J44: -253 | K44: -213 | L44: -9 | N44: =+IFERROR(IF(D44*J44<0,"n.m.",IF(D44/J44-1>100%,">100%",D44/J44-1)),"n.m.") -> -0.44268775 | P44: =F44+E44+D44 -> -487 | Q44: =L44+K44+J44 -> -475 | S44: =+IFERROR(IF(P44*Q44<0,"n.m.",IF(P44/Q44-1>100%,">100%",P44/Q44-1)),"n.m.") -> 0.025263158
C45: Paid coupon perpetual hybrid bonds | D45: -67 | E45: 0 | F45: 0 | H45: =+L45+K45+J45+I45 -> -67 | I45: 0 | J45: -67 | K45: 0 | L45: 0 | N45: =+IFERROR(IF(D45*J45<0,"n.m.",IF(D45/J45-1>100%,">100%",D45/J45-1)),"n.m.") -> 0 | P45: =F45+E45+D45 -> -67 | Q45: =L45+K45+J45 -> -67 | S45: =+IFERROR(IF(P45*Q45<0,"n.m.",IF(P45/Q45-1>100%,">100%",P45/Q45-1)),"n.m.") -> 0
C46: Exercised options | D46: 0 | E46: 0 | F46: 0 | H46: =+L46+K46+J46+I46 -> 0 | I46: 0 | J46: 0 | K46: 0 | L46: 0 | N46: =+IFERROR(IF(D46*J46<0,"n.m.",IF(D46/J46-1>100%,">100%",D46/J46-1)),"n.m.") -> n.m. | P46: =F46+E46+D46 -> 0 | Q46: =L46+K46+J46 -> 0 | S46: =+IFERROR(IF(P46*Q46<0,"n.m.",IF(P46/Q46-1>100%,">100%",P46/Q46-1)),"n.m.") -> n.m.
C47: Proceeds from borrowings | D47: 1235 | E47: 0 | F47: 0 | H47: =+L47+K47+J47+I47 -> 0 | I47: 0 | J47: 0 | K47: 0 | L47: 0 | N47: =+IFERROR(IF(D47*J47<0,"n.m.",IF(D47/J47-1>100%,">100%",D47/J47-1)),"n.m.") -> n.m. | P47: =F47+E47+D47 -> 1235 | Q47: =L47+K47+J47 -> 0 | S47: =+IFERROR(IF(P47*Q47<0,"n.m.",IF(P47/Q47-1>100%,">100%",P47/Q47-1)),"n.m.") -> n.m.
C48: Repayments from borrowings and settlement of derivatives | D48: -1299 | E48: -12 | F48: -857 | H48: =+L48+K48+J48+I48 -> -929 | I48: 48 | J48: -9 | K48: -982 | L48: 14 | N48: =+IFERROR(IF(D48*J48<0,"n.m.",IF(D48/J48-1>100%,">100%",D48/J48-1)),"n.m.") -> >100% | P48: =F48+E48+D48 -> -2168 | Q48: =L48+K48+J48 -> -977 | S48: =+IFERROR(IF(P48*Q48<0,"n.m.",IF(P48/Q48-1>100%,">100%",P48/Q48-1)),"n.m.") -> >100%
C49: Changes in Share capital and Share premium reserve | D49: 0 | E49: -1193 | F49: 0 | H49: =+L49+K49+J49+I49 -> 0 | I49: 0 | J49: 0 | K49: 0 | L49: 0 | N49: =+IFERROR(IF(D49*J49<0,"n.m.",IF(D49/J49-1>100%,">100%",D49/J49-1)),"n.m.") -> n.m. | P49: =F49+E49+D49 -> -1193 | Q49: =L49+K49+J49 -> 0 | S49: =+IFERROR(IF(P49*Q49<0,"n.m.",IF(P49/Q49-1>100%,">100%",P49/Q49-1)),"n.m.") -> n.m.
C50: Other changes in interest-bearing current liabilities | D50: -4 | E50: -2 | F50: -1 | H50: =+L50+K50+J50+I50 -> -5 | I50: 0 | J50: -2 | K50: -1 | L50: -2 | N50: =+IFERROR(IF(D50*J50<0,"n.m.",IF(D50/J50-1>100%,">100%",D50/J50-1)),"n.m.") -> 1 | P50: =F50+E50+D50 -> -7 | Q50: =L50+K50+J50 -> -5 | S50: =+IFERROR(IF(P50*Q50<0,"n.m.",IF(P50/Q50-1>100%,">100%",P50/Q50-1)),"n.m.") -> 0.4
C51: Net cash flow from continuing financing activities | D51: =D42+D43+D44+D45+D46+D47+D48+D49+D50 -> -276 | E51: =E42+E43+E44+E45+E46+E47+E48+E49+E50 -> -1527 | F51: =F42+F43+F44+F45+F46+F47+F48+F49+F50 -> -884 | H51: =+L51+K51+J51+I51 -> -1496 | I51: =+I42+I43+I44+I46+I47+I48+I49+I50+I45 -> 28 | J51: =+J42+J43+J44+J46+J47+J48+J49+J50+J45 -> -331 | K51: =+K42+K43+K44+K46+K47+K48+K49+K50+K45 -> -1196 | L51: =+L42+L43+L44+L46+L47+L48+L49+L50+L45 -> 3 | N51: =+IFERROR(IF(D51*J51<0,"n.m.",IF(D51/J51-1>100%,">100%",D51/J51-1)),"n.m.") -> -0.16616314 | P51: =F51+E51+D51 -> -2687 | Q51: =L51+K51+J51 -> -1524 | S51: =+IFERROR(IF(P51*Q51<0,"n.m.",IF(P51/Q51-1>100%,">100%",P51/Q51-1)),"n.m.") -> 0.76312336
C52: Net cash flow from discontinued financing activities | D52: 0 | E52: 0 | F52: 0 | H52: =+L52+K52+J52+I52 -> 0 | I52: 0 | J52: 0 | K52: 0 | L52: 0 | N52: =+IFERROR(IF(D52*J52<0,"n.m.",IF(D52/J52-1>100%,">100%",D52/J52-1)),"n.m.") -> n.m. | P52: =F52+E52+D52 -> 0 | Q52: =L52+K52+J52 -> 0 | S52: =+IFERROR(IF(P52*Q52<0,"n.m.",IF(P52/Q52-1>100%,">100%",P52/Q52-1)),"n.m.") -> n.m.
C54: Total net cash flow from continuing operations | D54: -93 | E54: =E27+E39+E51 -> -965 | F54: =F27+F39+F51 -> -840 | H54: =+H27+H39+H51 -> -346 | I54: =+I27+I39+I51 -> 726 | J54: =+J27+J39+J51 -> -237 | K54: =+K27+K39+K51 -> -1013 | L54: =+L27+L39+L51 -> 178 | N54: =+IFERROR(IF(D54*J54<0,"n.m.",IF(D54/J54-1>100%,">100%",D54/J54-1)),"n.m.") -> -0.60759494 | P54: =F54+E54+D54 -> -1898 | Q54: =L54+K54+J54 -> -1072 | S54: =+IFERROR(IF(P54*Q54<0,"n.m.",IF(P54/Q54-1>100%,">100%",P54/Q54-1)),"n.m.") -> 0.77052239
C55: Total net cash flow from discontinued operations | D55: -3 | E55: -1 | F55: 1186 | H55: =+H28+H40+H52 -> -25 | I55: =+I28+I40+I52 -> -35 | J55: =+J28+J40+J52 -> 31 | K55: =+K28+K40+K52 -> -21 | L55: =+L28+L40+L52 -> 0 | N55: =+IFERROR(IF(D55*J55<0,"n.m.",IF(D55/J55-1>100%,">100%",D55/J55-1)),"n.m.") -> n.m. | P55: =F55+E55+D55 -> 1182 | Q55: =L55+K55+J55 -> 10 | S55: =+IFERROR(IF(P55*Q55<0,"n.m.",IF(P55/Q55-1>100%,">100%",P55/Q55-1)),"n.m.") -> >100%
C56: Total net cash flow (changes in cash and cash equivalents) | D56: =D54+D55 -> -96 | E56: =E54+E55 -> -966 | F56: =F54+F55 -> 346 | H56: =+L56+K56+J56+I56 -> -371 | I56: =I54+I55 -> 691 | J56: =J54+J55 -> -206 | K56: =K54+K55 -> -1034 | L56: =L54+L55 -> 178 | N56: =+IFERROR(IF(D56*J56<0,"n.m.",IF(D56/J56-1>100%,">100%",D56/J56-1)),"n.m.") -> -0.53398058 | P56: =F56+E56+D56 -> -716 | Q56: =L56+K56+J56 -> -1062 | S56: =+IFERROR(IF(P56*Q56<0,"n.m.",IF(P56/Q56-1>100%,">100%",P56/Q56-1)),"n.m.") -> -0.32580038
C58: Net cash at beginning of period | D58: =E61 -> 955 | E58: =F61 -> 1920 | F58: =H61 -> 1575 | H58: =L58 -> 1945 | I58: =+J61 -> 883 | J58: =+K61 -> 1089 | K58: =+L61 -> 2124 | L58: 1945 | N58: =+IFERROR(IF(D58*J58<0,"n.m.",IF(D58/J58-1>100%,">100%",D58/J58-1)),"n.m.") -> -0.12304867 | P58: =F58 -> 1575 | Q58: =H58 -> 1945 | S58: =+IFERROR(IF(P58*Q58<0,"n.m.",IF(P58/Q58-1>100%,">100%",P58/Q58-1)),"n.m.") -> -0.19023136
C59: Changes in cash | D59: -96 | E59: -966 | F59: =F56 -> 346 | H59: =+L59+K59+J59+I59 -> -371 | I59: =I56 -> 691 | J59: =J56 -> -206 | K59: =+K56 -> -1034 | L59: =+L56 -> 178 | N59: =+IFERROR(IF(D59*J59<0,"n.m.",IF(D59/J59-1>100%,">100%",D59/J59-1)),"n.m.") -> -0.53398058 | P59: =F59+E59+D59 -> -716 | Q59: =L59+K59+J59 -> -1062 | S59: =+IFERROR(IF(P59*Q59<0,"n.m.",IF(P59/Q59-1>100%,">100%",P59/Q59-1)),"n.m.") -> -0.32580038
C60: Exchange rate difference | D60: 0 | E60: 1 | F60: -1 | H60: =+L60+K60+J60+I60 -> 1 | I60: 1 | J60: 0 | K60: -1 | L60: 1 | N60: =+IFERROR(IF(D60*J60<0,"n.m.",IF(D60/J60-1>100%,">100%",D60/J60-1)),"n.m.") -> n.m. | P60: =F60+E60+D60 -> 0 | Q60: =L60+K60+J60 -> 0 | S60: =+IFERROR(IF(P60*Q60<0,"n.m.",IF(P60/Q60-1>100%,">100%",P60/Q60-1)),"n.m.") -> n.m.
C61: Net cash at end of period | D61: =D58+D59+D60 -> 859 | E61: =E58+E59+E60 -> 955 | F61: =F58+F59+F60 -> 1920 | H61: =H58+H59+H60 -> 1575 | I61: =+I58+I59+I60 -> 1575 | J61: =+J58+J59+J60 -> 883 | K61: =+K58+K59+K60 -> 1089 | L61: =+L58+L59+L60 -> 2124 | N61: =+IFERROR(IF(D61*J61<0,"n.m.",IF(D61/J61-1>100%,">100%",D61/J61-1)),"n.m.") -> -0.027180068 | P61: =P58+P59+P60 -> 859 | Q61: =Q58+Q59+Q60 -> 883 | S61: =+IFERROR(IF(P61*Q61<0,"n.m.",IF(P61/Q61-1>100%,">100%",P61/Q61-1)),"n.m.") -> -0.027180068
C62: Bank overdrafts | D62: 0 | E62: 5 | F62: 5 | H62: =I62 -> 4 | I62: 4 | J62: 24 | K62: 12 | L62: 14 | N62: =+IFERROR(IF(D62*J62<0,"n.m.",IF(D62/J62-1>100%,">100%",D62/J62-1)),"n.m.") -> -1 | P62: =D62 -> 0 | Q62: =J62 -> 24 | S62: =+IFERROR(IF(P62*Q62<0,"n.m.",IF(P62/Q62-1>100%,">100%",P62/Q62-1)),"n.m.") -> -1
C63: Cash classified as held for sale | D63: 0 | E63: 0 | F63: 0 | H63: =I63 -> -133 | I63: -133 | J63: -82 | K63: -51 | L63: 0 | N63: =+IFERROR(IF(D63*J63<0,"n.m.",IF(D63/J63-1>100%,">100%",D63/J63-1)),"n.m.") -> -1 | P63: =F63+E63+D63 -> 0 | Q63: =J63 -> -82 | S63: =+IFERROR(IF(P63*Q63<0,"n.m.",IF(P63/Q63-1>100%,">100%",P63/Q63-1)),"n.m.") -> -1
C64: Cash at end of period | D64: =D61+D62+D63 -> 859 | E64: =E61+E62+E63 -> 960 | F64: =F61+F62+F63 -> 1925 | H64: =H61+H62+H63 -> 1446 | I64: =+I61+I62+I63 -> 1446 | J64: =+J61+J62+J63 -> 825 | K64: =+K61+K62+K63 -> 1050 | L64: =+L61+L62+L63 -> 2138 | N64: =+IFERROR(IF(D64*J64<0,"n.m.",IF(D64/J64-1>100%,">100%",D64/J64-1)),"n.m.") -> 0.041212121 | P64: =P61+P62+P63 -> 859 | Q64: =Q61+Q62+Q63 -> 825 | S64: =+IFERROR(IF(P64*Q64<0,"n.m.",IF(P64/Q64-1>100%,">100%",P64/Q64-1)),"n.m.") -> 0.041212121
C66: Cash flow from continuing operating activities | D66: =D27 -> 403 | E66: =E27 -> 566 | F66: 278 | H66: =+L66+K66+J66+I66 -> 1996 | I66: =I27 -> 577 | J66: =J27 -> 518 | K66: =K27 -> 537 | L66: =L27 -> 364 | N66: =+IFERROR(IF(D66*J66<0,"n.m.",IF(D66/J66-1>100%,">100%",D66/J66-1)),"n.m.") -> -0.22200772 | P66: =F66+E66+D66 -> 1247 | Q66: =L66+K66+J66 -> 1419 | S66: =+IFERROR(IF(P66*Q66<0,"n.m.",IF(P66/Q66-1>100%,">100%",P66/Q66-1)),"n.m.") -> -0.12121212
C67: Capital expenditures from continuing operations | D67: =D35 -> -265 | E67: =E35 -> -312 | F67: -318 | H67: =+L67+K67+J67+I67 -> -1300 | I67: -355 | J67: =-J85 -> -305 | K67: =-K85 -> -306 | L67: =-L85 -> -334 | N67: =+IFERROR(IF(D67*J67<0,"n.m.",IF(D67/J67-1>100%,">100%",D67/J67-1)),"n.m.") -> -0.13114754 | P67: =F67+E67+D67 -> -895 | Q67: =L67+K67+J67 -> -945 | S67: =+IFERROR(IF(P67*Q67<0,"n.m.",IF(P67/Q67-1>100%,">100%",P67/Q67-1)),"n.m.") -> -0.052910053
C68: Proceeds from real estate from continuing operations | D68: 8 | E68: 0 | F68: 0 | H68: =+L68+K68+J68+I68 -> 2 | I68: 1 | J68: 0 | K68: 1 | L68: 0 | N68: =+IFERROR(IF(D68*J68<0,"n.m.",IF(D68/J68-1>100%,">100%",D68/J68-1)),"n.m.") -> n.m. | P68: =F68+E68+D68 -> 8 | Q68: =L68+K68+J68 -> 1 | S68: =+IFERROR(IF(P68*Q68<0,"n.m.",IF(P68/Q68-1>100%,">100%",P68/Q68-1)),"n.m.") -> >100%
C69: Free cash flow from continuing operations | D69: =D66+D67+D68 -> 146 | E69: =E66+E67+E68 -> 254 | F69: =F66+F67+F68 -> -40 | H69: =+L69+K69+J69+I69 -> 698 | I69: =+I66+I67+I68 -> 223 | J69: =+J66+J67+J68 -> 213 | K69: =+K66+K67+K68 -> 232 | L69: =+L66+L67+L68 -> 30 | N69: =+IFERROR(IF(D69*J69<0,"n.m.",IF(D69/J69-1>100%,">100%",D69/J69-1)),"n.m.") -> -0.31455399 | P69: =F69+E69+D69 -> 360 | Q69: =L69+K69+J69 -> 475 | S69: =+IFERROR(IF(P69*Q69<0,"n.m.",IF(P69/Q69-1>100%,">100%",P69/Q69-1)),"n.m.") -> -0.24210526
B72: 1 Unless stated otherwise
B73: 2 Excluding changes in deferred taxes
C76: Consolidated figures | D76: Q3 '16 | E76: Q2 '16 | F76: =F2 -> Q1 '16 | H76: =+H2 -> 2015 | I76: Q4 '15 | J76: =+J2 -> Q3 '15 | K76: =+K2 -> Q2 '15 | L76: =+L2 -> Q1 '15 | N76: =+N2 -> y-on-y | P76: YTD '16 | Q76: YTD '15 | S76: y-on-y
C77: Capex | N77: =+N3 -> Q3% | S77: YTD%
C79: The Netherlands | D79: 264 | E79: 310 | F79: 317 | H79: 1285 | I79: 348 | J79: 301 | K79: 304 | L79: 332 | N79: -0.12292359 | P79: 891 | Q79: 937 | S79: -0.04909285
C81: iBasis | D81: 1 | E81: 2 | F81: 1 | H81: =+L81+K81+J81+I81 -> 11 | I81: 6 | J81: 3 | K81: 1 | L81: 1 | N81: =+IFERROR(IF(D81*J81<0,"n.m.",IF(D81/J81-1>100%,">100%",D81/J81-1)),"n.m.") -> -0.66666667 | P81: =F81+E81+D81 -> 4 | Q81: =L81+K81+J81 -> 5 | S81: =+IFERROR(IF(P81*Q81<0,"n.m.",IF(P81/Q81-1>100%,">100%",P81/Q81-1)),"n.m.") -> -0.2
C83: Other activities | D83: 0 | E83: 0 | F83: 0 | H83: =+L83+K83+J83+I83 -> 4 | I83: 1 | J83: 1 | K83: 1 | L83: 1 | N83: =+IFERROR(IF(D83*J83<0,"n.m.",IF(D83/J83-1>100%,">100%",D83/J83-1)),"n.m.") -> -1 | P83: =F83+E83+D83 -> 0 | Q83: =L83+K83+J83 -> 3 | S83: =+IFERROR(IF(P83*Q83<0,"n.m.",IF(P83/Q83-1>100%,">100%",P83/Q83-1)),"n.m.") -> -1
C85: Total Capex | D85: =D79+D81+D83 -> 265 | E85: =E79+E81+E83 -> 312 | F85: =F79+F81+F83 -> 318 | H85: =H83+H81+H79 -> 1300 | I85: =I83+I81+I79 -> 355 | J85: =J83+J81+J79 -> 305 | K85: =K83+K81+K79 -> 306 | L85: =L83+L81+L79 -> 334 | N85: =+IFERROR(IF(D85*J85<0,"n.m.",IF(D85/J85-1>100%,">100%",D85/J85-1)),"n.m.") -> -0.13114754 | P85: =F85+E85+D85 -> 895 | Q85: =L85+K85+J85 -> 945 | S85: =+IFERROR(IF(P85*Q85<0,"n.m.",IF(P85/Q85-1>100%,">100%",P85/Q85-1)),"n.m.") -> -0.052910053
C90: Consolidated figures | D90: Q3 '16 | E90: Q2 '16 | F90: =F2 -> Q1 '16 | H90: =+H76 -> 2015 | I90: Q4 '15 | J90: =+J76 -> Q3 '15 | K90: =+K76 -> Q2 '15 | L90: =+L76 -> Q1 '15 | P90: YTD '16 | Q90: YTD '15
C91: Capex / Adjusted revenues
C93: The Netherlands | D93: =+IFERROR(IF(D79*Revenues!D31<0,"n.m.",IF(D79/Revenues!D31>100%,">100%",D79/Revenues!D31)),"n.m.") -> 0.17391304 | E93: =+IFERROR(IF(E79*Revenues!E31<0,"n.m.",IF(E79/Revenues!E31>100%,">100%",E79/Revenues!E31)),"n.m.") -> 0.20861373 | F93: =+IFERROR(IF(F79*Revenues!F31<0,"n.m.",IF(F79/Revenues!F31>100%,">100%",F79/Revenues!F31)),"n.m.") -> 0.21091151 | H93: =+IFERROR(IF(H79*Revenues!H31<0,"n.m.",IF(H79/Revenues!H31>100%,">100%",H79/Revenues!H31)),"n.m.") -> 0.20819831 | I93: =+IFERROR(IF(I79*Revenues!I31<0,"n.m.",IF(I79/Revenues!I31>100%,">100%",I79/Revenues!I31)),"n.m.") -> 0.22466107 | J93: =+IFERROR(IF(J79*Revenues!J31<0,"n.m.",IF(J79/Revenues!J31>100%,">100%",J79/Revenues!J31)),"n.m.") -> 0.19444444 | K93: =+IFERROR(IF(K79*Revenues!K31<0,"n.m.",IF(K79/Revenues!K31>100%,">100%",K79/Revenues!K31)),"n.m.") -> 0.19714656 | L93: =+IFERROR(IF(L79*Revenues!L31<0,"n.m.",IF(L79/Revenues!L31>100%,">100%",L79/Revenues!L31)),"n.m.") -> 0.21656882 | P93: =+IFERROR(IF(P79*Revenues!P31<0,"n.m.",IF(P79/Revenues!P31>100%,">100%",P79/Revenues!P31)),"n.m.") -> 0.19769248 | Q93: =+IFERROR(IF(Q79*Revenues!Q31<0,"n.m.",IF(Q79/Revenues!Q31>100%,">100%",Q79/Revenues!Q31)),"n.m.") -> 0.20268224
C95: iBasis | D95: =+IFERROR(IF(D81*Revenues!D33<0,"n.m.",IF(D81/Revenues!D33>100%,">100%",D81/Revenues!D33)),"n.m.") -> 0.0044642857 | E95: =+IFERROR(IF(E81*Revenues!E33<0,"n.m.",IF(E81/Revenues!E33>100%,">100%",E81/Revenues!E33)),"n.m.") -> 0.0091743119 | F95: =+IFERROR(IF(F81*Revenues!F33<0,"n.m.",IF(F81/Revenues!F33>100%,">100%",F81/Revenues!F33)),"n.m.") -> 0.0046511628 | H95: =+IFERROR(IF(H81*Revenues!H33<0,"n.m.",IF(H81/Revenues!H33>100%,">100%",H81/Revenues!H33)),"n.m.") -> 0.011956522 | I95: =+IFERROR(IF(I81*Revenues!I33<0,"n.m.",IF(I81/Revenues!I33>100%,">100%",I81/Revenues!I33)),"n.m.") -> 0.027522936 | J95: =+IFERROR(IF(J81*Revenues!J33<0,"n.m.",IF(J81/Revenues!J33>100%,">100%",J81/Revenues!J33)),"n.m.") -> 0.012448133 | K95: =+IFERROR(IF(K81*Revenues!K33<0,"n.m.",IF(K81/Revenues!K33>100%,">100%",K81/Revenues!K33)),"n.m.") -> 0.0042735043 | L95: =+IFERROR(IF(L81*Revenues!L33<0,"n.m.",IF(L81/Revenues!L33>100%,">100%",L81/Revenues!L33)),"n.m.") -> 0.0044052863 | P95: =+IFERROR(IF(P81*Revenues!P33<0,"n.m.",IF(P81/Revenues!P33>100%,">100%",P81/Revenues!P33)),"n.m.") -> 0.0060882801 | Q95: =+IFERROR(IF(Q81*Revenues!Q33<0,"n.m.",IF(Q81/Revenues!Q33>100%,">100%",Q81/Revenues!Q33)),"n.m.") -> 0.0071225071
C97: Other activities | D97: 0 | E97: 0 | F97: =+IFERROR(IF(F83*Revenues!F35<0,"n.m.",IF(F83/Revenues!F35>100%,">100%",F83/Revenues!F35)),"n.m.") -> 0 | H97: =+IFERROR(IF(H83*Revenues!H35<0,"n.m.",IF(H83/Revenues!H35>100%,">100%",H83/Revenues!H35)),"n.m.") -> 0.11428571 | I97: =+IFERROR(IF(I83*Revenues!I35<0,"n.m.",IF(I83/Revenues!I35>100%,">100%",I83/Revenues!I35)),"n.m.") -> 0.33333333 | J97: =+IFERROR(IF(J83*Revenues!J35<0,"n.m.",IF(J83/Revenues!J35>100%,">100%",J83/Revenues!J35)),"n.m.") -> 0.33333333 | K97: =+IFERROR(IF(K83*Revenues!K35<0,"n.m.",IF(K83/Revenues!K35>100%,">100%",K83/Revenues!K35)),"n.m.") -> 0.5 | L97: =+IFERROR(IF(L83*Revenues!L35<0,"n.m.",IF(L83/Revenues!L35>100%,">100%",L83/Revenues!L35)),"n.m.") -> 0.037037037 | P97: =+IFERROR(IF(P83*Revenues!P35<0,"n.m.",IF(P83/Revenues!P35>100%,">100%",P83/Revenues!P35)),"n.m.") -> 0 | Q97: =+IFERROR(IF(Q83*Revenues!Q35<0,"n.m.",IF(Q83/Revenues!Q35>100%,">100%",Q83/Revenues!Q35)),"n.m.") -> 0.09375
C99: Total | D99: =+IFERROR(IF(D85*Revenues!D39<0,"n.m.",IF(D85/Revenues!D39>100%,">100%",D85/Revenues!D39)),"n.m.") -> 0.15488019 | E99: =+IFERROR(IF(E85*Revenues!E39<0,"n.m.",IF(E85/Revenues!E39>100%,">100%",E85/Revenues!E39)),"n.m.") -> 0.18615752 | F99: =+IFERROR(IF(F85*Revenues!F39<0,"n.m.",IF(F85/Revenues!F39>100%,">100%",F85/Revenues!F39)),"n.m.") -> 0.18827709 | H99: =+IFERROR(IF(H85*Revenues!H39<0,"n.m.",IF(H85/Revenues!H39>100%,">100%",H85/Revenues!H39)),"n.m.") -> 0.18523796 | I99: =+IFERROR(IF(I85*Revenues!I39<0,"n.m.",IF(I85/Revenues!I39>100%,">100%",I85/Revenues!I39)),"n.m.") -> 0.2034384 | J99: =+IFERROR(IF(J85*Revenues!J39<0,"n.m.",IF(J85/Revenues!J39>100%,">100%",J85/Revenues!J39)),"n.m.") -> 0.17290249 | K99: =+IFERROR(IF(K85*Revenues!K39<0,"n.m.",IF(K85/Revenues!K39>100%,">100%",K85/Revenues!K39)),"n.m.") -> 0.17475728 | L99: =+IFERROR(IF(L85*Revenues!L39<0,"n.m.",IF(L85/Revenues!L39>100%,">100%",L85/Revenues!L39)),"n.m.") -> 0.18998862 | P99: =+IFERROR(IF(P85*Revenues!P39<0,"n.m.",IF(P85/Revenues!P39>100%,">100%",P85/Revenues!P39)),"n.m.") -> 0.17631994 | Q99: =+IFERROR(IF(Q85*Revenues!Q39<0,"n.m.",IF(Q85/Revenues!Q39>100%,">100%",Q85/Revenues!Q39)),"n.m.") -> 0.17921487
C104: Consolidated figures | D104: Q3 '16 | E104: Q2 '16 | F104: =F2 -> Q1 '16 | H104: =+H90 -> 2015 | I104: Q4 '15 | J104: =+J90 -> Q3 '15 | K104: =+K90 -> Q2 '15 | L104: =+L90 -> Q1 '15 | N104: y-on-y | P104: YTD '16 | Q104: YTD '15 | S104: y-on-y
C105: Balance sheet | N105: =N77 -> Q3% | S105: YTD%
C107: Goodwill | D107: 1426 | E107: 1415 | F107: 1388 | H107: =+I107 -> 1428 | I107: 1428 | J107: 1410 | K107: 1351 | L107: 1447 | N107: =+IFERROR(IF(D107*J107<0,"n.m.",IF(D107/J107-1>100%,">100%",D107/J107-1)),"n.m.") -> 0.011347518 | P107: =D107 -> 1426 | Q107: =J107 -> 1410 | S107: =+IFERROR(IF(P107*Q107<0,"n.m.",IF(P107/Q107-1>100%,">100%",P107/Q107-1)),"n.m.") -> 0.011347518
C108: Licences | D108: 1073 | E108: 1108 | F108: 1144 | H108: =+I108 -> 1180 | I108: 1180 | J108: 1215 | K108: 1251 | L108: 1523 | N108: =+IFERROR(IF(D108*J108<0,"n.m.",IF(D108/J108-1>100%,">100%",D108/J108-1)),"n.m.") -> -0.11687243 | P108: =D108 -> 1073 | Q108: =J108 -> 1215 | S108: =+IFERROR(IF(P108*Q108<0,"n.m.",IF(P108/Q108-1>100%,">100%",P108/Q108-1)),"n.m.") -> -0.11687243
C109: Software1 | D109: 489 | E109: 505 | F109: 515 | H109: =+I109 -> 556 | I109: 556 | J109: 529 | K109: 554 | L109: 644 | N109: =+IFERROR(IF(D109*J109<0,"n.m.",IF(D109/J109-1>100%,">100%",D109/J109-1)),"n.m.") -> -0.075614367 | P109: =D109 -> 489 | Q109: =J109 -> 529 | S109: =+IFERROR(IF(P109*Q109<0,"n.m.",IF(P109/Q109-1>100%,">100%",P109/Q109-1)),"n.m.") -> -0.075614367
C110: Other intangibles | D110: 274 | E110: 284 | F110: 280 | H110: =+I110 -> 286 | I110: 286 | J110: 290 | K110: 275 | L110: 289 | N110: =+IFERROR(IF(D110*J110<0,"n.m.",IF(D110/J110-1>100%,">100%",D110/J110-1)),"n.m.") -> -0.055172414 | P110: =D110 -> 274 | Q110: =J110 -> 290 | S110: =+IFERROR(IF(P110*Q110<0,"n.m.",IF(P110/Q110-1>100%,">100%",P110/Q110-1)),"n.m.") -> -0.055172414
C111: Property, plant and equipment | D111: 6032 | E111: 6081 | F111: 6031 | H111: =+I111 -> 6001 | I111: 6001 | J111: 6043 | K111: 6064 | L111: 6603 | N111: =+IFERROR(IF(D111*J111<0,"n.m.",IF(D111/J111-1>100%,">100%",D111/J111-1)),"n.m.") -> -0.0018202879 | P111: =D111 -> 6032 | Q111: =J111 -> 6043 | S111: =+IFERROR(IF(P111*Q111<0,"n.m.",IF(P111/Q111-1>100%,">100%",P111/Q111-1)),"n.m.") -> -0.0018202879
C112: Other non-current assets | D112: 3254 | E112: 3297 | F112: 3768 | H112: =+I112 -> 4014 | I112: 4014 | J112: 4950 | K112: 4914 | L112: 5095 | N112: =+IFERROR(IF(D112*J112<0,"n.m.",IF(D112/J112-1>100%,">100%",D112/J112-1)),"n.m.") -> -0.34262626 | P112: =D112 -> 3254 | Q112: =J112 -> 4950 | S112: =+IFERROR(IF(P112*Q112<0,"n.m.",IF(P112/Q112-1>100%,">100%",P112/Q112-1)),"n.m.") -> -0.34262626
C113: Current assets | D113: 1767 | E113: 1960 | F113: 3306 | H113: =+I113 -> 3024 | I113: 3024 | J113: 2081 | K113: 2312 | L113: 3506 | N113: =+IFERROR(IF(D113*J113<0,"n.m.",IF(D113/J113-1>100%,">100%",D113/J113-1)),"n.m.") -> -0.150889 | P113: =D113 -> 1767 | Q113: =J113 -> 2081 | S113: =+IFERROR(IF(P113*Q113<0,"n.m.",IF(P113/Q113-1>100%,">100%",P113/Q113-1)),"n.m.") -> -0.150889
C114: - of which cash and cash equivalents | D114: 859 | E114: 960 | F114: 1925 | H114: =+I114 -> 1446 | I114: 1446 | J114: 825 | K114: 1050 | L114: 2138 | N114: =+IFERROR(IF(D114*J114<0,"n.m.",IF(D114/J114-1>100%,">100%",D114/J114-1)),"n.m.") -> 0.041212121 | P114: =D114 -> 859 | Q114: =J114 -> 825 | S114: =+IFERROR(IF(P114*Q114<0,"n.m.",IF(P114/Q114-1>100%,">100%",P114/Q114-1)),"n.m.") -> 0.041212121
C115: Non-current assets and disposal groups classified as held for sale | D115: 1 | E115: 1 | F115: 1 | H115: =+I115 -> 1308 | I115: 1308 | J115: 1262 | K115: 1214 | L115: 0 | N115: =+IFERROR(IF(D115*J115<0,"n.m.",IF(D115/J115-1>100%,">100%",D115/J115-1)),"n.m.") -> -0.99920761 | P115: =D115 -> 1 | Q115: =J115 -> 1262 | S115: =+IFERROR(IF(P115*Q115<0,"n.m.",IF(P115/Q115-1>100%,">100%",P115/Q115-1)),"n.m.") -> -0.99920761
C116: Total assets | D116: =D107+D108+D109+D110+D111+D112+D113+D115 -> 14316 | E116: =E107+E108+E109+E110+E111+E112+E113+E115 -> 14651 | F116: =F107+F108+F109+F110+F111+F112+F113+F115 -> 16433 | H116: =+I116 -> 17797 | I116: =I107+I108+I109+I110+I111+I112+I113+I115 -> 17797 | J116: =J107+J108+J109+J110+J111+J112+J113+J115 -> 17780 | K116: =K107+K108+K109+K110+K111+K112+K113+K115 -> 17935 | L116: =L107+L108+L109+L110+L111+L112+L113+L115 -> 19107 | N116: =+IFERROR(IF(D116*J116<0,"n.m.",IF(D116/J116-1>100%,">100%",D116/J116-1)),"n.m.") -> -0.19482565 | P116: =D116 -> 14316 | Q116: =J116 -> 17780 | S116: =+IFERROR(IF(P116*Q116<0,"n.m.",IF(P116/Q116-1>100%,">100%",P116/Q116-1)),"n.m.") -> -0.19482565
C118: Group equity2 | D118: 3220 | E118: 3448 | F118: 5148 | H118: =+I118 -> 5051 | I118: 5051 | J118: 5062 | K118: 5117 | L118: 5158 | N118: =+IFERROR(IF(D118*J118<0,"n.m.",IF(D118/J118-1>100%,">100%",D118/J118-1)),"n.m.") -> -0.36388779 | P118: =D118 -> 3220 | Q118: =J118 -> 5062 | S118: =+IFERROR(IF(P118*Q118<0,"n.m.",IF(P118/Q118-1>100%,">100%",P118/Q118-1)),"n.m.") -> -0.36388779
C119: Non-current liabilities | D119: 8583 | E119: 8409 | F119: 8472 | H119: =+I119 -> 9338 | I119: 9338 | J119: 9186 | K119: 9277 | L119: 9396 | N119: =+IFERROR(IF(D119*J119<0,"n.m.",IF(D119/J119-1>100%,">100%",D119/J119-1)),"n.m.") -> -0.06564337 | P119: =D119 -> 8583 | Q119: =J119 -> 9186 | S119: =+IFERROR(IF(P119*Q119<0,"n.m.",IF(P119/Q119-1>100%,">100%",P119/Q119-1)),"n.m.") -> -0.06564337
C120: - of which provisions | D120: 420 | E120: 406 | F120: 379 | H120: =+I120 -> 356 | I120: 356 | J120: 367 | K120: 345 | L120: 442 | N120: =+IFERROR(IF(D120*J120<0,"n.m.",IF(D120/J120-1>100%,">100%",D120/J120-1)),"n.m.") -> 0.14441417 | P120: =D120 -> 420 | Q120: =J120 -> 367 | S120: =+IFERROR(IF(P120*Q120<0,"n.m.",IF(P120/Q120-1>100%,">100%",P120/Q120-1)),"n.m.") -> 0.14441417
C121: Current liabilities3 | D121: 2513 | E121: 2794 | F121: 2813 | H121: =+I121 -> 3042 | I121: 3042 | J121: 3158 | K121: 3182 | L121: 4553 | N121: =+IFERROR(IF(D121*J121<0,"n.m.",IF(D121/J121-1>100%,">100%",D121/J121-1)),"n.m.") -> -0.20424319 | P121: =D121 -> 2513 | Q121: =J121 -> 3158 | S121: =+IFERROR(IF(P121*Q121<0,"n.m.",IF(P121/Q121-1>100%,">100%",P121/Q121-1)),"n.m.") -> -0.20424319
C122: Liabilities associated with assets held for sale | D122: 0 | E122: 0 | F122: 0 | H122: =+I122 -> 366 | I122: 366 | J122: 374 | K122: 359 | L122: 0 | N122: =+IFERROR(IF(D122*J122<0,"n.m.",IF(D122/J122-1>100%,">100%",D122/J122-1)),"n.m.") -> -1 | P122: =D122 -> 0 | Q122: =J122 -> 374 | S122: =+IFERROR(IF(P122*Q122<0,"n.m.",IF(P122/Q122-1>100%,">100%",P122/Q122-1)),"n.m.") -> -1
C123: Total equity and liabilities | D123: =D118+D119+D121+D122 -> 14316 | E123: =E118+E119+E121+E122 -> 14651 | F123: =F118+F119+F121+F122 -> 16433 | H123: =+I123 -> 17797 | I123: =I118+I119+I121+I122 -> 17797 | J123: =J118+J119+J121+J122 -> 17780 | K123: =K118+K119+K121+K122 -> 17935 | L123: =L118+L119+L121+L122 -> 19107 | N123: =+IFERROR(IF(D123*J123<0,"n.m.",IF(D123/J123-1>100%,">100%",D123/J123-1)),"n.m.") -> -0.19482565 | P123: =D123 -> 14316 | Q123: =J123 -> 17780 | S123: =+IFERROR(IF(P123*Q123<0,"n.m.",IF(P123/Q123-1>100%,">100%",P123/Q123-1)),"n.m.") -> -0.19482565
B126: 1 Including development costs software
B127: 2 Including minority interest
B128: 3 Current liabilities include bank overdrafts
C131: Debt summary | D131: Q3 '16 | E131: Q2 '16 | F131: =F2 -> Q1 '16 | H131: =+H2 -> 2015 | I131: Q4 '15 | J131: =+J2 -> Q3 '15 | K131: =+K2 -> Q2 '15 | L131: =+L2 -> Q1 '15 | N131: y-on-y | P131: YTD '16 | Q131: YTD '15 | S131: y-on-y
C132: in € bn | N132: =N105 -> Q3% | S132: YTD%
C134: Nominal debt | D134: 9.04 | E134: =E135+E136+E137+E138 -> 8.8 | F134: =F135+F136+F137+F138 -> 8.78 | H134: =I134 -> 9.59 | I134: =SUM(I135:I138) -> 9.59 | J134: =SUM(J135:J138) -> 9.59 | K134: =SUM(K135:K138) -> 9.59 | L134: =SUM(L135:L138) -> 10.59 | N134: =+IFERROR(IF(D134*J134<0,"n.m.",IF(D134/J134-1>100%,">100%",D134/J134-1)),"n.m.") -> -0.057351408 | P134: =D134 -> 9.04 | Q134: =J134 -> 9.59 | S134: =+IFERROR(IF(P134*Q134<0,"n.m.",IF(P134/Q134-1>100%,">100%",P134/Q134-1)),"n.m.") -> -0.057351408
C135: Eurobonds | D135: 6.13 | E135: 5.88 | F135: 5.87 | H135: =I135 -> 6.67 | I135: 6.67 | J135: 6.67 | K135: 6.67 | L135: 7.67 | N135: =+IFERROR(IF(D135*J135<0,"n.m.",IF(D135/J135-1>100%,">100%",D135/J135-1)),"n.m.") -> -0.08095952 | P135: =D135 -> 6.13 | Q135: =J135 -> 6.67 | S135: =+IFERROR(IF(P135*Q135<0,"n.m.",IF(P135/Q135-1>100%,">100%",P135/Q135-1)),"n.m.") -> -0.08095952
C136: Global bonds | D136: 0.76 | E136: 0.76 | F136: 0.76 | H136: =I136 -> 0.76 | I136: 0.76 | J136: 0.76 | K136: 0.76 | L136: 0.76 | N136: =+IFERROR(IF(D136*J136<0,"n.m.",IF(D136/J136-1>100%,">100%",D136/J136-1)),"n.m.") -> 0 | P136: =D136 -> 0.76 | Q136: =J136 -> 0.76 | S136: =+IFERROR(IF(P136*Q136<0,"n.m.",IF(P136/Q136-1>100%,">100%",P136/Q136-1)),"n.m.") -> 0
C137: Hybrid bonds | D137: 2.03 | E137: 2.03 | F137: 2.03 | H137: =I137 -> 2.03 | I137: 2.03 | J137: 2.03 | K137: 2.03 | L137: 2.03 | N137: =+IFERROR(IF(D137*J137<0,"n.m.",IF(D137/J137-1>100%,">100%",D137/J137-1)),"n.m.") -> 0 | P137: =D137 -> 2.03 | Q137: =J137 -> 2.03 | S137: =+IFERROR(IF(P137*Q137<0,"n.m.",IF(P137/Q137-1>100%,">100%",P137/Q137-1)),"n.m.") -> 0
...

Sheet FTE 
C2: Consolidated figures | D2: Q3 '16 | E2: ='P&L & Cash flow'!E2 -> Q2 '16 | F2: ='P&L & Cash flow'!F2 -> Q1 '16 | H2: =+'CF, Capex, BS & Debt sum'!H2 -> 2015 | I2: Q4 '15 | J2: =+'CF, Capex, BS & Debt sum'!J2 -> Q3 '15 | K2: =+'CF, Capex, BS & Debt sum'!K2 -> Q2 '15 | L2: =+'CF, Capex, BS & Debt sum'!L2 -> Q1 '15 | N2: =+'CF, Capex, BS & Debt sum'!N2 -> y-on-y
C3: FTE own personnel | N3: =+'CF, Capex, BS & Debt sum'!N3 -> Q3%
C5: KPN Group | D5: =D6+D7 -> 13705 | E5: =E6+E7 -> 13800 | F5: =F6+F7 -> 13961 | H5: =H6+H7 -> 14077 | I5: =I6+I7 -> 14077 | J5: =J6+J7 -> 14229 | K5: =K6+K7 -> 14283 | L5: =L6+L7 -> 14464 | N5: =+IFERROR(IF(D5*J5<0,"n.m.",IF(D5/J5-1>100%,">100%",D5/J5-1)),"n.m.") -> -0.0368262
C6: - KPN The Netherlands | D6: 13421 | E6: 13499 | F6: 13682 | H6: =I6 -> 13772 | I6: 13772 | J6: 13924 | K6: 13941 | L6: 14109 | N6: =+IFERROR(IF(D6*J6<0,"n.m.",IF(D6/J6-1>100%,">100%",D6/J6-1)),"n.m.") -> -0.036124677
C7: - KPN abroad | D7: 284 | E7: 301 | F7: 279 | H7: 305 | I7: 305 | J7: 305 | K7: 342 | L7: 355 | N7: =+IFERROR(IF(D7*J7<0,"n.m.",IF(D7/J7-1>100%,">100%",D7/J7-1)),"n.m.") -> -0.068852459

Sheet Growth analysis Q3
C2: Consolidated figures | D2: Q3 2016 | E2: Incidentals | G2: =+D2 -> Q3 2016 | I2: Q3 2015 | J2: =+E2 -> Incidentals | L2: =+I2 -> Q3 2015 | N2: Δ y-on-y | O2: Δ y-on-y
C3: Growth analysis - Revenues | D3: Reported | G3: Adjusted | I3: Reported | L3: Adjusted | N3: Reported | O3: Adjusted
C5: Consumer | D5: 802 | E5: 0 | G5: =D5-E5 -> 802 | I5: =+Revenues!J5 -> 790 | J5: 0 | L5: =+I5-J5 -> 790 | N5: =+IFERROR(IF(D5*I5<0,"n.m.",IF(D5/I5-1>100%,">100%",D5/I5-1)),"n.m.") -> 0.015189873 | O5: =+IFERROR(IF(G5*L5<0,"n.m.",IF(G5/L5-1>100%,">100%",G5/L5-1)),"n.m.") -> 0.015189873
C6: Business | D6: 569 | E6: 0 | G6: =D6-E6 -> 569 | I6: =+Revenues!J6 -> 612 | J6: 0 | L6: =+I6-J6 -> 612 | N6: =+IFERROR(IF(D6*I6<0,"n.m.",IF(D6/I6-1>100%,">100%",D6/I6-1)),"n.m.") -> -0.070261438 | O6: =+IFERROR(IF(G6*L6<0,"n.m.",IF(G6/L6-1>100%,">100%",G6/L6-1)),"n.m.") -> -0.070261438
C7: Wholesale | D7: 194 | E7: 7 | G7: =D7-E7 -> 187 | I7: =+Revenues!J7 -> 182 | J7: 0 | L7: =+I7-J7 -> 182 | N7: =+IFERROR(IF(D7*I7<0,"n.m.",IF(D7/I7-1>100%,">100%",D7/I7-1)),"n.m.") -> 0.065934066 | O7: =+IFERROR(IF(G7*L7<0,"n.m.",IF(G7/L7-1>100%,">100%",G7/L7-1)),"n.m.") -> 0.027472527
C8: Network, Operations & IT | D8: 5 | E8: 0 | G8: =D8-E8 -> 5 | I8: =+Revenues!J8 -> 4 | J8: 0 | L8: =+I8-J8 -> 4 | N8: =+IFERROR(IF(D8*I8<0,"n.m.",IF(D8/I8-1>100%,">100%",D8/I8-1)),"n.m.") -> 0.25 | O8: =+IFERROR(IF(G8*L8<0,"n.m.",IF(G8/L8-1>100%,">100%",G8/L8-1)),"n.m.") -> 0.25
C9: Other (incl. eliminations) | D9: -45 | E9: 0 | G9: =D9-E9 -> -45 | I9: =+Revenues!J9 -> -40 | J9: 0 | L9: =+I9-J9 -> -40 | N9: =+IFERROR(IF(D9*I9<0,"n.m.",IF(D9/I9-1>100%,">100%",D9/I9-1)),"n.m.") -> 0.125 | O9: =+IFERROR(IF(G9*L9<0,"n.m.",IF(G9/L9-1>100%,">100%",G9/L9-1)),"n.m.") -> 0.125
C10: The Netherlands | D10: =D5+D6+D7+D8+D9 -> 1525 | E10: =E5+E6+E7+E8+E9 -> 7 | G10: =D10-E10 -> 1518 | I10: =+Revenues!J10 -> 1548 | J10: =J5+J7+J6+J8+J9 -> 0 | L10: =+I10-J10 -> 1548 | N10: =+IFERROR(IF(D10*I10<0,"n.m.",IF(D10/I10-1>100%,">100%",D10/I10-1)),"n.m.") -> -0.014857881 | O10: =+IFERROR(IF(G10*L10<0,"n.m.",IF(G10/L10-1>100%,">100%",G10/L10-1)),"n.m.") -> -0.019379845
C12: iBasis | D12: 224 | E12: 0 | G12: =D12-E12 -> 224 | I12: =+Revenues!J12 -> 241 | J12: 0 | L12: =+I12-J12 -> 241 | N12: =+IFERROR(IF(D12*I12<0,"n.m.",IF(D12/I12-1>100%,">100%",D12/I12-1)),"n.m.") -> -0.070539419 | O12: =+IFERROR(IF(G12*L12<0,"n.m.",IF(G12/L12-1>100%,">100%",G12/L12-1)),"n.m.") -> -0.070539419
C14: Other activities | D14: 0 | E14: 0 | G14: =D14-E14 -> 0 | I14: =+Revenues!J14 -> 3 | J14: 0 | L14: =+I14-J14 -> 3 | N14: =+IFERROR(IF(D14*I14<0,"n.m.",IF(D14/I14-1>100%,">100%",D14/I14-1)),"n.m.") -> -1 | O14: =+IFERROR(IF(G14*L14<0,"n.m.",IF(G14/L14-1>100%,">100%",G14/L14-1)),"n.m.") -> -1
C16: Intercompany revenues | D16: -31 | E16: 0 | G16: =D16-E16 -> -31 | I16: =+Revenues!J16 -> -28 | J16: 0 | L16: =I16-J16 -> -28 | N16: =+IFERROR(IF(D16*I16<0,"n.m.",IF(D16/I16-1>100%,">100%",D16/I16-1)),"n.m.") -> 0.10714286 | O16: =+IFERROR(IF(G16*L16<0,"n.m.",IF(G16/L16-1>100%,">100%",G16/L16-1)),"n.m.") -> 0.10714286
C18: Total revenues | D18: =D10+D12+D14+D16 -> 1718 | E18: =E10+E12+E14+E16 -> 7 | G18: =D18-E18 -> 1711 | H18: =H10+H12+H14 -> 0 | I18: =+Revenues!J18 -> 1764 | J18: =J10+J12+J14 -> 0 | L18: =L10+L12+L14+L16 -> 1764 | N18: =+IFERROR(IF(D18*I18<0,"n.m.",IF(D18/I18-1>100%,">100%",D18/I18-1)),"n.m.") -> -0.026077098 | O18: =+IFERROR(IF(G18*L18<0,"n.m.",IF(G18/L18-1>100%,">100%",G18/L18-1)),"n.m.") -> -0.030045351
C23: Consolidated figures | D23: =+D2 -> Q3 2016 | E23: =+E2 -> Incidentals | F23: Restructuring | G23: =+G2 -> Q3 2016 | I23: =+I2 -> Q3 2015 | J23: =+J2 -> Incidentals | K23: Restructuring | L23: =+L2 -> Q3 2015 | N23: Δ y-on-y | O23: Δ y-on-y
C24: Growth analysis - EBITDA | D24: Reported | G24: Adjusted | I24: Reported | L24: Adjusted | N24: Reported | O24: Adjusted
C26: Consumer (contribution margin) | D26: 495 | E26: 0 | F26: -3 | G26: =D26-E26-F26 -> 498 | I26: =+EBITDA!J5 -> 477 | J26: 0 | K26: -5 | L26: =+I26-J26-K26 -> 482 | N26: =+IFERROR(IF(D26*I26<0,"n.m.",IF(D26/I26-1>100%,">100%",D26/I26-1)),"n.m.") -> 0.037735849 | O26: =+IFERROR(IF(G26*L26<0,"n.m.",IF(G26/L26-1>100%,">100%",G26/L26-1)),"n.m.") -> 0.033195021
C27: Business (contribution margin) | D27: 348 | E27: 6 | F27: -6 | G27: =D27-E27-F27 -> 348 | I27: =+EBITDA!J6 -> 380 | J27: 0 | K27: -5 | L27: =+I27-J27-K27 -> 385 | N27: =+IFERROR(IF(D27*I27<0,"n.m.",IF(D27/I27-1>100%,">100%",D27/I27-1)),"n.m.") -> -0.084210526 | O27: =+IFERROR(IF(G27*L27<0,"n.m.",IF(G27/L27-1>100%,">100%",G27/L27-1)),"n.m.") -> -0.096103896
C28: Wholesale (contribution margin) | D28: 134 | E28: 7 | F28: 0 | G28: =D28-E28-F28 -> 127 | I28: =+EBITDA!J7 -> 121 | J28: 0 | K28: -3 | L28: =+I28-J28-K28 -> 124 | N28: =+IFERROR(IF(D28*I28<0,"n.m.",IF(D28/I28-1>100%,">100%",D28/I28-1)),"n.m.") -> 0.10743802 | O28: =+IFERROR(IF(G28*L28<0,"n.m.",IF(G28/L28-1>100%,">100%",G28/L28-1)),"n.m.") -> 0.024193548
C29: Network, Operations & IT (cost center) | D29: -259 | E29: 0 | F29: -2 | G29: =D29-E29-F29 -> -257 | I29: =+EBITDA!J8 -> -295 | J29: 0 | K29: -1 | L29: =+I29-J29-K29 -> -294 | N29: =+IFERROR(IF(D29*I29<0,"n.m.",IF(D29/I29-1>100%,">100%",D29/I29-1)),"n.m.") -> -0.1220339 | O29: =+IFERROR(IF(G29*L29<0,"n.m.",IF(G29/L29-1>100%,">100%",G29/L29-1)),"n.m.") -> -0.12585034
C30: Other (incl. eliminations) | D30: -57 | E30: 0 | F30: 2 | G30: =D30-E30-F30 -> -59 | I30: =+EBITDA!J9 -> -77 | J30: 0 | K30: -10 | L30: =+I30-J30-K30 -> -67 | N30: =+IFERROR(IF(D30*I30<0,"n.m.",IF(D30/I30-1>100%,">100%",D30/I30-1)),"n.m.") -> -0.25974026 | O30: =+IFERROR(IF(G30*L30<0,"n.m.",IF(G30/L30-1>100%,">100%",G30/L30-1)),"n.m.") -> -0.11940299
C31: The Netherlands | D31: =D26+D27+D28+D29+D30 -> 661 | E31: =E26+E27+E28+E29+E30 -> 13 | F31: =F26+F27+F28+F29+F30 -> -9 | G31: =D31-E31-F31 -> 657 | I31: =+EBITDA!J10 -> 606 | J31: =J26+J28+J27+J29+J30 -> 0 | K31: =K26+K28+K27+K29+K30 -> -24 | L31: =+I31-J31-K31 -> 630 | N31: =+IFERROR(IF(D31*I31<0,"n.m.",IF(D31/I31-1>100%,">100%",D31/I31-1)),"n.m.") -> 0.090759076 | O31: =+IFERROR(IF(G31*L31<0,"n.m.",IF(G31/L31-1>100%,">100%",G31/L31-1)),"n.m.") -> 0.042857143
C33: iBasis | D33: 6 | E33: 0 | F33: 0 | G33: =D33-E33-F33 -> 6 | I33: =+EBITDA!J12 -> 6 | J33: 0 | K33: 0 | L33: =+I33-J33-K33 -> 6 | N33: =+IFERROR(IF(D33*I33<0,"n.m.",IF(D33/I33-1>100%,">100%",D33/I33-1)),"n.m.") -> 0 | O33: =+IFERROR(IF(G33*L33<0,"n.m.",IF(G33/L33-1>100%,">100%",G33/L33-1)),"n.m.") -> 0
C35: Other activities | D35: -2 | E35: 0 | F35: -1 | G35: =D35-E35-F35 -> -1 | I35: =+EBITDA!J14 -> -10 | J35: -6 | K35: -8 | L35: =+I35-J35-K35 -> 4 | N35: =+IFERROR(IF(D35*I35<0,"n.m.",IF(D35/I35-1>100%,">100%",D35/I35-1)),"n.m.") -> -0.8 | O35: =+IFERROR(IF(G35*L35<0,"n.m.",IF(G35/L35-1>100%,">100%",G35/L35-1)),"n.m.") -> n.m.
C37: Total EBITDA | D37: =D31+D33+D35 -> 665 | E37: =E31+E33+E35 -> 13 | F37: =F31+F33+F35 -> -10 | G37: =D37-E37-F37 -> 662 | H37: =H35+H33+H31 -> 0 | I37: =+EBITDA!J16 -> 602 | J37: =J35+J33+J31 -> -6 | K37: =K35+K33+K31 -> -32 | L37: =L35+L33+L31 -> 640 | N37: =+IFERROR(IF(D37*I37<0,"n.m.",IF(D37/I37-1>100%,">100%",D37/I37-1)),"n.m.") -> 0.10465116 | O37: =+IFERROR(IF(G37*L37<0,"n.m.",IF(G37/L37-1>100%,">100%",G37/L37-1)),"n.m.") -> 0.034375
C42: Consolidated figures | D42: =+D23 -> Q3 2016 | G42: =+G23 -> Q3 2016 | I42: =+I23 -> Q3 2015 | L42: =+L23 -> Q3 2015
C43: Growth analysis - EBITDA margin | D43: Reported | G43: Adjusted | I43: Reported | L43: Adjusted
C45: Consumer (contribution margin) | D45: =D26/D5 -> 0.61720698 | G45: =G26/G5 -> 0.62094763 | I45: =I26/I5 -> 0.60379747 | L45: =L26/L5 -> 0.61012658
C46: Business (contribution margin) | D46: =D27/D6 -> 0.6115993 | G46: =G27/G6 -> 0.6115993 | I46: =I27/I6 -> 0.62091503 | L46: =L27/L6 -> 0.62908497
C47: Wholesale (contribution margin) | D47: =D28/D7 -> 0.69072165 | G47: =G28/G7 -> 0.67914439 | I47: =I28/I7 -> 0.66483516 | L47: =L28/L7 -> 0.68131868
C48: Network, Operations & IT (cost center) | D48: n.m. | G48: n.m. | I48: n.m. | L48: n.m.
C49: Other (incl. eliminations) | D49: n.m. | G49: n.m. | I49: n.m. | L49: n.m.
C50: The Netherlands | D50: =D31/D10 -> 0.43344262 | G50: =G31/G10 -> 0.43280632 | I50: =I31/I10 -> 0.39147287 | L50: =L31/L10 -> 0.40697674
C52: iBasis | D52: =D33/D12 -> 0.026785714 | G52: =G33/G12 -> 0.026785714 | I52: =I33/I12 -> 0.024896266 | L52: =L33/L12 -> 0.024896266
C54: Other activities | D54: n.m. | G54: n.m. | I54: n.m. | L54: n.m.
C56: Total EBITDA margin | D56: =D37/D18 -> 0.387078 | G56: =G37/G18 -> 0.38690824 | I56: =I37/I18 -> 0.34126984 | L56: =L37/L18 -> 0.36281179

Sheet Growth analysis YTD
C2: Consolidated figures | D2: YTD 2016 | E2: Incidentals | G2: =+D2 -> YTD 2016 | I2: YTD 2015 | J2: =+E2 -> Incidentals | L2: =+I2 -> YTD 2015 | N2: Δ y-on-y | O2: Δ y-on-y
C3: Growth analysis - Revenues | D3: Reported | G3: Adjusted | I3: Reported | L3: Adjusted | N3: Reported | O3: Adjusted
C5: Consumer | D5: ='Growth analysis Q1'!D5+'Growth analysis Q2'!D5+'Growth analysis Q3'!D5 -> 2340 | E5: ='Growth analysis Q1'!E5+'Growth analysis Q2'!E5+'Growth analysis Q3'!E5 -> 0 | G5: =D5-E5 -> 2340 | I5: ='Growth analysis Q1'!I5+'Growth analysis Q2'!I5+'Growth analysis Q3'!I5 -> 2314 | J5: ='Growth analysis Q1'!J5+'Growth analysis Q2'!J5+'Growth analysis Q3'!J5 -> 0 | L5: =+I5-J5 -> 2314 | N5: =+IFERROR(IF(D5*I5<0,"n.m.",IF(D5/I5-1>100%,">100%",D5/I5-1)),"n.m.") -> 0.011235955 | O5: =+IFERROR(IF(G5*L5<0,"n.m.",IF(G5/L5-1>100%,">100%",G5/L5-1)),"n.m.") -> 0.011235955
C6: Business | D6: ='Growth analysis Q1'!D6+'Growth analysis Q2'!D6+'Growth analysis Q3'!D6 -> 1731 | E6: ='Growth analysis Q1'!E6+'Growth analysis Q2'!E6+'Growth analysis Q3'!E6 -> 0 | G6: =D6-E6 -> 1731 | I6: ='Growth analysis Q1'!I6+'Growth analysis Q2'!I6+'Growth analysis Q3'!I6 -> 1852 | J6: ='Growth analysis Q1'!J6+'Growth analysis Q2'!J6+'Growth analysis Q3'!J6 -> -10 | L6: =+I6-J6 -> 1862 | N6: =+IFERROR(IF(D6*I6<0,"n.m.",IF(D6/I6-1>100%,">100%",D6/I6-1)),"n.m.") -> -0.065334773 | O6: =+IFERROR(IF(G6*L6<0,"n.m.",IF(G6/L6-1>100%,">100%",G6/L6-1)),"n.m.") -> -0.070354458
C7: Wholesale | D7: ='Growth analysis Q1'!D7+'Growth analysis Q2'!D7+'Growth analysis Q3'!D7 -> 558 | E7: ='Growth analysis Q1'!E7+'Growth analysis Q2'!E7+'Growth analysis Q3'!E7 -> 7 | G7: =D7-E7 -> 551 | I7: ='Growth analysis Q1'!I7+'Growth analysis Q2'!I7+'Growth analysis Q3'!I7 -> 550 | J7: ='Growth analysis Q1'!J7+'Growth analysis Q2'!J7+'Growth analysis Q3'!J7 -> 0 | L7: =+I7-J7 -> 550 | N7: =+IFERROR(IF(D7*I7<0,"n.m.",IF(D7/I7-1>100%,">100%",D7/I7-1)),"n.m.") -> 0.014545455 | O7: =+IFERROR(IF(G7*L7<0,"n.m.",IF(G7/L7-1>100%,">100%",G7/L7-1)),"n.m.") -> 0.0018181818
C8: Network, Operations & IT | D8: ='Growth analysis Q1'!D8+'Growth analysis Q2'!D8+'Growth analysis Q3'!D8 -> 14 | E8: ='Growth analysis Q1'!E8+'Growth analysis Q2'!E8+'Growth analysis Q3'!E8 -> 0 | G8: =D8-E8 -> 14 | I8: ='Growth analysis Q1'!I8+'Growth analysis Q2'!I8+'Growth analysis Q3'!I8 -> 11 | J8: ='Growth analysis Q1'!J8+'Growth analysis Q2'!J8+'Growth analysis Q3'!J8 -> 0 | L8: =+I8-J8 -> 11 | N8: =+IFERROR(IF(D8*I8<0,"n.m.",IF(D8/I8-1>100%,">100%",D8/I8-1)),"n.m.") -> 0.27272727 | O8: =+IFERROR(IF(G8*L8<0,"n.m.",IF(G8/L8-1>100%,">100%",G8/L8-1)),"n.m.") -> 0.27272727
C9: Other (incl. eliminations) | D9: ='Growth analysis Q1'!D9+'Growth analysis Q2'!D9+'Growth analysis Q3'!D9 -> -129 | E9: ='Growth analysis Q1'!E9+'Growth analysis Q2'!E9+'Growth analysis Q3'!E9 -> 0 | G9: =D9-E9 -> -129 | I9: ='Growth analysis Q1'!I9+'Growth analysis Q2'!I9+'Growth analysis Q3'!I9 -> -114 | J9: ='Growth analysis Q1'!J9+'Growth analysis Q2'!J9+'Growth analysis Q3'!J9 -> 0 | L9: =+I9-J9 -> -114 | N9: =+IFERROR(IF(D9*I9<0,"n.m.",IF(D9/I9-1>100%,">100%",D9/I9-1)),"n.m.") -> 0.13157895 | O9: =+IFERROR(IF(G9*L9<0,"n.m.",IF(G9/L9-1>100%,">100%",G9/L9-1)),"n.m.") -> 0.13157895
C10: The Netherlands | D10: ='Growth analysis Q1'!D10+'Growth analysis Q2'!D10+'Growth analysis Q3'!D10 -> 4514 | E10: ='Growth analysis Q1'!E10+'Growth analysis Q2'!E10+'Growth analysis Q3'!E10 -> 7 | G10: =D10-E10 -> 4507 | I10: ='Growth analysis Q1'!I10+'Growth analysis Q2'!I10+'Growth analysis Q3'!I10 -> 4613 | J10: ='Growth analysis Q1'!J10+'Growth analysis Q2'!J10+'Growth analysis Q3'!J10 -> -10 | L10: =+I10-J10 -> 4623 | N10: =+IFERROR(IF(D10*I10<0,"n.m.",IF(D10/I10-1>100%,">100%",D10/I10-1)),"n.m.") -> -0.021461088 | O10: =+IFERROR(IF(G10*L10<0,"n.m.",IF(G10/L10-1>100%,">100%",G10/L10-1)),"n.m.") -> -0.025091932
C12: iBasis | D12: ='Growth analysis Q1'!D12+'Growth analysis Q2'!D12+'Growth analysis Q3'!D12 -> 657 | E12: ='Growth analysis Q1'!E12+'Growth analysis Q2'!E12+'Growth analysis Q3'!E12 -> 0 | G12: =D12-E12 -> 657 | I12: ='Growth analysis Q1'!I12+'Growth analysis Q2'!I12+'Growth analysis Q3'!I12 -> 702 | J12: ='Growth analysis Q1'!J12+'Growth analysis Q2'!J12+'Growth analysis Q3'!J12 -> 0 | L12: =+I12-J12 -> 702 | N12: =+IFERROR(IF(D12*I12<0,"n.m.",IF(D12/I12-1>100%,">100%",D12/I12-1)),"n.m.") -> -0.064102564 | O12: =+IFERROR(IF(G12*L12<0,"n.m.",IF(G12/L12-1>100%,">100%",G12/L12-1)),"n.m.") -> -0.064102564
C14: Other activities | D14: ='Growth analysis Q1'!D14+'Growth analysis Q2'!D14+'Growth analysis Q3'!D14 -> 1 | E14: ='Growth analysis Q1'!E14+'Growth analysis Q2'!E14+'Growth analysis Q3'!E14 -> 0 | G14: =D14-E14 -> 1 | I14: ='Growth analysis Q1'!I14+'Growth analysis Q2'!I14+'Growth analysis Q3'!I14 -> 32 | J14: ='Growth analysis Q1'!J14+'Growth analysis Q2'!J14+'Growth analysis Q3'!J14 -> 0 | L14: =+I14-J14 -> 32 | N14: =+IFERROR(IF(D14*I14<0,"n.m.",IF(D14/I14-1>100%,">100%",D14/I14-1)),"n.m.") -> -0.96875 | O14: =+IFERROR(IF(G14*L14<0,"n.m.",IF(G14/L14-1>100%,">100%",G14/L14-1)),"n.m.") -> -0.96875
C16: Intercompany revenues | D16: ='Growth analysis Q1'!D16+'Growth analysis Q2'!D16+'Growth analysis Q3'!D16 -> -89 | E16: ='Growth analysis Q1'!E16+'Growth analysis Q2'!E16+'Growth analysis Q3'!E16 -> 0 | G16: =D16-E16 -> -89 | I16: ='Growth analysis Q1'!I16+'Growth analysis Q2'!I16+'Growth analysis Q3'!I16 -> -84 | J16: ='Growth analysis Q1'!J16+'Growth analysis Q2'!J16+'Growth analysis Q3'!J16 -> 0 | L16: =I16-J16 -> -84 | N16: =+IFERROR(IF(D16*I16<0,"n.m.",IF(D16/I16-1>100%,">100%",D16/I16-1)),"n.m.") -> 0.05952381 | O16: =+IFERROR(IF(G16*L16<0,"n.m.",IF(G16/L16-1>100%,">100%",G16/L16-1)),"n.m.") -> 0.05952381
C18: Total revenues | D18: ='Growth analysis Q1'!D18+'Growth analysis Q2'!D18+'Growth analysis Q3'!D18 -> 5083 | E18: ='Growth analysis Q1'!E18+'Growth analysis Q2'!E18+'Growth analysis Q3'!E18 -> 7 | G18: =D18-E18 -> 5076 | H18: =H10+H12+H14 -> 0 | I18: ='Growth analysis Q1'!I18+'Growth analysis Q2'!I18+'Growth analysis Q3'!I18 -> 5263 | J18: ='Growth analysis Q1'!J18+'Growth analysis Q2'!J18+'Growth analysis Q3'!J18 -> -10 | L18: =L10+L12+L14+L16 -> 5273 | N18: =+IFERROR(IF(D18*I18<0,"n.m.",IF(D18/I18-1>100%,">100%",D18/I18-1)),"n.m.") -> -0.034201026 | O18: =+IFERROR(IF(G18*L18<0,"n.m.",IF(G18/L18-1>100%,">100%",G18/L18-1)),"n.m.") -> -0.037360137
C23: Consolidated figures | D23: =+D2 -> YTD 2016 | E23: =+E2 -> Incidentals | F23: Restructuring | G23: =+G2 -> YTD 2016 | I23: =+I2 -> YTD 2015 | J23: =+J2 -> Incidentals | K23: Restructuring | L23: =+L2 -> YTD 2015 | N23: Δ y-on-y | O23: Δ y-on-y
C24: Growth analysis - EBITDA | D24: Reported | G24: Adjusted | I24: Reported | L24: Adjusted | N24: Reported | O24: Adjusted
C26: Consumer (contribution margin) | D26: ='Growth analysis Q1'!D26+'Growth analysis Q2'!D26+'Growth analysis Q3'!D26 -> 1390 | E26: ='Growth analysis Q1'!E26+'Growth analysis Q2'!E26+'Growth analysis Q3'!E26 -> 0 | F26: ='Growth analysis Q1'!F26+'Growth analysis Q2'!F26+'Growth analysis Q3'!F26 -> -8 | G26: =D26-E26-F26 -> 1398 | I26: ='Growth analysis Q1'!I26+'Growth analysis Q2'!I26+'Growth analysis Q3'!I26 -> 1366 | J26: ='Growth analysis Q1'!J26+'Growth analysis Q2'!J26+'Growth analysis Q3'!J26 -> 0 | K26: ='Growth analysis Q1'!K26+'Growth analysis Q2'!K26+'Growth analysis Q3'!K26 -> -9 | L26: =+I26-J26-K26 -> 1375 | N26: =+IFERROR(IF(D26*I26<0,"n.m.",IF(D26/I26-1>100%,">100%",D26/I26-1)),"n.m.") -> 0.017569546 | O26: =+IFERROR(IF(G26*L26<0,"n.m.",IF(G26/L26-1>100%,">100%",G26/L26-1)),"n.m.") -> 0.016727273
C27: Business (contribution margin) | D27: ='Growth analysis Q1'!D27+'Growth analysis Q2'!D27+'Growth analysis Q3'!D27 -> 1051 | E27: ='Growth analysis Q1'!E27+'Growth analysis Q2'!E27+'Growth analysis Q3'!E27 -> 12 | F27: ='Growth analysis Q1'!F27+'Growth analysis Q2'!F27+'Growth analysis Q3'!F27 -> -11 | G27: =D27-E27-F27 -> 1050 | I27: ='Growth analysis Q1'!I27+'Growth analysis Q2'!I27+'Growth analysis Q3'!I27 -> 1100 | J27: ='Growth analysis Q1'!J27+'Growth analysis Q2'!J27+'Growth analysis Q3'!J27 -> -10 | K27: ='Growth analysis Q1'!K27+'Growth analysis Q2'!K27+'Growth analysis Q3'!K27 -> -35 | L27: =+I27-J27-K27 -> 1145 | N27: =+IFERROR(IF(D27*I27<0,"n.m.",IF(D27/I27-1>100%,">100%",D27/I27-1)),"n.m.") -> -0.044545455 | O27: =+IFERROR(IF(G27*L27<0,"n.m.",IF(G27/L27-1>100%,">100%",G27/L27-1)),"n.m.") -> -0.082969432
C28: Wholesale (contribution margin) | D28: ='Growth analysis Q1'!D28+'Growth analysis Q2'!D28+'Growth analysis Q3'!D28 -> 387 | E28: ='Growth analysis Q1'!E28+'Growth analysis Q2'!E28+'Growth analysis Q3'!E28 -> 7 | F28: ='Growth analysis Q1'!F28+'Growth analysis Q2'!F28+'Growth analysis Q3'!F28 -> 0 | G28: =D28-E28-F28 -> 380 | I28: ='Growth analysis Q1'!I28+'Growth analysis Q2'!I28+'Growth analysis Q3'!I28 -> 371 | J28: ='Growth analysis Q1'!J28+'Growth analysis Q2'!J28+'Growth analysis Q3'!J28 -> 0 | K28: ='Growth analysis Q1'!K28+'Growth analysis Q2'!K28+'Growth analysis Q3'!K28 -> -3 | L28: =+I28-J28-K28 -> 374 | N28: =+IFERROR(IF(D28*I28<0,"n.m.",IF(D28/I28-1>100%,">100%",D28/I28-1)),"n.m.") -> 0.043126685 | O28: =+IFERROR(IF(G28*L28<0,"n.m.",IF(G28/L28-1>100%,">100%",G28/L28-1)),"n.m.") -> 0.016042781
C29: Network, Operations & IT (cost center) | D29: ='Growth analysis Q1'!D29+'Growth analysis Q2'!D29+'Growth analysis Q3'!D29 -> -853 | E29: ='Growth analysis Q1'!E29+'Growth analysis Q2'!E29+'Growth analysis Q3'!E29 -> 0 | F29: ='Growth analysis Q1'!F29+'Growth analysis Q2'!F29+'Growth analysis Q3'!F29 -> -15 | G29: =D29-E29-F29 -> -838 | I29: ='Growth analysis Q1'!I29+'Growth analysis Q2'!I29+'Growth analysis Q3'!I29 -> -888 | J29: ='Growth analysis Q1'!J29+'Growth analysis Q2'!J29+'Growth analysis Q3'!J29 -> 6 | K29: ='Growth analysis Q1'!K29+'Growth analysis Q2'!K29+'Growth analysis Q3'!K29 -> -12 | L29: =+I29-J29-K29 -> -882 | N29: =+IFERROR(IF(D29*I29<0,"n.m.",IF(D29/I29-1>100%,">100%",D29/I29-1)),"n.m.") -> -0.039414414 | O29: =+IFERROR(IF(G29*L29<0,"n.m.",IF(G29/L29-1>100%,">100%",G29/L29-1)),"n.m.") -> -0.049886621
C30: Other (incl. eliminations) | D30: ='Growth analysis Q1'!D30+'Growth analysis Q2'!D30+'Growth analysis Q3'!D30 -> -182 | E30: ='Growth analysis Q1'!E30+'Growth analysis Q2'!E30+'Growth analysis Q3'!E30 -> 0 | F30: ='Growth analysis Q1'!F30+'Growth analysis Q2'!F30+'Growth analysis Q3'!F30 -> -1 | G30: =D30-E30-F30 -> -181 | I30: ='Growth analysis Q1'!I30+'Growth analysis Q2'!I30+'Growth analysis Q3'!I30 -> -206 | J30: ='Growth analysis Q1'!J30+'Growth analysis Q2'!J30+'Growth analysis Q3'!J30 -> 0 | K30: ='Growth analysis Q1'!K30+'Growth analysis Q2'!K30+'Growth analysis Q3'!K30 -> -8 | L30: =+I30-J30-K30 -> -198 | N30: =+IFERROR(IF(D30*I30<0,"n.m.",IF(D30/I30-1>100%,">100%",D30/I30-1)),"n.m.") -> -0.11650485 | O30: =+IFERROR(IF(G30*L30<0,"n.m.",IF(G30/L30-1>100%,">100%",G30/L30-1)),"n.m.") -> -0.085858586
C31: The Netherlands | D31: ='Growth analysis Q1'!D31+'Growth analysis Q2'!D31+'Growth analysis Q3'!D31 -> 1793 | E31: ='Growth analysis Q1'!E31+'Growth analysis Q2'!E31+'Growth analysis Q3'!E31 -> 19 | F31: ='Growth analysis Q1'!F31+'Growth analysis Q2'!F31+'Growth analysis Q3'!F31 -> -35 | G31: =D31-E31-F31 -> 1809 | I31: ='Growth analysis Q1'!I31+'Growth analysis Q2'!I31+'Growth analysis Q3'!I31 -> 1743 | J31: ='Growth analysis Q1'!J31+'Growth analysis Q2'!J31+'Growth analysis Q3'!J31 -> -4 | K31: ='Growth analysis Q1'!K31+'Growth analysis Q2'!K31+'Growth analysis Q3'!K31 -> -67 | L31: =+I31-J31-K31 -> 1814 | N31: =+IFERROR(IF(D31*I31<0,"n.m.",IF(D31/I31-1>100%,">100%",D31/I31-1)),"n.m.") -> 0.028686173 | O31: =+IFERROR(IF(G31*L31<0,"n.m.",IF(G31/L31-1>100%,">100%",G31/L31-1)),"n.m.") -> -0.0027563396
C33: iBasis | D33: ='Growth analysis Q1'!D33+'Growth analysis Q2'!D33+'Growth analysis Q3'!D33 -> 18 | E33: ='Growth analysis Q1'!E33+'Growth analysis Q2'!E33+'Growth analysis Q3'!E33 -> 0 | F33: ='Growth analysis Q1'!F33+'Growth analysis Q2'!F33+'Growth analysis Q3'!F33 -> 0 | G33: =D33-E33-F33 -> 18 | I33: ='Growth analysis Q1'!I33+'Growth analysis Q2'!I33+'Growth analysis Q3'!I33 -> 17 | J33: ='Growth analysis Q1'!J33+'Growth analysis Q2'!J33+'Growth analysis Q3'!J33 -> 0 | K33: ='Growth analysis Q1'!K33+'Growth analysis Q2'!K33+'Growth analysis Q3'!K33 -> 0 | L33: =+I33-J33-K33 -> 17 | N33: =+IFERROR(IF(D33*I33<0,"n.m.",IF(D33/I33-1>100%,">100%",D33/I33-1)),"n.m.") -> 0.058823529 | O33: =+IFERROR(IF(G33*L33<0,"n.m.",IF(G33/L33-1>100%,">100%",G33/L33-1)),"n.m.") -> 0.058823529
C35: Other activities | D35: ='Growth analysis Q1'!D35+'Growth analysis Q2'!D35+'Growth analysis Q3'!D35 -> -8 | E35: ='Growth analysis Q1'!E35+'Growth analysis Q2'!E35+'Growth analysis Q3'!E35 -> 0 | F35: ='Growth analysis Q1'!F35+'Growth analysis Q2'!F35+'Growth analysis Q3'!F35 -> -3 | G35: =D35-E35-F35 -> -5 | I35: ='Growth analysis Q1'!I35+'Growth analysis Q2'!I35+'Growth analysis Q3'!I35 -> -14 | J35: ='Growth analysis Q1'!J35+'Growth analysis Q2'!J35+'Growth analysis Q3'!J35 -> -1 | K35: ='Growth analysis Q1'!K35+'Growth analysis Q2'!K35+'Growth analysis Q3'!K35 -> -19 | L35: =+I35-J35-K35 -> 6 | N35: =+IFERROR(IF(D35*I35<0,"n.m.",IF(D35/I35-1>100%,">100%",D35/I35-1)),"n.m.") -> -0.42857143 | O35: =+IFERROR(IF(G35*L35<0,"n.m.",IF(G35/L35-1>100%,">100%",G35/L35-1)),"n.m.") -> n.m.
C37: Total EBITDA | D37: ='Growth analysis Q1'!D37+'Growth analysis Q2'!D37+'Growth analysis Q3'!D37 -> 1803 | E37: ='Growth analysis Q1'!E37+'Growth analysis Q2'!E37+'Growth analysis Q3'!E37 -> 19 | F37: ='Growth analysis Q1'!F37+'Growth analysis Q2'!F37+'Growth analysis Q3'!F37 -> -38 | G37: =D37-E37-F37 -> 1822 | H37: =H35+H33+H31 -> 0 | I37: ='Growth analysis Q1'!I37+'Growth analysis Q2'!I37+'Growth analysis Q3'!I37 -> 1746 | J37: ='Growth analysis Q1'!J37+'Growth analysis Q2'!J37+'Growth analysis Q3'!J37 -> -5 | K37: ='Growth analysis Q1'!K37+'Growth analysis Q2'!K37+'Growth analysis Q3'!K37 -> -86 | L37: =L35+L33+L31 -> 1837 | N37: =+IFERROR(IF(D37*I37<0,"n.m.",IF(D37/I37-1>100%,">100%",D37/I37-1)),"n.m.") -> 0.032646048 | O37: =+IFERROR(IF(G37*L37<0,"n.m.",IF(G37/L37-1>100%,">100%",G37/L37-1)),"n.m.") -> -0.0081654872
C42: Consolidated figures | D42: =+D23 -> YTD 2016 | G42: =+G23 -> YTD 2016 | I42: =+I23 -> YTD 2015 | L42: =+L23 -> YTD 2015
C43: Growth analysis - EBITDA margin | D43: Reported | G43: Adjusted | I43: Reported | L43: Adjusted
C45: Consumer (contribution margin) | D45: =D26/D5 -> 0.59401709 | G45: =G26/G5 -> 0.5974359 | I45: =I26/I5 -> 0.59031979 | L45: =L26/L5 -> 0.59420916
C46: Business (contribution margin) | D46: =D27/D6 -> 0.60716349 | G46: =G27/G6 -> 0.60658579 | I46: =I27/I6 -> 0.59395248 | L46: =L27/L6 -> 0.61493018
C47: Wholesale (contribution margin) | D47: =D28/D7 -> 0.69354839 | G47: =G28/G7 -> 0.68965517 | I47: =I28/I7 -> 0.67454545 | L47: =L28/L7 -> 0.68
C48: Network, Operations & IT (cost center) | D48: n.m. | G48: n.m. | I48: n.m. | L48: n.m.
C49: Other (incl. eliminations) | D49: n.m. | G49: n.m. | I49: n.m. | L49: n.m.
C50: The Netherlands | D50: =D31/D10 -> 0.39720868 | G50: =G31/G10 -> 0.40137564 | I50: =I31/I10 -> 0.37784522 | L50: =L31/L10 -> 0.3923859
C52: iBasis | D52: =D33/D12 -> 0.02739726 | G52: =G33/G12 -> 0.02739726 | I52: =I33/I12 -> 0.024216524 | L52: =L33/L12 -> 0.024216524
C54: Other activities | D54: n.m. | G54: n.m. | I54: n.m. | L54: n.m.
C56: Total EBITDA margin | D56: =D37/D18 -> 0.35471178 | G56: =G37/G18 -> 0.35894405 | I56: =I37/I18 -> 0.33174995 | L56: =L37/L18 -> 0.34837853

Sheet Growth analysis Q1
C2: Consolidated figures | D2: Q1 2016 | E2: =+J2 -> Incidentals | G2: =+D2 -> Q1 2016 | I2: Q1 2015 | J2: =+'Growth analysis Q3'!E2 -> Incidentals | L2: =+I2 -> Q1 2015 | N2: Δ y-on-y | O2: Δ y-on-y
C3: Growth analysis - Revenues | D3: Reported | G3: Adjusted | I3: Reported | L3: Adjusted | N3: Reported | O3: Adjusted
C5: Consumer | D5: =Revenues!F5 -> 771 | E5: 0 | G5: =D5-E5 -> 771 | I5: =+Revenues!L5 -> 750 | J5: 0 | L5: =+I5-J5 -> 750 | N5: =+IFERROR(IF(D5*I5<0,"n.m.",IF(D5/I5-1>100%,">100%",D5/I5-1)),"n.m.") -> 0.028 | O5: =+IFERROR(IF(G5*L5<0,"n.m.",IF(G5/L5-1>100%,">100%",G5/L5-1)),"n.m.") -> 0.028
C6: Business | D6: =Revenues!F6 -> 589 | E6: 0 | G6: =D6-E6 -> 589 | I6: =+Revenues!L6 -> 632 | J6: 0 | L6: =+I6-J6 -> 632 | N6: =+IFERROR(IF(D6*I6<0,"n.m.",IF(D6/I6-1>100%,">100%",D6/I6-1)),"n.m.") -> -0.068037975 | O6: =+IFERROR(IF(G6*L6<0,"n.m.",IF(G6/L6-1>100%,">100%",G6/L6-1)),"n.m.") -> -0.068037975
C7: Wholesale | D7: =Revenues!F7 -> 180 | E7: 0 | G7: =D7-E7 -> 180 | I7: =+Revenues!L7 -> 184 | J7: 0 | L7: =+I7-J7 -> 184 | N7: =+IFERROR(IF(D7*I7<0,"n.m.",IF(D7/I7-1>100%,">100%",D7/I7-1)),"n.m.") -> -0.02173913 | O7: =+IFERROR(IF(G7*L7<0,"n.m.",IF(G7/L7-1>100%,">100%",G7/L7-1)),"n.m.") -> -0.02173913
C8: Network, Operations & IT | D8: =Revenues!F8 -> 4 | E8: 0 | G8: =D8-E8 -> 4 | I8: =+Revenues!L8 -> 4 | J8: 0 | L8: =+I8-J8 -> 4 | N8: =+IFERROR(IF(D8*I8<0,"n.m.",IF(D8/I8-1>100%,">100%",D8/I8-1)),"n.m.") -> 0 | O8: =+IFERROR(IF(G8*L8<0,"n.m.",IF(G8/L8-1>100%,">100%",G8/L8-1)),"n.m.") -> 0
C9: Other (incl. eliminations) | D9: =Revenues!F9 -> -41 | E9: 0 | G9: =D9-E9 -> -41 | I9: =+Revenues!L9 -> -37 | J9: 0 | L9: =+I9-J9 -> -37 | N9: =+IFERROR(IF(D9*I9<0,"n.m.",IF(D9/I9-1>100%,">100%",D9/I9-1)),"n.m.") -> 0.10810811 | O9: =+IFERROR(IF(G9*L9<0,"n.m.",IF(G9/L9-1>100%,">100%",G9/L9-1)),"n.m.") -> 0.10810811
C10: The Netherlands | D10: =D5+D6+D7+D8+D9 -> 1503 | E10: 0 | G10: =D10-E10 -> 1503 | I10: =+Revenues!L10 -> 1533 | J10: =J5+J7+J6+J8+J9 -> 0 | L10: =+I10-J10 -> 1533 | N10: =+IFERROR(IF(D10*I10<0,"n.m.",IF(D10/I10-1>100%,">100%",D10/I10-1)),"n.m.") -> -0.019569472 | O10: =+IFERROR(IF(G10*L10<0,"n.m.",IF(G10/L10-1>100%,">100%",G10/L10-1)),"n.m.") -> -0.019569472
C12: iBasis | D12: =Revenues!F12 -> 215 | E12: 0 | G12: =D12-E12 -> 215 | I12: =+Revenues!L12 -> 227 | J12: 0 | L12: =+I12-J12 -> 227 | N12: =+IFERROR(IF(D12*I12<0,"n.m.",IF(D12/I12-1>100%,">100%",D12/I12-1)),"n.m.") -> -0.052863436 | O12: =+IFERROR(IF(G12*L12<0,"n.m.",IF(G12/L12-1>100%,">100%",G12/L12-1)),"n.m.") -> -0.052863436
C14: Other activities | D14: =Revenues!F14 -> 1 | E14: 0 | G14: =D14-E14 -> 1 | I14: =+Revenues!L14 -> 27 | J14: 0 | L14: =+I14-J14 -> 27 | N14: =+IFERROR(IF(D14*I14<0,"n.m.",IF(D14/I14-1>100%,">100%",D14/I14-1)),"n.m.") -> -0.96296296 | O14: =+IFERROR(IF(G14*L14<0,"n.m.",IF(G14/L14-1>100%,">100%",G14/L14-1)),"n.m.") -> -0.96296296
C16: Intercompany revenues | D16: =Revenues!F16 -> -30 | E16: 0 | G16: =D16-E16 -> -30 | I16: -29 | J16: 0 | L16: =I16-J16 -> -29 | N16: =+IFERROR(IF(D16*I16<0,"n.m.",IF(D16/I16-1>100%,">100%",D16/I16-1)),"n.m.") -> 0.034482759 | O16: =+IFERROR(IF(G16*L16<0,"n.m.",IF(G16/L16-1>100%,">100%",G16/L16-1)),"n.m.") -> 0.034482759
C18: Total revenues | D18: =D10+D12+D14+D16 -> 1689 | E18: 0 | G18: =D18-E18 -> 1689 | H18: =H10+H12+H14 -> 0 | I18: =+Revenues!L18 -> 1758 | J18: =J10+J12+J14 -> 0 | L18: =L10+L12+L14+L16 -> 1758 | N18: =+IFERROR(IF(D18*I18<0,"n.m.",IF(D18/I18-1>100%,">100%",D18/I18-1)),"n.m.") -> -0.039249147 | O18: =+IFERROR(IF(G18*L18<0,"n.m.",IF(G18/L18-1>100%,">100%",G18/L18-1)),"n.m.") -> -0.039249147
C23: Consolidated figures | D23: =+D2 -> Q1 2016 | E23: =E2 -> Incidentals | F23: Restructuring | G23: =+G2 -> Q1 2016 | I23: =+I2 -> Q1 2015 | J23: =+J2 -> Incidentals | K23: Restructuring | L23: =+L2 -> Q1 2015 | N23: Δ y-on-y | O23: Δ y-on-y
C24: Growth analysis - EBITDA | D24: Reported | G24: Adjusted | I24: Reported | L24: Adjusted | N24: Reported | O24: Adjusted
C26: Consumer (contribution margin) | D26: =EBITDA!F5 -> 449 | E26: 0 | F26: -1 | G26: =D26-E26-F26 -> 450 | I26: =+EBITDA!L5 -> 429 | J26: 0 | K26: -3 | L26: =+I26-J26-K26 -> 432 | N26: =+IFERROR(IF(D26*I26<0,"n.m.",IF(D26/I26-1>100%,">100%",D26/I26-1)),"n.m.") -> 0.046620047 | O26: =+IFERROR(IF(G26*L26<0,"n.m.",IF(G26/L26-1>100%,">100%",G26/L26-1)),"n.m.") -> 0.041666667
C27: Business (contribution margin) | D27: =EBITDA!F6 -> 352 | E27: 0 | F27: -3 | G27: =D27-E27-F27 -> 355 | I27: =+EBITDA!L6 -> 379 | J27: 0 | K27: -7 | L27: =+I27-J27-K27 -> 386 | N27: =+IFERROR(IF(D27*I27<0,"n.m.",IF(D27/I27-1>100%,">100%",D27/I27-1)),"n.m.") -> -0.071240106 | O27: =+IFERROR(IF(G27*L27<0,"n.m.",IF(G27/L27-1>100%,">100%",G27/L27-1)),"n.m.") -> -0.080310881
C28: Wholesale (contribution margin) | D28: =EBITDA!F7 -> 125 | E28: 0 | F28: 0 | G28: =D28-E28-F28 -> 125 | I28: =+EBITDA!L7 -> 125 | J28: 0 | K28: 0 | L28: =+I28-J28-K28 -> 125 | N28: =+IFERROR(IF(D28*I28<0,"n.m.",IF(D28/I28-1>100%,">100%",D28/I28-1)),"n.m.") -> 0 | O28: =+IFERROR(IF(G28*L28<0,"n.m.",IF(G28/L28-1>100%,">100%",G28/L28-1)),"n.m.") -> 0
C29: Network, Operations & IT (cost center) | D29: =EBITDA!F8 -> -307 | E29: 0 | F29: -2 | G29: =D29-E29-F29 -> -305 | I29: =+EBITDA!L8 -> -301 | J29: 0 | K29: -4 | L29: =+I29-J29-K29 -> -297 | N29: =+IFERROR(IF(D29*I29<0,"n.m.",IF(D29/I29-1>100%,">100%",D29/I29-1)),"n.m.") -> 0.019933555 | O29: =+IFERROR(IF(G29*L29<0,"n.m.",IF(G29/L29-1>100%,">100%",G29/L29-1)),"n.m.") -> 0.026936027
C30: Other (incl. eliminations) | D30: =EBITDA!F9 -> -61 | E30: 0 | F30: -1 | G30: =D30-E30-F30 -> -60 | I30: =+EBITDA!L9 -> -62 | J30: 0 | K30: -1 | L30: =+I30-J30-K30 -> -61 | N30: =+IFERROR(IF(D30*I30<0,"n.m.",IF(D30/I30-1>100%,">100%",D30/I30-1)),"n.m.") -> -0.016129032 | O30: =+IFERROR(IF(G30*L30<0,"n.m.",IF(G30/L30-1>100%,">100%",G30/L30-1)),"n.m.") -> -0.016393443
C31: The Netherlands | D31: =EBITDA!F10 -> 558 | E31: 0 | F31: =F26+F27+F28+F29+F30 -> -7 | G31: =D31-E31-F31 -> 565 | I31: =+EBITDA!L10 -> 570 | J31: =J26+J28+J27+J29+J30 -> 0 | K31: =K26+K28+K27+K29+K30 -> -15 | L31: =+I31-J31-K31 -> 585 | N31: =+IFERROR(IF(D31*I31<0,"n.m.",IF(D31/I31-1>100%,">100%",D31/I31-1)),"n.m.") -> -0.021052632 | O31: =+IFERROR(IF(G31*L31<0,"n.m.",IF(G31/L31-1>100%,">100%",G31/L31-1)),"n.m.") -> -0.034188034
C33: iBasis | D33: =EBITDA!F12 -> 6 | E33: 0 | F33: 0 | G33: =D33-E33-F33 -> 6 | I33: =+EBITDA!L12 -> 5 | J33: 0 | K33: 0 | L33: =+I33-J33-K33 -> 5 | N33: =+IFERROR(IF(D33*I33<0,"n.m.",IF(D33/I33-1>100%,">100%",D33/I33-1)),"n.m.") -> 0.2 | O33: =+IFERROR(IF(G33*L33<0,"n.m.",IF(G33/L33-1>100%,">100%",G33/L33-1)),"n.m.") -> 0.2
C35: Other activities | D35: =EBITDA!F14 -> -5 | E35: 0 | F35: -2 | G35: =D35-E35-F35 -> -3 | I35: =+EBITDA!L14 -> 1 | J35: 0 | K35: -4 | L35: =+I35-J35-K35 -> 5 | N35: =+IFERROR(IF(D35*I35<0,"n.m.",IF(D35/I35-1>100%,">100%",D35/I35-1)),"n.m.") -> n.m. | O35: =+IFERROR(IF(G35*L35<0,"n.m.",IF(G35/L35-1>100%,">100%",G35/L35-1)),"n.m.") -> n.m.
C37: Total EBITDA | D37: =D31+D33+D35 -> 559 | E37: 0 | F37: =F31+F33+F35 -> -9 | G37: =D37-E37-F37 -> 568 | H37: =H31+H33+H35 -> 0 | I37: =+EBITDA!L16 -> 576 | J37: =J31+J33+J35 -> 0 | K37: =K31+K33+K35 -> -19 | L37: =L31+L33+L35 -> 595 | N37: =+IFERROR(IF(D37*I37<0,"n.m.",IF(D37/I37-1>100%,">100%",D37/I37-1)),"n.m.") -> -0.029513889 | O37: =+IFERROR(IF(G37*L37<0,"n.m.",IF(G37/L37-1>100%,">100%",G37/L37-1)),"n.m.") -> -0.045378151
C42: Consolidated figures | D42: =+D23 -> Q1 2016 | G42: =+G23 -> Q1 2016 | I42: =+I23 -> Q1 2015 | L42: =+L23 -> Q1 2015
C43: Growth analysis - EBITDA margin | D43: Reported | G43: Adjusted | I43: Reported | L43: Adjusted
C45: Consumer (contribution margin) | D45: =D26/D5 -> 0.58236057 | G45: =G26/G5 -> 0.58365759 | I45: =I26/I5 -> 0.572 | L45: =L26/L5 -> 0.576
C46: Business (contribution margin) | D46: =D27/D6 -> 0.59762309 | G46: =G27/G6 -> 0.60271647 | I46: =I27/I6 -> 0.59968354 | L46: =L27/L6 -> 0.61075949
C47: Wholesale (contribution margin) | D47: =D28/D7 -> 0.69444444 | G47: =G28/G7 -> 0.69444444 | I47: =I28/I7 -> 0.67934783 | L47: =L28/L7 -> 0.67934783
C48: Network, Operations & IT (cost center) | D48: n.m. | G48: n.m. | I48: n.m. | L48: n.m.
C49: Other (incl. eliminations) | D49: n.m. | G49: n.m. | I49: n.m. | L49: n.m.
C50: The Netherlands | D50: =D31/D10 -> 0.37125749 | G50: =G31/G10 -> 0.37591484 | I50: =I31/I10 -> 0.37181996 | L50: =L31/L10 -> 0.3816047
C52: iBasis | D52: =D33/D12 -> 0.027906977 | G52: =G33/G12 -> 0.027906977 | I52: =I33/I12 -> 0.022026432 | L52: =L33/L12 -> 0.022026432
C54: Other activities | D54: n.m. | G54: n.m. | I54: n.m. | L54: n.m.
C56: Total EBITDA margin | D56: =D37/D18 -> 0.33096507 | G56: =G37/G18 -> 0.33629366 | I56: =I37/I18 -> 0.32764505 | L56: =L37/L18 -> 0.33845279

Sheet Growth analysis Q2
C2: Consolidated figures | D2: Q2 2016 | E2: =+J2 -> Incidentals | G2: =+D2 -> Q2 2016 | I2: Q2 2015 | J2: =+'Growth analysis Q3'!E2 -> Incidentals | L2: =+I2 -> Q2 2015 | N2: Δ y-on-y | O2: Δ y-on-y
C3: Growth analysis - Revenues | D3: Reported | G3: Adjusted | I3: Reported | L3: Adjusted | N3: Reported | O3: Adjusted
C5: Consumer | D5: 767 | E5: 0 | G5: =D5-E5 -> 767 | I5: =+Revenues!K5 -> 774 | J5: 0 | L5: =+I5-J5 -> 774 | N5: =+IFERROR(IF(D5*I5<0,"n.m.",IF(D5/I5-1>100%,">100%",D5/I5-1)),"n.m.") -> -0.0090439276 | O5: =+IFERROR(IF(G5*L5<0,"n.m.",IF(G5/L5-1>100%,">100%",G5/L5-1)),"n.m.") -> -0.0090439276
C6: Business | D6: 573 | E6: 0 | G6: =D6-E6 -> 573 | I6: =+Revenues!K6 -> 608 | J6: -10 | L6: =+I6-J6 -> 618 | N6: =+IFERROR(IF(D6*I6<0,"n.m.",IF(D6/I6-1>100%,">100%",D6/I6-1)),"n.m.") -> -0.057565789 | O6: =+IFERROR(IF(G6*L6<0,"n.m.",IF(G6/L6-1>100%,">100%",G6/L6-1)),"n.m.") -> -0.072815534
C7: Wholesale | D7: 184 | E7: 0 | G7: =D7-E7 -> 184 | I7: =+Revenues!K7 -> 184 | J7: 0 | L7: =+I7-J7 -> 184 | N7: =+IFERROR(IF(D7*I7<0,"n.m.",IF(D7/I7-1>100%,">100%",D7/I7-1)),"n.m.") -> 0 | O7: =+IFERROR(IF(G7*L7<0,"n.m.",IF(G7/L7-1>100%,">100%",G7/L7-1)),"n.m.") -> 0
C8: Network, Operations & IT | D8: 5 | E8: 0 | G8: =D8-E8 -> 5 | I8: =+Revenues!K8 -> 3 | J8: 0 | L8: =+I8-J8 -> 3 | N8: =+IFERROR(IF(D8*I8<0,"n.m.",IF(D8/I8-1>100%,">100%",D8/I8-1)),"n.m.") -> 0.66666667 | O8: =+IFERROR(IF(G8*L8<0,"n.m.",IF(G8/L8-1>100%,">100%",G8/L8-1)),"n.m.") -> 0.66666667
C9: Other (incl. eliminations) | D9: -43 | E9: 0 | G9: =D9-E9 -> -43 | I9: =+Revenues!K9 -> -37 | J9: 0 | L9: =+I9-J9 -> -37 | N9: =+IFERROR(IF(D9*I9<0,"n.m.",IF(D9/I9-1>100%,">100%",D9/I9-1)),"n.m.") -> 0.16216216 | O9: =+IFERROR(IF(G9*L9<0,"n.m.",IF(G9/L9-1>100%,">100%",G9/L9-1)),"n.m.") -> 0.16216216
C10: The Netherlands | D10: =D5+D6+D7+D8+D9 -> 1486 | E10: =E5+E6+E7+E8+E9 -> 0 | G10: =G5+G6+G7+G8+G9 -> 1486 | I10: =+Revenues!K10 -> 1532 | J10: =+J5+J7+J6+J8+J9 -> -10 | L10: =+I10-J10 -> 1542 | N10: =+IFERROR(IF(D10*I10<0,"n.m.",IF(D10/I10-1>100%,">100%",D10/I10-1)),"n.m.") -> -0.03002611 | O10: =+IFERROR(IF(G10*L10<0,"n.m.",IF(G10/L10-1>100%,">100%",G10/L10-1)),"n.m.") -> -0.036316472
C12: iBasis | D12: 218 | E12: 0 | G12: =D12-E12 -> 218 | I12: =+Revenues!K12 -> 234 | J12: 0 | L12: =+I12-J12 -> 234 | N12: =+IFERROR(IF(D12*I12<0,"n.m.",IF(D12/I12-1>100%,">100%",D12/I12-1)),"n.m.") -> -0.068376068 | O12: =+IFERROR(IF(G12*L12<0,"n.m.",IF(G12/L12-1>100%,">100%",G12/L12-1)),"n.m.") -> -0.068376068
C14: Other activities | D14: 0 | E14: 0 | G14: =D14-E14 -> 0 | I14: =+Revenues!K14 -> 2 | J14: 0 | L14: =+I14-J14 -> 2 | N14: =+IFERROR(IF(D14*I14<0,"n.m.",IF(D14/I14-1>100%,">100%",D14/I14-1)),"n.m.") -> -1 | O14: =+IFERROR(IF(G14*L14<0,"n.m.",IF(G14/L14-1>100%,">100%",G14/L14-1)),"n.m.") -> -1
C16: Intercompany revenues | D16: -28 | E16: 0 | G16: =D16-E16 -> -28 | I16: -27 | J16: 0 | L16: =I16-J16 -> -27 | N16: =+IFERROR(IF(D16*I16<0,"n.m.",IF(D16/I16-1>100%,">100%",D16/I16-1)),"n.m.") -> 0.037037037 | O16: =+IFERROR(IF(G16*L16<0,"n.m.",IF(G16/L16-1>100%,">100%",G16/L16-1)),"n.m.") -> 0.037037037
C18: Total revenues | D18: =D10+D12+D14+D16 -> 1676 | E18: =E10+E12+E14+E16 -> 0 | G18: =G10+G12+G14+G16 -> 1676 | H18: =H10+H12+H14 -> 0 | I18: =+Revenues!K18 -> 1741 | J18: =J10+J12+J14 -> -10 | L18: =L10+L12+L14+L16 -> 1751 | N18: =+IFERROR(IF(D18*I18<0,"n.m.",IF(D18/I18-1>100%,">100%",D18/I18-1)),"n.m.") -> -0.037334865 | O18: =+IFERROR(IF(G18*L18<0,"n.m.",IF(G18/L18-1>100%,">100%",G18/L18-1)),"n.m.") -> -0.042832667
C23: Consolidated figures | D23: =+D2 -> Q2 2016 | E23: =E2 -> Incidentals | F23: Restructuring | G23: =+G2 -> Q2 2016 | I23: =+I2 -> Q2 2015 | J23: =+J2 -> Incidentals | K23: Restructuring | L23: =+L2 -> Q2 2015 | N23: Δ y-on-y | O23: Δ y-on-y
C24: Growth analysis - EBITDA | D24: Reported | G24: Adjusted | I24: Reported | L24: Adjusted | N24: Reported | O24: Adjusted
C26: Consumer (contribution margin) | D26: 446 | E26: 0 | F26: -4 | G26: =D26-E26-F26 -> 450 | I26: =+EBITDA!K5 -> 460 | J26: 0 | K26: -1 | L26: =+I26-J26-K26 -> 461 | N26: =+IFERROR(IF(D26*I26<0,"n.m.",IF(D26/I26-1>100%,">100%",D26/I26-1)),"n.m.") -> -0.030434783 | O26: =+IFERROR(IF(G26*L26<0,"n.m.",IF(G26/L26-1>100%,">100%",G26/L26-1)),"n.m.") -> -0.023861171
C27: Business (contribution margin) | D27: 351 | E27: 6 | F27: -2 | G27: =D27-E27-F27 -> 347 | I27: =+EBITDA!K6 -> 341 | J27: -10 | K27: -23 | L27: =+I27-J27-K27 -> 374 | N27: =+IFERROR(IF(D27*I27<0,"n.m.",IF(D27/I27-1>100%,">100%",D27/I27-1)),"n.m.") -> 0.029325513 | O27: =+IFERROR(IF(G27*L27<0,"n.m.",IF(G27/L27-1>100%,">100%",G27/L27-1)),"n.m.") -> -0.072192513
C28: Wholesale (contribution margin) | D28: 128 | E28: 0 | F28: 0 | G28: =D28-E28-F28 -> 128 | I28: =+EBITDA!K7 -> 125 | J28: 0 | K28: 0 | L28: =+I28-J28-K28 -> 125 | N28: =+IFERROR(IF(D28*I28<0,"n.m.",IF(D28/I28-1>100%,">100%",D28/I28-1)),"n.m.") -> 0.024 | O28: =+IFERROR(IF(G28*L28<0,"n.m.",IF(G28/L28-1>100%,">100%",G28/L28-1)),"n.m.") -> 0.024
C29: Network, Operations & IT (cost center) | D29: -287 | E29: 0 | F29: -11 | G29: =D29-E29-F29 -> -276 | I29: =+EBITDA!K8 -> -292 | J29: 6 | K29: -7 | L29: =+I29-J29-K29 -> -291 | N29: =+IFERROR(IF(D29*I29<0,"n.m.",IF(D29/I29-1>100%,">100%",D29/I29-1)),"n.m.") -> -0.017123288 | O29: =+IFERROR(IF(G29*L29<0,"n.m.",IF(G29/L29-1>100%,">100%",G29/L29-1)),"n.m.") -> -0.051546392
C30: Other (incl. eliminations) | D30: -64 | E30: 0 | F30: -2 | G30: =D30-E30-F30 -> -62 | I30: =+EBITDA!K9 -> -67 | J30: 0 | K30: 3 | L30: =+I30-J30-K30 -> -70 | N30: =+IFERROR(IF(D30*I30<0,"n.m.",IF(D30/I30-1>100%,">100%",D30/I30-1)),"n.m.") -> -0.044776119 | O30: =+IFERROR(IF(G30*L30<0,"n.m.",IF(G30/L30-1>100%,">100%",G30/L30-1)),"n.m.") -> -0.11428571
C31: The Netherlands | D31: =D26+D27+D28+D29+D30 -> 574 | E31: =E26+E27+E28+E29+E30 -> 6 | F31: =F26+F27+F28+F29+F30 -> -19 | G31: =G26+G27+G28+G29+G30 -> 587 | I31: =+EBITDA!K10 -> 567 | J31: =+J26+J28+J27+J29+J30 -> -4 | K31: =+K26+K28+K27+K29+K30 -> -28 | L31: =+I31-J31-K31 -> 599 | N31: =+IFERROR(IF(D31*I31<0,"n.m.",IF(D31/I31-1>100%,">100%",D31/I31-1)),"n.m.") -> 0.012345679 | O31: =+IFERROR(IF(G31*L31<0,"n.m.",IF(G31/L31-1>100%,">100%",G31/L31-1)),"n.m.") -> -0.020033389
C33: iBasis | D33: 6 | E33: 0 | F33: 0 | G33: =D33-E33-F33 -> 6 | I33: =+EBITDA!K12 -> 6 | J33: 0 | K33: 0 | L33: =+I33-J33-K33 -> 6 | N33: =+IFERROR(IF(D33*I33<0,"n.m.",IF(D33/I33-1>100%,">100%",D33/I33-1)),"n.m.") -> 0 | O33: =+IFERROR(IF(G33*L33<0,"n.m.",IF(G33/L33-1>100%,">100%",G33/L33-1)),"n.m.") -> 0
C35: Other activities | D35: -1 | E35: 0 | F35: 0 | G35: =D35-E35-F35 -> -1 | I35: =+EBITDA!K14 -> -5 | J35: 5 | K35: -7 | L35: =+I35-J35-K35 -> -3 | N35: =+IFERROR(IF(D35*I35<0,"n.m.",IF(D35/I35-1>100%,">100%",D35/I35-1)),"n.m.") -> -0.8 | O35: =+IFERROR(IF(G35*L35<0,"n.m.",IF(G35/L35-1>100%,">100%",G35/L35-1)),"n.m.") -> -0.66666667
C37: Total EBITDA | D37: =D31+D33+D35 -> 579 | E37: =E31+E33+E35 -> 6 | F37: =F31+F33+F35 -> -19 | G37: =G31+G33+G35 -> 592 | H37: =H31+H33+H35 -> 0 | I37: =+EBITDA!K16 -> 568 | J37: =J31+J33+J35 -> 1 | K37: =K31+K33+K35 -> -35 | L37: =L31+L33+L35 -> 602 | N37: =+IFERROR(IF(D37*I37<0,"n.m.",IF(D37/I37-1>100%,">100%",D37/I37-1)),"n.m.") -> 0.019366197 | O37: =+IFERROR(IF(G37*L37<0,"n.m.",IF(G37/L37-1>100%,">100%",G37/L37-1)),"n.m.") -> -0.016611296
C42: Consolidated figures | D42: =+D23 -> Q2 2016 | G42: =+G23 -> Q2 2016 | I42: =+I23 -> Q2 2015 | L42: =+L23 -> Q2 2015
C43: Growth analysis - EBITDA margin | D43: Reported | G43: Adjusted | I43: Reported | L43: Adjusted
C45: Consumer (contribution margin) | D45: =D26/D5 -> 0.58148631 | G45: =G26/G5 -> 0.58670143 | I45: =I26/I5 -> 0.59431525 | L45: =L26/L5 -> 0.59560724
C46: Business (contribution margin) | D46: =D27/D6 -> 0.61256545 | G46: =G27/G6 -> 0.60558464 | I46: =I27/I6 -> 0.56085526 | L46: =L27/L6 -> 0.60517799
C47: Wholesale (contribution margin) | D47: =D28/D7 -> 0.69565217 | G47: =G28/G7 -> 0.69565217 | I47: =I28/I7 -> 0.67934783 | L47: =L28/L7 -> 0.67934783
C48: Network, Operations & IT (cost center) | D48: n.m. | G48: n.m. | I48: n.m. | L48: n.m.
C49: Other (incl. eliminations) | D49: n.m. | G49: n.m. | I49: n.m. | L49: n.m.
C50: The Netherlands | D50: =D31/D10 -> 0.38627187 | G50: =G31/G10 -> 0.39502019 | I50: =I31/I10 -> 0.37010444 | L50: =L31/L10 -> 0.38845655
C52: iBasis | D52: =D33/D12 -> 0.027522936 | G52: =G33/G12 -> 0.027522936 | I52: =I33/I12 -> 0.025641026 | L52: =L33/L12 -> 0.025641026
C54: Other activities | D54: n.m. | G54: n.m. | I54: n.m. | L54: n.m.
C56: Total EBITDA margin | D56: =D37/D18 -> 0.34546539 | G56: =G37/G18 -> 0.35322196 | I56: =I37/I18 -> 0.32624928 | L56: =L37/L18 -> 0.34380354

Sheet Growth analysis Q4
C2: Consolidated figures | D2: Q4 2016 | E2: Incidentals | G2: =+D2 -> Q4 2016 | I2: Q4 2015 | J2: =+E2 -> Incidentals | L2: =+I2 -> Q4 2015 | N2: Δ y-on-y | O2: Δ y-on-y
C3: Growth analysis - Revenues | D3: Reported | G3: Adjusted | I3: Reported | L3: Adjusted | N3: Reported | O3: Adjusted
C5: Consumer | I5: =+Revenues!I5 -> 781 | J5: 0 | L5: =+I5-J5 -> 781
C6: Business | I6: =+Revenues!I6 -> 630 | J6: 0 | L6: =+I6-J6 -> 630
C7: Wholesale | I7: =+Revenues!I7 -> 180 | J7: 0 | L7: =+I7-J7 -> 180
C8: Network, Operations & IT | I8: =+Revenues!I8 -> 5 | J8: 0 | L8: =+I8-J8 -> 5
C9: Other (incl. eliminations) | I9: =+Revenues!I9 -> -47 | J9: 0 | L9: =+I9-J9 -> -47
C10: The Netherlands | I10: =+Revenues!I10 -> 1549 | J10: =SUM(J5:J9) -> 0 | L10: =+I10-J10 -> 1549
C12: iBasis | I12: =+Revenues!I12 -> 218 | J12: 0 | L12: =+I12-J12 -> 218
C14: Other activities | I14: =+Revenues!I14 -> 3 | J14: 0 | L14: =+I14-J14 -> 3
C16: Intercompany revenues | I16: =+Revenues!I16 -> -25 | J16: 0 | L16: =+I16-J16 -> -25
C18: Total revenues | H18: =H10+H12+H14 -> 0 | I18: =+Revenues!I18 -> 1745 | J18: =J10+J12+J14 -> 0 | L18: =L10+L12+L14+L16 -> 1745
C23: Consolidated figures | D23: =+D2 -> Q4 2016 | E23: =+E2 -> Incidentals | F23: Restructuring | G23: =+G2 -> Q4 2016 | I23: =+I2 -> Q4 2015 | J23: =+J2 -> Incidentals | K23: Restructuring | L23: =+L2 -> Q4 2015 | N23: Δ y-on-y | O23: Δ y-on-y
C24: Growth analysis - EBITDA | D24: Reported | G24: Adjusted | I24: Reported | L24: Adjusted | N24: Reported | O24: Adjusted
C26: Consumer (contribution margin) | I26: =EBITDA!I5 -> 431 | J26: 0 | K26: -3 | L26: =+I26-J26-K26 -> 434
C27: Business (contribution margin) | I27: =EBITDA!I6 -> 368 | J27: -1 | K27: -1 | L27: =+I27-J27-K27 -> 370
C28: Wholesale (contribution margin) | I28: =EBITDA!I7 -> 124 | J28: 0 | K28: 0 | L28: =+I28-J28-K28 -> 124
C29: Network, Operations & IT (cost center) | I29: =EBITDA!I8 -> -299 | J29: 0 | K29: -4 | L29: =+I29-J29-K29 -> -295
C30: Other (incl. eliminations) | I30: =EBITDA!I9 -> -66 | J30: 0 | K30: 0 | L30: =+I30-J30-K30 -> -66
C31: The Netherlands | I31: =EBITDA!I10 -> 558 | J31: =J26+J28+J27+J29+J30 -> -1 | K31: =K26+K28+K27+K29+K30 -> -8 | L31: =+I31-J31-K31 -> 567
C33: iBasis | I33: =EBITDA!I12 -> 6 | J33: 0 | K33: 0 | L33: =+I33-J33-K33 -> 6
C35: Other activities | I35: =EBITDA!I14 -> 14 | J35: 11 | K35: -6 | L35: =+I35-J35-K35 -> 9
C37: Total EBITDA | H37: =H31+H33+H35 -> 0 | I37: =EBITDA!I16 -> 578 | J37: =J31+J33+J35 -> 10 | K37: =K31+K33+K35 -> -14 | L37: =L31+L33+L35 -> 582
C42: Consolidated figures | D42: =+D23 -> Q4 2016 | G42: =+G23 -> Q4 2016 | I42: =+I23 -> Q4 2015 | L42: =+L23 -> Q4 2015
C43: Growth analysis - EBITDA margin | D43: Reported | G43: Adjusted | I43: Reported | L43: Adjusted
C45: Consumer (contribution margin) | I45: =I26/I5 -> 0.55185659 | L45: =L26/L5 -> 0.55569782
C46: Business (contribution margin) | I46: =I27/I6 -> 0.58412698 | L46: =L27/L6 -> 0.58730159
C47: Wholesale (contribution margin) | I47: =I28/I7 -> 0.68888889 | L47: =L28/L7 -> 0.68888889
C48: Network, Operations & IT (cost center) | I48: n.m. | L48: n.m.
C49: Other (incl. eliminations) | I49: n.m. | L49: n.m.
C50: The Netherlands | I50: =I31/I10 -> 0.36023241 | L50: =L31/L10 -> 0.36604261
C52: iBasis | I52: =I33/I12 -> 0.027522936 | L52: =L33/L12 -> 0.027522936
C54: Other activities | I54: n.m. | L54: n.m.
C56: Total EBITDA margin | I56: =I37/I18 -> 0.33123209 | L56: =L37/L18 -> 0.33352436

Sheet Consumer revenues
C2: Consumer revenues | D2: Q3 '16 | E2: Q2 '16 | F2: Q1 '16 | H2: 2015 | I2: Q4 '15 | J2: =+'Consumer KPIs'!J2 -> Q3 '15 | K2: =+'Consumer KPIs'!K2 -> Q2 '15 | L2: =+'Consumer KPIs'!L2 -> Q1 '15 | N2: =+'Consumer KPIs'!N2 -> y-on-y | P2: YTD '16 | Q2: YTD '15 | S2: y-on-y
N3: =+'Consumer KPIs'!N3 -> Q3% | S3: YTD%
C5: Not-bundled fixed service revenues | D5: 84 | E5: 86 | F5: 91 | H5: =I5+J5+K5+L5 -> 394 | I5: 95 | J5: 97 | K5: 98 | L5: 104 | N5: =+IFERROR(IF(D5*J5<0,"n.m.",IF(D5/J5-1>100%,">100%",D5/J5-1)),"n.m.") -> -0.13402062 | P5: =F5+E5+D5 -> 261 | Q5: =L5+K5+J5 -> 299 | S5: =+IFERROR(IF(P5*Q5<0,"n.m.",IF(P5/Q5-1>100%,">100%",P5/Q5-1)),"n.m.") -> -0.1270903
C6: Bundled fixed service revenues | D6: 368 | E6: 358 | F6: 354 | H6: =I6+J6+K6+L6 -> 1353 | I6: 351 | J6: 340 | K6: 332 | L6: 330 | N6: =+IFERROR(IF(D6*J6<0,"n.m.",IF(D6/J6-1>100%,">100%",D6/J6-1)),"n.m.") -> 0.082352941 | P6: =F6+E6+D6 -> 1080 | Q6: =L6+K6+J6 -> 1002 | S6: =+IFERROR(IF(P6*Q6<0,"n.m.",IF(P6/Q6-1>100%,">100%",P6/Q6-1)),"n.m.") -> 0.077844311
C7: Other | D7: 15 | E7: 14 | F7: 15 | H7: =I7+J7+K7+L7 -> 64 | I7: 14 | J7: 16 | K7: 17 | L7: 17 | N7: =+IFERROR(IF(D7*J7<0,"n.m.",IF(D7/J7-1>100%,">100%",D7/J7-1)),"n.m.") -> -0.0625 | P7: =F7+E7+D7 -> 44 | Q7: =L7+K7+J7 -> 50 | S7: =+IFERROR(IF(P7*Q7<0,"n.m.",IF(P7/Q7-1>100%,">100%",P7/Q7-1)),"n.m.") -> -0.12
C8: Consumer Residential | D8: =D5+D6+D7 -> 467 | E8: =E5+E6+E7 -> 458 | F8: =F5+F6+F7 -> 460 | H8: =I8+J8+K8+L8 -> 1811 | I8: =+I5+I6+I7 -> 460 | J8: =+J5+J6+J7 -> 453 | K8: =+K5+K6+K7 -> 447 | L8: =+L5+L6+L7 -> 451 | N8: =+IFERROR(IF(D8*J8<0,"n.m.",IF(D8/J8-1>100%,">100%",D8/J8-1)),"n.m.") -> 0.030905077 | P8: =F8+E8+D8 -> 1385 | Q8: =L8+K8+J8 -> 1351 | S8: =+IFERROR(IF(P8*Q8<0,"n.m.",IF(P8/Q8-1>100%,">100%",P8/Q8-1)),"n.m.") -> 0.025166543
C10: Mobile retail service revenues | D10: 302 | E10: 290 | F10: 287 | H10: =I10+J10+K10+L10 -> 1160 | I10: 284 | J10: 309 | K10: 296 | L10: 271 | N10: =+IFERROR(IF(D10*J10<0,"n.m.",IF(D10/J10-1>100%,">100%",D10/J10-1)),"n.m.") -> -0.022653722 | P10: =F10+E10+D10 -> 879 | Q10: =L10+K10+J10 -> 876 | S10: =+IFERROR(IF(P10*Q10<0,"n.m.",IF(P10/Q10-1>100%,">100%",P10/Q10-1)),"n.m.") -> 0.0034246575
C11: Other | D11: 33 | E11: 19 | F11: 24 | H11: =I11+J11+K11+L11 -> 124 | I11: 37 | J11: 28 | K11: 31 | L11: 28 | N11: =+IFERROR(IF(D11*J11<0,"n.m.",IF(D11/J11-1>100%,">100%",D11/J11-1)),"n.m.") -> 0.17857143 | P11: =F11+E11+D11 -> 76 | Q11: =L11+K11+J11 -> 87 | S11: =+IFERROR(IF(P11*Q11<0,"n.m.",IF(P11/Q11-1>100%,">100%",P11/Q11-1)),"n.m.") -> -0.12643678
C12: Consumer Mobile | D12: =D10+D11 -> 335 | E12: =E10+E11 -> 309 | F12: =F10+F11 -> 311 | H12: =I12+J12+K12+L12 -> 1284 | I12: =I10+I11 -> 321 | J12: =J10+J11 -> 337 | K12: =K10+K11 -> 327 | L12: =L10+L11 -> 299 | M12: =M10+M11 -> 0 | N12: =+IFERROR(IF(D12*J12<0,"n.m.",IF(D12/J12-1>100%,">100%",D12/J12-1)),"n.m.") -> -0.0059347181 | P12: =F12+E12+D12 -> 955 | Q12: =L12+K12+J12 -> 963 | S12: =+IFERROR(IF(P12*Q12<0,"n.m.",IF(P12/Q12-1>100%,">100%",P12/Q12-1)),"n.m.") -> -0.0083073728
C14: Total Consumer revenues | D14: =D8+D12 -> 802 | E14: =E8+E12 -> 767 | F14: =F8+F12 -> 771 | H14: =H8+H12 -> 3095 | I14: =I8+I12 -> 781 | J14: =J8+J12 -> 790 | K14: =K8+K12 -> 774 | L14: =L8+L12 -> 750 | M14: =M8+M12 -> 0 | N14: =+IFERROR(IF(D14*J14<0,"n.m.",IF(D14/J14-1>100%,">100%",D14/J14-1)),"n.m.") -> 0.015189873 | P14: =F14+E14+D14 -> 2340 | Q14: =L14+K14+J14 -> 2314 | S14: =+IFERROR(IF(P14*Q14<0,"n.m.",IF(P14/Q14-1>100%,">100%",P14/Q14-1)),"n.m.") -> 0.011235955
C19: Adjusted Consumer revenues | D19: Q3 '16 | E19: Q2 '16 | F19: Q1 '16 | H19: 2015 | I19: Q4 '15 | J19: Q3 '15 | K19: Q2 '15 | L19: Q1 '15 | N19: y-on-y | P19: YTD '16 | Q19: YTD '15 | S19: y-on-y
N20: Q3% | S20: YTD%
C22: Not-bundled fixed service revenues | D22: 84 | E22: 86 | F22: 91 | H22: =I22+J22+K22+L22 -> 394 | I22: 95 | J22: 97 | K22: 98 | L22: 104 | N22: =+IFERROR(IF(D22*J22<0,"n.m.",IF(D22/J22-1>100%,">100%",D22/J22-1)),"n.m.") -> -0.13402062 | P22: =F22+E22+D22 -> 261 | Q22: =L22+K22+J22 -> 299 | S22: =+IFERROR(IF(P22*Q22<0,"n.m.",IF(P22/Q22-1>100%,">100%",P22/Q22-1)),"n.m.") -> -0.1270903
C23: Bundled fixed service revenues | D23: 368 | E23: 358 | F23: 354 | H23: =I23+J23+K23+L23 -> 1353 | I23: 351 | J23: 340 | K23: 332 | L23: 330 | N23: =+IFERROR(IF(D23*J23<0,"n.m.",IF(D23/J23-1>100%,">100%",D23/J23-1)),"n.m.") -> 0.082352941 | P23: =F23+E23+D23 -> 1080 | Q23: =L23+K23+J23 -> 1002 | S23: =+IFERROR(IF(P23*Q23<0,"n.m.",IF(P23/Q23-1>100%,">100%",P23/Q23-1)),"n.m.") -> 0.077844311
C24: Other | D24: 15 | E24: 14 | F24: 15 | H24: =I24+J24+K24+L24 -> 64 | I24: 14 | J24: 16 | K24: 17 | L24: 17 | N24: =+IFERROR(IF(D24*J24<0,"n.m.",IF(D24/J24-1>100%,">100%",D24/J24-1)),"n.m.") -> -0.0625 | P24: =F24+E24+D24 -> 44 | Q24: =L24+K24+J24 -> 50 | S24: =+IFERROR(IF(P24*Q24<0,"n.m.",IF(P24/Q24-1>100%,">100%",P24/Q24-1)),"n.m.") -> -0.12
C25: Consumer Residential | D25: =D22+D23+D24 -> 467 | E25: =E22+E23+E24 -> 458 | F25: =F22+F23+F24 -> 460 | H25: =I25+J25+K25+L25 -> 1811 | I25: =+I22+I23+I24 -> 460 | J25: =+J22+J23+J24 -> 453 | K25: =+K22+K23+K24 -> 447 | L25: =+L22+L23+L24 -> 451 | N25: =+IFERROR(IF(D25*J25<0,"n.m.",IF(D25/J25-1>100%,">100%",D25/J25-1)),"n.m.") -> 0.030905077 | P25: =F25+E25+D25 -> 1385 | Q25: =L25+K25+J25 -> 1351 | S25: =+IFERROR(IF(P25*Q25<0,"n.m.",IF(P25/Q25-1>100%,">100%",P25/Q25-1)),"n.m.") -> 0.025166543
C27: Mobile retail service revenues | D27: 302 | E27: 290 | F27: 287 | H27: =I27+J27+K27+L27 -> 1160 | I27: 284 | J27: 309 | K27: 296 | L27: 271 | N27: =+IFERROR(IF(D27*J27<0,"n.m.",IF(D27/J27-1>100%,">100%",D27/J27-1)),"n.m.") -> -0.022653722 | P27: =F27+E27+D27 -> 879 | Q27: =L27+K27+J27 -> 876 | S27: =+IFERROR(IF(P27*Q27<0,"n.m.",IF(P27/Q27-1>100%,">100%",P27/Q27-1)),"n.m.") -> 0.0034246575
C28: Other | D28: 33 | E28: 19 | F28: 24 | H28: =I28+J28+K28+L28 -> 124 | I28: 37 | J28: 28 | K28: 31 | L28: 28 | N28: =+IFERROR(IF(D28*J28<0,"n.m.",IF(D28/J28-1>100%,">100%",D28/J28-1)),"n.m.") -> 0.17857143 | P28: =F28+E28+D28 -> 76 | Q28: =L28+K28+J28 -> 87 | S28: =+IFERROR(IF(P28*Q28<0,"n.m.",IF(P28/Q28-1>100%,">100%",P28/Q28-1)),"n.m.") -> -0.12643678
C29: Consumer Mobile | D29: =D27+D28 -> 335 | E29: =E27+E28 -> 309 | F29: =F27+F28 -> 311 | H29: =I29+J29+K29+L29 -> 1284 | I29: =I27+I28 -> 321 | J29: =J27+J28 -> 337 | K29: =K27+K28 -> 327 | L29: =L27+L28 -> 299 | M29: =M27+M28 -> 0 | N29: =+IFERROR(IF(D29*J29<0,"n.m.",IF(D29/J29-1>100%,">100%",D29/J29-1)),"n.m.") -> -0.0059347181 | P29: =F29+E29+D29 -> 955 | Q29: =L29+K29+J29 -> 963 | S29: =+IFERROR(IF(P29*Q29<0,"n.m.",IF(P29/Q29-1>100%,">100%",P29/Q29-1)),"n.m.") -> -0.0083073728
C31: Total Consumer revenues | D31: =D25+D29 -> 802 | E31: =E25+E29 -> 767 | F31: =F25+F29 -> 771 | H31: =H25+H29 -> 3095 | I31: =I25+I29 -> 781 | J31: =J25+J29 -> 790 | K31: =K25+K29 -> 774 | L31: =L25+L29 -> 750 | M31: =M25+M29 -> 0 | N31: =+IFERROR(IF(D31*J31<0,"n.m.",IF(D31/J31-1>100%,">100%",D31/J31-1)),"n.m.") -> 0.015189873 | P31: =F31+E31+D31 -> 2340 | Q31: =L31+K31+J31 -> 2314 | S31: =+IFERROR(IF(P31*Q31<0,"n.m.",IF(P31/Q31-1>100%,">100%",P31/Q31-1)),"n.m.") -> 0.011235955

Sheet Consumer KPIs
C2: Consumer KPIs - aggregated | D2: Q3 '16 | E2: Q2 '16 | F2: Q1 '16 | H2: 2015 | I2: Q4 '15 | J2: =+'CF, Capex, BS & Debt sum'!J2 -> Q3 '15 | K2: =+'CF, Capex, BS & Debt sum'!K2 -> Q2 '15 | L2: =+'CF, Capex, BS & Debt sum'!L2 -> Q1 '15 | N2: =+'CF, Capex, BS & Debt sum'!N2 -> y-on-y | P2: YTD '16 | Q2: YTD '15 | S2: y-on-y
N3: =+'FTE '!N3 -> Q3% | S3: YTD%
C5: Total Consumer Residential households (*1,000) | D5: =D6+D7 -> 3655 | E5: =E6+E7 -> 3684 | F5: =F6+F7 -> 3704 | H5: =H6+H7 -> 3736 | I5: =I6+I7 -> 3736 | J5: =J6+J7 -> 3746 | K5: =K6+K7 -> 3764 | L5: =L6+L7 -> 3790 | M5: =M6+M7 -> 0 | N5: =+IFERROR(IF(D5*J5<0,"n.m.",IF(D5/J5-1>100%,">100%",D5/J5-1)),"n.m.") -> -0.024292579 | P5: =D5 -> 3655 | Q5: =J5 -> 3746 | S5: =+IFERROR(IF(P5*Q5<0,"n.m.",IF(P5/Q5-1>100%,">100%",P5/Q5-1)),"n.m.") -> -0.024292579
C6: - Fixed-Mobile households | D6: 1003 | E6: 944 | F6: 888 | H6: =I6 -> 813 | I6: 813 | J6: 689 | K6: 622 | L6: 554 | N6: =+IFERROR(IF(D6*J6<0,"n.m.",IF(D6/J6-1>100%,">100%",D6/J6-1)),"n.m.") -> 0.45573295 | P6: =D6 -> 1003 | Q6: =J6 -> 689 | S6: =+IFERROR(IF(P6*Q6<0,"n.m.",IF(P6/Q6-1>100%,">100%",P6/Q6-1)),"n.m.") -> 0.45573295
C7: - Fixed-only households | D7: 2652 | E7: 2740 | F7: 2816 | H7: =I7 -> 2923 | I7: 2923 | J7: 3057 | K7: 3142 | L7: 3236 | N7: =+IFERROR(IF(D7*J7<0,"n.m.",IF(D7/J7-1>100%,">100%",D7/J7-1)),"n.m.") -> -0.13248283 | P7: =D7 -> 2652 | Q7: =J7 -> 3057 | S7: =+IFERROR(IF(P7*Q7<0,"n.m.",IF(P7/Q7-1>100%,">100%",P7/Q7-1)),"n.m.") -> -0.13248283
C9: Total Consumer Mobile customer base (*1,000) | D9: =D10+D11+D12 -> 5267 | E9: =E10+E11+E12 -> 5226 | F9: =F10+F11+F12 -> 5227 | H9: =H10+H11+H12 -> 5249 | I9: =I10+I11+I12 -> 5249 | J9: =J10+J11+J12 -> 5190 | K9: =K10+K11+K12 -> 5118 | L9: =L10+L11+L12 -> 5086 | M9: =M10+M11+M12 -> 0 | N9: =+IFERROR(IF(D9*J9<0,"n.m.",IF(D9/J9-1>100%,">100%",D9/J9-1)),"n.m.") -> 0.014836224 | P9: =D9 -> 5267 | Q9: =J9 -> 5190 | S9: =+IFERROR(IF(P9*Q9<0,"n.m.",IF(P9/Q9-1>100%,">100%",P9/Q9-1)),"n.m.") -> 0.014836224
C10: - Fixed-Mobile postpaid | D10: 1461 | E10: 1384 | F10: 1286 | H10: =I10 -> 1172 | I10: 1172 | J10: 997 | K10: 891 | L10: 791 | N10: =+IFERROR(IF(D10*J10<0,"n.m.",IF(D10/J10-1>100%,">100%",D10/J10-1)),"n.m.") -> 0.46539619 | P10: =D10 -> 1461 | Q10: =J10 -> 997 | S10: =+IFERROR(IF(P10*Q10<0,"n.m.",IF(P10/Q10-1>100%,">100%",P10/Q10-1)),"n.m.") -> 0.46539619
C11: - Mobile-only postpaid | D11: 2205 | E11: 2246 | F11: 2343 | H11: =I11 -> 2421 | I11: 2421 | J11: 2516 | K11: 2542 | L11: 2572 | N11: =+IFERROR(IF(D11*J11<0,"n.m.",IF(D11/J11-1>100%,">100%",D11/J11-1)),"n.m.") -> -0.1236089 | P11: =D11 -> 2205 | Q11: =J11 -> 2516 | S11: =+IFERROR(IF(P11*Q11<0,"n.m.",IF(P11/Q11-1>100%,">100%",P11/Q11-1)),"n.m.") -> -0.1236089
C12: - Prepaid | D12: 1601 | E12: 1596 | F12: 1598 | H12: =I12 -> 1656 | I12: 1656 | J12: 1677 | K12: 1685 | L12: 1723 | N12: =+IFERROR(IF(D12*J12<0,"n.m.",IF(D12/J12-1>100%,">100%",D12/J12-1)),"n.m.") -> -0.045319022 | P12: =D12 -> 1601 | Q12: =J12 -> 1677 | S12: =+IFERROR(IF(P12*Q12<0,"n.m.",IF(P12/Q12-1>100%,">100%",P12/Q12-1)),"n.m.") -> -0.045319022
C14: Market share
C15: - KPN total NL Mobile (service revenues)¹ | D15: n.a. | E15: 0.42 | F15: 0.42 | H15: 0.41 | I15: 0.41 | J15: 0.41 | K15: 0.41 | L15: 0.4
C16: - Broadband subscribers² | D16: n.a. | E16: 0.41 | F16: 0.41 | H16: 0.41 | I16: 0.41 | J16: 0.41 | K16: 0.4 | L16: 0.4
C17: - TV subscribers² | D17: n.a. | E17: 0.3 | F17: 0.29 | H17: 0.29 | I17: 0.29 | J17: 0.28 | K17: 0.28 | L17: 0.27
B20: 1 Management estimates; market share restated per Q1 '16 to include all operators
B21: 2 Source: Telecompaper (Broadband and TV include Self-Employed Business customers)
C24: Consumer Residential KPIs | D24: Q3 '16 | E24: Q2 '16 | F24: =F2 -> Q1 '16 | H24: =H2 -> 2015 | I24: =I2 -> Q4 '15 | J24: =J2 -> Q3 '15 | K24: =K2 -> Q2 '15 | L24: =L2 -> Q1 '15 | M24: =M2 -> 0 | N24: =N2 -> y-on-y | P24: YTD '16 | Q24: YTD '15 | S24: y-on-y
N25: =N3 -> Q3% | S25: YTD%
C27: Households (*1,000) | D27: =D28+D32+D33 -> 3655 | E27: =E28+E32+E33 -> 3684 | F27: =F28+F32+F33 -> 3704 | H27: =I27 -> 3736 | I27: =I28+I32+I33 -> 3736 | J27: =J28+J32+J33 -> 3746 | K27: =K28+K32+K33 -> 3764 | L27: =L28+L32+L33 -> 3790 | M27: =M28+M32+M33 -> 0 | N27: =+IFERROR(IF(D27*J27<0,"n.m.",IF(D27/J27-1>100%,">100%",D27/J27-1)),"n.m.") -> -0.024292579 | P27: =D27 -> 3655 | Q27: =J27 -> 3746 | S27: =+IFERROR(IF(P27*Q27<0,"n.m.",IF(P27/Q27-1>100%,">100%",P27/Q27-1)),"n.m.") -> -0.024292579
C28: - Not-bundled | D28: =D29+D30+D31 -> 1180 | E28: =E29+E30+E31 -> 1224 | F28: =F29+F30+F31 -> 1270 | H28: =I28 -> 1335 | I28: =I30+I31+I29 -> 1335 | J28: =J30+J31+J29 -> 1401 | K28: =K30+K31+K29 -> 1468 | L28: =L30+L31+L29 -> 1545 | M28: =M30+M31 -> 0 | N28: =+IFERROR(IF(D28*J28<0,"n.m.",IF(D28/J28-1>100%,">100%",D28/J28-1)),"n.m.") -> -0.15774447 | P28: =D28 -> 1180 | Q28: =J28 -> 1401 | S28: =+IFERROR(IF(P28*Q28<0,"n.m.",IF(P28/Q28-1>100%,">100%",P28/Q28-1)),"n.m.") -> -0.15774447
C29: - of which: Broadband only | D29: 405 | E29: 414 | F29: 425 | H29: =I29 -> 438 | I29: 438 | J29: 451 | K29: 466 | L29: 484 | N29: =+IFERROR(IF(D29*J29<0,"n.m.",IF(D29/J29-1>100%,">100%",D29/J29-1)),"n.m.") -> -0.10199557 | P29: =D29 -> 405 | Q29: =J29 -> 451 | S29: =+IFERROR(IF(P29*Q29<0,"n.m.",IF(P29/Q29-1>100%,">100%",P29/Q29-1)),"n.m.") -> -0.10199557
C30: - of which: Traditional voice | D30: 465 | E30: 487 | F30: 516 | H30: =I30 -> 547 | I30: 547 | J30: 579 | K30: 611 | L30: 644 | N30: =+IFERROR(IF(D30*J30<0,"n.m.",IF(D30/J30-1>100%,">100%",D30/J30-1)),"n.m.") -> -0.19689119 | P30: =D30 -> 465 | Q30: =J30 -> 579 | S30: =+IFERROR(IF(P30*Q30<0,"n.m.",IF(P30/Q30-1>100%,">100%",P30/Q30-1)),"n.m.") -> -0.19689119
C31: - of which: Digitenne only | D31: 310 | E31: 323 | F31: 329 | H31: =I31 -> 350 | I31: 350 | J31: 371 | K31: 391 | L31: 417 | N31: =+IFERROR(IF(D31*J31<0,"n.m.",IF(D31/J31-1>100%,">100%",D31/J31-1)),"n.m.") -> -0.16442049 | P31: =D31 -> 310 | Q31: =J31 -> 371 | S31: =+IFERROR(IF(P31*Q31<0,"n.m.",IF(P31/Q31-1>100%,">100%",P31/Q31-1)),"n.m.") -> -0.16442049
C32: - Dual Play | D32: 767 | E32: 766 | F32: 764 | H32: =I32 -> 767 | I32: 767 | J32: 768 | K32: 769 | L32: 773 | N32: =+IFERROR(IF(D32*J32<0,"n.m.",IF(D32/J32-1>100%,">100%",D32/J32-1)),"n.m.") -> -0.0013020833 | P32: =D32 -> 767 | Q32: =J32 -> 768 | S32: =+IFERROR(IF(P32*Q32<0,"n.m.",IF(P32/Q32-1>100%,">100%",P32/Q32-1)),"n.m.") -> -0.0013020833
C33: - Triple Play | D33: 1708 | E33: 1694 | F33: 1670 | H33: =I33 -> 1634 | I33: 1634 | J33: 1577 | K33: 1527 | L33: 1472 | N33: =+IFERROR(IF(D33*J33<0,"n.m.",IF(D33/J33-1>100%,">100%",D33/J33-1)),"n.m.") -> 0.083069119 | P33: =D33 -> 1708 | Q33: =J33 -> 1577 | S33: =+IFERROR(IF(P33*Q33<0,"n.m.",IF(P33/Q33-1>100%,">100%",P33/Q33-1)),"n.m.") -> 0.083069119
C35: ARPU per household | D35: 41 | E35: 40 | F35: 40 | H35: 39 | I35: 40 | J35: 39 | K35: 38 | L35: 38 | N35: =+IFERROR(IF(D35*J35<0,"n.m.",IF(D35/J35-1>100%,">100%",D35/J35-1)),"n.m.") -> 0.051282051 | P35: 40 | Q35: 39 | S35: =+IFERROR(IF(P35*Q35<0,"n.m.",IF(P35/Q35-1>100%,">100%",P35/Q35-1)),"n.m.") -> 0.025641026
C37: Total RGUs (*1,000) | D37: 7838 | E37: 7838 | F37: 7808 | H37: 7771 | I37: 7771 | J37: 7668 | K37: 7588 | L37: 7508 | M37: 0 | N37: 0.022170057 | P37: 7838 | Q37: 7668 | S37: 0.022170057
C38: - Voice | D38: 2646 | E38: 2658 | F38: 2670 | H38: 2685 | I38: 2685 | J38: 2667 | K38: 2658 | L38: 2648 | M38: 0 | N38: -0.0078740157 | P38: 2646 | Q38: 2667 | S38: -0.0078740157
C39: - Broadband | D39: 2871 | E39: 2865 | F39: 2850 | H39: =I39 -> 2828 | I39: 2828 | J39: 2785 | K39: 2752 | L39: 2718 | N39: =+IFERROR(IF(D39*J39<0,"n.m.",IF(D39/J39-1>100%,">100%",D39/J39-1)),"n.m.") -> 0.030879713 | P39: =D39 -> 2871 | Q39: =J39 -> 2785 | S39: =+IFERROR(IF(P39*Q39<0,"n.m.",IF(P39/Q39-1>100%,">100%",P39/Q39-1)),"n.m.") -> 0.030879713
C40: - TV | D40: =D41+D42 -> 2321 | E40: =E41+E42 -> 2315 | F40: =F41+F42 -> 2288 | H40: =H41+H42 -> 2258 | I40: =I41+I42 -> 2258 | J40: =J41+J42 -> 2216 | K40: =K41+K42 -> 2178 | L40: =L41+L42 -> 2142 | M40: =M41+M42 -> 0 | N40: =+IFERROR(IF(D40*J40<0,"n.m.",IF(D40/J40-1>100%,">100%",D40/J40-1)),"n.m.") -> 0.047382671 | P40: =D40 -> 2321 | Q40: =J40 -> 2216 | S40: =+IFERROR(IF(P40*Q40<0,"n.m.",IF(P40/Q40-1>100%,">100%",P40/Q40-1)),"n.m.") -> 0.047382671
C41: - of which: IPTV | D41: 1985 | E41: 1963 | F41: 1930 | H41: =I41 -> 1877 | I41: 1877 | J41: 1812 | K41: 1752 | L41: 1688 | N41: =+IFERROR(IF(D41*J41<0,"n.m.",IF(D41/J41-1>100%,">100%",D41/J41-1)),"n.m.") -> 0.095474614 | P41: =D41 -> 1985 | Q41: =J41 -> 1812 | S41: =+IFERROR(IF(P41*Q41<0,"n.m.",IF(P41/Q41-1>100%,">100%",P41/Q41-1)),"n.m.") -> 0.095474614
C42: - of which: Other1 | D42: 336 | E42: 352 | F42: 358 | H42: =I42 -> 381 | I42: 381 | J42: 404 | K42: 426 | L42: 454 | N42: =+IFERROR(IF(D42*J42<0,"n.m.",IF(D42/J42-1>100%,">100%",D42/J42-1)),"n.m.") -> -0.16831683 | P42: =D42 -> 336 | Q42: =J42 -> 404 | S42: =+IFERROR(IF(P42*Q42<0,"n.m.",IF(P42/Q42-1>100%,">100%",P42/Q42-1)),"n.m.") -> -0.16831683
C43: RGUs per household | D43: 2.14 | E43: 2.13 | F43: 2.1 | H43: =I43 -> 2.07 | I43: 2.07 | J43: 2.04 | K43: 2 | L43: 1.97 | N43: =+IFERROR(IF(D43*J43<0,"n.m.",IF(D43/J43-1>100%,">100%",D43/J43-1)),"n.m.") -> 0.049019608 | P43: =D43 -> 2.14 | Q43: =J43 -> 2.04 | S43: =+IFERROR(IF(P43*Q43<0,"n.m.",IF(P43/Q43-1>100%,">100%",P43/Q43-1)),"n.m.") -> 0.049019608
B46: 1 Other includes Digitenne used as primary TV connection and analog TV customers
C50: Consumer Mobile KPIs | D50: Q3 '16 | E50: Q2 '16 | F50: =F2 -> Q1 '16 | H50: =H2 -> 2015 | I50: =I2 -> Q4 '15 | J50: =J2 -> Q3 '15 | K50: =K2 -> Q2 '15 | L50: =L2 -> Q1 '15 | M50: =M2 -> 0 | N50: =N2 -> y-on-y | P50: YTD '16 | Q50: YTD '15 | S50: y-on-y
N51: =N3 -> Q3% | S51: YTD%
C53: Customers (*1,000) | D53: =D54+D55 -> 5267 | E53: =E54+E55 -> 5226 | F53: =F54+F55 -> 5227 | H53: =H54+H55 -> 5249 | I53: =I54+I55 -> 5249 | J53: =J54+J55 -> 5190 | K53: =K54+K55 -> 5118 | L53: =L54+L55 -> 5086 | M53: =M54+M55 -> 0 | N53: =+IFERROR(IF(D53*J53<0,"n.m.",IF(D53/J53-1>100%,">100%",D53/J53-1)),"n.m.") -> 0.014836224 | P53: =D53 -> 5267 | Q53: =J53 -> 5190 | S53: =+IFERROR(IF(P53*Q53<0,"n.m.",IF(P53/Q53-1>100%,">100%",P53/Q53-1)),"n.m.") -> 0.014836224
C54: - Postpaid1 | D54: 3666 | E54: 3630 | F54: 3629 | H54: =I54 -> 3593 | I54: 3593 | J54: 3513 | K54: 3433 | L54: 3363 | M54: =M55+M56 -> 0 | N54: =+IFERROR(IF(D54*J54<0,"n.m.",IF(D54/J54-1>100%,">100%",D54/J54-1)),"n.m.") -> 0.043552519 | P54: =D54 -> 3666 | Q54: =J54 -> 3513 | S54: =+IFERROR(IF(P54*Q54<0,"n.m.",IF(P54/Q54-1>100%,">100%",P54/Q54-1)),"n.m.") -> 0.043552519
C55: - Prepaid | D55: 1601 | E55: 1596 | F55: 1598 | H55: =I55 -> 1656 | I55: 1656 | J55: 1677 | K55: 1685 | L55: 1723 | N55: =+IFERROR(IF(D55*J55<0,"n.m.",IF(D55/J55-1>100%,">100%",D55/J55-1)),"n.m.") -> -0.045319022 | P55: =D55 -> 1601 | Q55: =J55 -> 1677 | S55: =+IFERROR(IF(P55*Q55<0,"n.m.",IF(P55/Q55-1>100%,">100%",P55/Q55-1)),"n.m.") -> -0.045319022
C57: ARPU | D57: 20 | E57: 19 | F57: 19 | H57: 19 | I57: 18 | J57: 20 | K57: 19 | L57: 18 | N57: =+IFERROR(IF(D57*J57<0,"n.m.",IF(D57/J57-1>100%,">100%",D57/J57-1)),"n.m.") -> 0 | P57: 19 | Q57: 19 | S57: =+IFERROR(IF(P57*Q57<0,"n.m.",IF(P57/Q57-1>100%,">100%",P57/Q57-1)),"n.m.") -> 0
C58: - Postpaid | D58: 26 | E58: 26 | F58: 25 | H58: 27 | I58: 25 | J58: 28 | K58: 27 | L58: 26 | N58: =+IFERROR(IF(D58*J58<0,"n.m.",IF(D58/J58-1>100%,">100%",D58/J58-1)),"n.m.") -> -0.071428571 | P58: 26 | Q58: 27 | S58: =+IFERROR(IF(P58*Q58<0,"n.m.",IF(P58/Q58-1>100%,">100%",P58/Q58-1)),"n.m.") -> -0.037037037
C59: - Prepaid | D59: 3 | E59: 3 | F59: 3 | H59: 3 | I59: 3 | J59: 3 | K59: 3 | L59: 3 | N59: =+IFERROR(IF(D59*J59<0,"n.m.",IF(D59/J59-1>100%,">100%",D59/J59-1)),"n.m.") -> 0 | P59: 3 | Q59: 3 | S59: =+IFERROR(IF(P59*Q59<0,"n.m.",IF(P59/Q59-1>100%,">100%",P59/Q59-1)),"n.m.") -> 0
C61: Postpaid SAC/SRC per subscriber | D61: 203 | E61: 225 | F61: 221 | H61: 199 | I61: 211 | J61: 193 | K61: 203 | L61: 188 | N61: =+IFERROR(IF(D61*J61<0,"n.m.",IF(D61/J61-1>100%,">100%",D61/J61-1)),"n.m.") -> 0.051813472 | P61: 216 | Q61: 195 | S61: =+IFERROR(IF(P61*Q61<0,"n.m.",IF(P61/Q61-1>100%,">100%",P61/Q61-1)),"n.m.") -> 0.10769231
C63: Postpaid ADPU (in MB) | D63: 1449 | E63: 1281 | F63: 1057 | H63: 833 | I63: 1017 | J63: 913 | K63: 795 | L63: 593 | N63: =+IFERROR(IF(D63*J63<0,"n.m.",IF(D63/J63-1>100%,">100%",D63/J63-1)),"n.m.") -> 0.58707558 | P63: 1263 | Q63: 769 | S63: =+IFERROR(IF(P63*Q63<0,"n.m.",IF(P63/Q63-1>100%,">100%",P63/Q63-1)),"n.m.") -> 0.64239272
C66: 1 Includes 22k one-off negative impact for KPN brand related to migration to new order management IT platform in Q2 '16

Sheet Business revenues
C2: Business revenues | D2: Q3 '16 | E2: Q2 '16 | F2: Q1 '16 | H2: 2015 | I2: Q4 '15 | J2: =+'Consumer KPIs'!J2 -> Q3 '15 | K2: =+'Consumer KPIs'!K2 -> Q2 '15 | L2: =+'Consumer KPIs'!L2 -> Q1 '15 | N2: =+'Consumer KPIs'!N2 -> y-on-y | P2: YTD '16 | Q2: YTD '15 | S2: y-on-y
N3: =+'Consumer KPIs'!N3 -> Q3% | S3: YTD%
C5: Mainly SME
C6: Multi play revenues | D6: 30 | E6: 29 | F6: 27 | H6: =I6+J6+K6+L6 -> 94 | I6: 26 | J6: 24 | K6: 23 | L6: 21 | N6: =+IFERROR(IF(D6*J6<0,"n.m.",IF(D6/J6-1>100%,">100%",D6/J6-1)),"n.m.") -> 0.25 | P6: =F6+E6+D6 -> 86 | Q6: =L6+K6+J6 -> 68 | S6: =+IFERROR(IF(P6*Q6<0,"n.m.",IF(P6/Q6-1>100%,">100%",P6/Q6-1)),"n.m.") -> 0.26470588
C7: Mobile-only revenues | D7: 130 | E7: 128 | F7: 141 | H7: =I7+J7+K7+L7 -> 602 | I7: 139 | J7: 150 | K7: 151 | L7: 162 | N7: =+IFERROR(IF(D7*J7<0,"n.m.",IF(D7/J7-1>100%,">100%",D7/J7-1)),"n.m.") -> -0.13333333 | P7: =F7+E7+D7 -> 399 | Q7: =L7+K7+J7 -> 463 | S7: =+IFERROR(IF(P7*Q7<0,"n.m.",IF(P7/Q7-1>100%,">100%",P7/Q7-1)),"n.m.") -> -0.13822894
C8: Fixed-only revenues | D8: 93 | E8: 99 | F8: 105 | H8: =I8+J8+K8+L8 -> 465 | I8: 114 | J8: 113 | K8: 109 | L8: 129 | N8: =+IFERROR(IF(D8*J8<0,"n.m.",IF(D8/J8-1>100%,">100%",D8/J8-1)),"n.m.") -> -0.17699115 | P8: =F8+E8+D8 -> 297 | Q8: =L8+K8+J8 -> 351 | S8: =+IFERROR(IF(P8*Q8<0,"n.m.",IF(P8/Q8-1>100%,">100%",P8/Q8-1)),"n.m.") -> -0.15384615
C10: Mainly LE/Corporate
C11: Network and IT services | D11: 127 | E11: 125 | F11: 131 | H11: =I11+J11+K11+L11 -> 565 | I11: 139 | J11: 141 | K11: 141 | L11: 144 | N11: =+IFERROR(IF(D11*J11<0,"n.m.",IF(D11/J11-1>100%,">100%",D11/J11-1)),"n.m.") -> -0.09929078 | P11: =F11+E11+D11 -> 383 | Q11: =L11+K11+J11 -> 426 | S11: =+IFERROR(IF(P11*Q11<0,"n.m.",IF(P11/Q11-1>100%,">100%",P11/Q11-1)),"n.m.") -> -0.10093897
C12: Customized solutions | D12: 138 | E12: 140 | F12: 133 | H12: =I12+J12+K12+L12 -> 566 | I12: 155 | J12: 136 | K12: 141 | L12: 134 | N12: =+IFERROR(IF(D12*J12<0,"n.m.",IF(D12/J12-1>100%,">100%",D12/J12-1)),"n.m.") -> 0.014705882 | P12: =F12+E12+D12 -> 411 | Q12: =L12+K12+J12 -> 411 | S12: =+IFERROR(IF(P12*Q12<0,"n.m.",IF(P12/Q12-1>100%,">100%",P12/Q12-1)),"n.m.") -> 0
C14: New services | D14: 30 | E14: 29 | F14: 28 | H14: =I14+J14+K14+L14 -> 98 | I14: 30 | J14: 28 | K14: 21 | L14: 19 | N14: =+IFERROR(IF(D14*J14<0,"n.m.",IF(D14/J14-1>100%,">100%",D14/J14-1)),"n.m.") -> 0.071428571 | P14: =F14+E14+D14 -> 87 | Q14: =L14+K14+J14 -> 68 | S14: =+IFERROR(IF(P14*Q14<0,"n.m.",IF(P14/Q14-1>100%,">100%",P14/Q14-1)),"n.m.") -> 0.27941176
C16: Other | D16: 21 | E16: 23 | F16: 24 | H16: =I16+J16+K16+L16 -> 92 | I16: 27 | J16: 20 | K16: 22 | L16: 23 | N16: =+IFERROR(IF(D16*J16<0,"n.m.",IF(D16/J16-1>100%,">100%",D16/J16-1)),"n.m.") -> 0.05 | P16: =F16+E16+D16 -> 68 | Q16: =L16+K16+J16 -> 65 | S16: =+IFERROR(IF(P16*Q16<0,"n.m.",IF(P16/Q16-1>100%,">100%",P16/Q16-1)),"n.m.") -> 0.046153846
C18: Total Business revenues | D18: =D6+D7+D8+D11+D12+D14+D16 -> 569 | E18: =E6+E7+E8+E11+E12+E14+E16 -> 573 | F18: =F6+F7+F8+F11+F12+F14+F16 -> 589 | H18: =+H6+H7+H8+H11+H12+H14+H16 -> 2482 | I18: =+I6+I7+I8+I11+I12+I14+I16 -> 630 | J18: =+J6+J7+J8+J11+J12+J14+J16 -> 612 | K18: =+K6+K7+K8+K11+K12+K14+K16 -> 608 | L18: =+L6+L7+L8+L11+L12+L14+L16 -> 632 | M18: =+M6+M7+M8+M11+M12+M14+M16 -> 0 | N18: =+IFERROR(IF(D18*J18<0,"n.m.",IF(D18/J18-1>100%,">100%",D18/J18-1)),"n.m.") -> -0.070261438 | P18: =F18+E18+D18 -> 1731 | Q18: =L18+K18+J18 -> 1852 | S18: =+IFERROR(IF(P18*Q18<0,"n.m.",IF(P18/Q18-1>100%,">100%",P18/Q18-1)),"n.m.") -> -0.065334773
C19: - of which: total mobile Business service revenues | D19: 174 | E19: 167 | F19: 175 | H19: =I19+J19+K19+L19 -> 711 | I19: 176 | J19: 179 | K19: 178 | L19: 178 | N19: =+IFERROR(IF(D19*J19<0,"n.m.",IF(D19/J19-1>100%,">100%",D19/J19-1)),"n.m.") -> -0.027932961 | P19: =F19+E19+D19 -> 516 | Q19: =L19+K19+J19 -> 535 | S19: =+IFERROR(IF(P19*Q19<0,"n.m.",IF(P19/Q19-1>100%,">100%",P19/Q19-1)),"n.m.") -> -0.035514019
C24: Adjusted Business revenues | D24: Q3 '16 | E24: Q2 '16 | F24: Q1 '16 | H24: 2015 | I24: Q4 '15 | J24: =+'Consumer KPIs'!J24 -> Q3 '15 | K24: =+'Consumer KPIs'!K24 -> Q2 '15 | L24: =+'Consumer KPIs'!L24 -> Q1 '15 | N24: =+'Consumer KPIs'!N24 -> y-on-y | P24: YTD '16 | Q24: YTD '15 | S24: y-on-y
N25: =+'Consumer KPIs'!N25 -> Q3% | S25: YTD%
C27: Mainly SME
C28: Multi play revenues | D28: 30 | E28: 29 | F28: 27 | H28: =I28+J28+K28+L28 -> 94 | I28: 26 | J28: 24 | K28: 23 | L28: 21 | N28: =+IFERROR(IF(D28*J28<0,"n.m.",IF(D28/J28-1>100%,">100%",D28/J28-1)),"n.m.") -> 0.25 | P28: =F28+E28+D28 -> 86 | Q28: =L28+K28+J28 -> 68 | S28: =+IFERROR(IF(P28*Q28<0,"n.m.",IF(P28/Q28-1>100%,">100%",P28/Q28-1)),"n.m.") -> 0.26470588
C29: Mobile-only revenues | D29: 130 | E29: 128 | F29: 141 | H29: =I29+J29+K29+L29 -> 602 | I29: 139 | J29: 150 | K29: 151 | L29: 162 | N29: =+IFERROR(IF(D29*J29<0,"n.m.",IF(D29/J29-1>100%,">100%",D29/J29-1)),"n.m.") -> -0.13333333 | P29: =F29+E29+D29 -> 399 | Q29: =L29+K29+J29 -> 463 | S29: =+IFERROR(IF(P29*Q29<0,"n.m.",IF(P29/Q29-1>100%,">100%",P29/Q29-1)),"n.m.") -> -0.13822894
C30: Fixed-only revenues | D30: 93 | E30: 99 | F30: 105 | H30: =I30+J30+K30+L30 -> 475 | I30: 114 | J30: 113 | K30: 119 | L30: 129 | N30: =+IFERROR(IF(D30*J30<0,"n.m.",IF(D30/J30-1>100%,">100%",D30/J30-1)),"n.m.") -> -0.17699115 | P30: =F30+E30+D30 -> 297 | Q30: =L30+K30+J30 -> 361 | S30: =+IFERROR(IF(P30*Q30<0,"n.m.",IF(P30/Q30-1>100%,">100%",P30/Q30-1)),"n.m.") -> -0.17728532
C32: Mainly LE/Corporate
C33: Network and IT services | D33: 127 | E33: 125 | F33: 131 | H33: =I33+J33+K33+L33 -> 565 | I33: 139 | J33: 141 | K33: 141 | L33: 144 | N33: =+IFERROR(IF(D33*J33<0,"n.m.",IF(D33/J33-1>100%,">100%",D33/J33-1)),"n.m.") -> -0.09929078 | P33: =F33+E33+D33 -> 383 | Q33: =L33+K33+J33 -> 426 | S33: =+IFERROR(IF(P33*Q33<0,"n.m.",IF(P33/Q33-1>100%,">100%",P33/Q33-1)),"n.m.") -> -0.10093897
C34: Customized solutions | D34: 138 | E34: 140 | F34: 133 | H34: =I34+J34+K34+L34 -> 566 | I34: 155 | J34: 136 | K34: 141 | L34: 134 | N34: =+IFERROR(IF(D34*J34<0,"n.m.",IF(D34/J34-1>100%,">100%",D34/J34-1)),"n.m.") -> 0.014705882 | P34: =F34+E34+D34 -> 411 | Q34: =L34+K34+J34 -> 411 | S34: =+IFERROR(IF(P34*Q34<0,"n.m.",IF(P34/Q34-1>100%,">100%",P34/Q34-1)),"n.m.") -> 0
Q35: =L35+K35+J35 -> 0
C36: New services | D36: 30 | E36: 29 | F36: 28 | H36: =I36+J36+K36+L36 -> 98 | I36: 30 | J36: 28 | K36: 21 | L36: 19 | N36: =+IFERROR(IF(D36*J36<0,"n.m.",IF(D36/J36-1>100%,">100%",D36/J36-1)),"n.m.") -> 0.071428571 | P36: =F36+E36+D36 -> 87 | Q36: =L36+K36+J36 -> 68 | S36: =+IFERROR(IF(P36*Q36<0,"n.m.",IF(P36/Q36-1>100%,">100%",P36/Q36-1)),"n.m.") -> 0.27941176
C38: Other | D38: 21 | E38: 23 | F38: 24 | H38: =I38+J38+K38+L38 -> 92 | I38: 27 | J38: 20 | K38: 22 | L38: 23 | N38: =+IFERROR(IF(D38*J38<0,"n.m.",IF(D38/J38-1>100%,">100%",D38/J38-1)),"n.m.") -> 0.05 | P38: =F38+E38+D38 -> 68 | Q38: =L38+K38+J38 -> 65 | S38: =+IFERROR(IF(P38*Q38<0,"n.m.",IF(P38/Q38-1>100%,">100%",P38/Q38-1)),"n.m.") -> 0.046153846
C40: Total Business revenues | D40: =D28+D29+D30+D33+D34+D36+D38 -> 569 | E40: =E28+E29+E30+E33+E34+E36+E38 -> 573 | F40: =F28+F29+F30+F33+F34+F36+F38 -> 589 | H40: =+H28+H29+H30+H33+H34+H36+H38 -> 2492 | I40: =+I28+I29+I30+I33+I34+I36+I38 -> 630 | J40: =+J28+J29+J30+J33+J34+J36+J38 -> 612 | K40: =+K28+K29+K30+K33+K34+K36+K38 -> 618 | L40: =+L28+L29+L30+L33+L34+L36+L38 -> 632 | M40: =+M28+M29+M30+M33+M34+M36+M38 -> 0 | N40: =+IFERROR(IF(D40*J40<0,"n.m.",IF(D40/J40-1>100%,">100%",D40/J40-1)),"n.m.") -> -0.070261438 | P40: =F40+E40+D40 -> 1731 | Q40: =L40+K40+J40 -> 1862 | S40: =+IFERROR(IF(P40*Q40<0,"n.m.",IF(P40/Q40-1>100%,">100%",P40/Q40-1)),"n.m.") -> -0.070354458
C41: - of which: total mobile Business service revenues | D41: 174 | E41: 167 | F41: 175 | H41: =I41+J41+K41+L41 -> 711 | I41: 176 | J41: 179 | K41: 178 | L41: 178 | N41: =+IFERROR(IF(D41*J41<0,"n.m.",IF(D41/J41-1>100%,">100%",D41/J41-1)),"n.m.") -> -0.027932961 | P41: =F41+E41+D41 -> 516 | Q41: =L41+K41+J41 -> 535 | S41: =+IFERROR(IF(P41*Q41<0,"n.m.",IF(P41/Q41-1>100%,">100%",P41/Q41-1)),"n.m.") -> -0.035514019
H75: 175 | I75: 195 | J75: 168 | K75: 174 | L75: 163
H76: 199 | I76: 211 | J76: 193 | K76: 203 | L76: 188
H77: 5 | I77: 12 | L77: 1

Sheet Business KPIs
C2: Business KPIs - aggregated | D2: Q3 '16 | E2: Q2 '16 | F2: Q1 '16 | H2: ='P&L & Cash flow'!H2 -> 2015 | I2: ='P&L & Cash flow'!I2 -> Q4 '15 | J2: ='P&L & Cash flow'!J2 -> Q3 '15 | K2: ='P&L & Cash flow'!K2 -> Q2 '15 | L2: ='P&L & Cash flow'!L2 -> Q1 '15 | M2: ='P&L & Cash flow'!M2 -> 0 | N2: =+'Consumer KPIs'!N2 -> y-on-y | P2: YTD '16 | Q2: YTD '15 | S2: y-on-y
N3: =+'Consumer KPIs'!N3 -> Q3% | S3: YTD%
C5: Total Mobile customer base (*1,000) | D5: =D6+D9 -> 1832 | E5: =E6+E9 -> 1809 | F5: =F6+F9 -> 1792 | H5: =H6+H9 -> 1790 | I5: =I6+I9 -> 1790 | J5: =J6+J9 -> 1794 | K5: =K6+K9 -> 1792 | L5: =L6+L9 -> 1787 | M5: =M6+M9 -> 0 | N5: =+IFERROR(IF(D5*J5<0,"n.m.",IF(D5/J5-1>100%,">100%",D5/J5-1)),"n.m.") -> 0.021181717 | P5: =D5 -> 1832 | Q5: =J5 -> 1794 | S5: =+IFERROR(IF(P5*Q5<0,"n.m.",IF(P5/Q5-1>100%,">100%",P5/Q5-1)),"n.m.") -> 0.021181717
C6: - Mainly SME | D6: =D7+D8 -> 1322 | E6: =E7+E8 -> 1329 | F6: =F7+F8 -> 1368 | H6: =I6 -> 1373 | I6: =+I7+I8 -> 1373 | J6: =+J7+J8 -> 1405 | K6: =+K7+K8 -> 1421 | L6: =+L7+L8 -> 1438 | M6: =+M7+M8 -> 0 | N6: =+IFERROR(IF(D6*J6<0,"n.m.",IF(D6/J6-1>100%,">100%",D6/J6-1)),"n.m.") -> -0.059074733 | P6: =D6 -> 1322 | Q6: =J6 -> 1405 | S6: =+IFERROR(IF(P6*Q6<0,"n.m.",IF(P6/Q6-1>100%,">100%",P6/Q6-1)),"n.m.") -> -0.059074733
C7: - of which: Mobile in multi play1 | D7: 68 | E7: 65 | F7: 37 | H7: =I7 -> 29 | I7: 29 | J7: 24 | K7: 22 | L7: 19 | N7: =+IFERROR(IF(D7*J7<0,"n.m.",IF(D7/J7-1>100%,">100%",D7/J7-1)),"n.m.") -> >100% | P7: =D7 -> 68 | Q7: =J7 -> 24 | S7: =+IFERROR(IF(P7*Q7<0,"n.m.",IF(P7/Q7-1>100%,">100%",P7/Q7-1)),"n.m.") -> >100%
C8: - of which: Mobile-only2 | D8: 1254 | E8: 1264 | F8: 1331 | H8: =I8 -> 1344 | I8: 1344 | J8: 1381 | K8: 1399 | L8: 1419 | N8: =+IFERROR(IF(D8*J8<0,"n.m.",IF(D8/J8-1>100%,">100%",D8/J8-1)),"n.m.") -> -0.091962346 | P8: =D8 -> 1254 | Q8: =J8 -> 1381 | S8: =+IFERROR(IF(P8*Q8<0,"n.m.",IF(P8/Q8-1>100%,">100%",P8/Q8-1)),"n.m.") -> -0.091962346
C9: - Mainly LE/Corporate | D9: 510 | E9: 480 | F9: 424 | H9: =I9 -> 417 | I9: 417 | J9: 389 | K9: 371 | L9: 349 | N9: =+IFERROR(IF(D9*J9<0,"n.m.",IF(D9/J9-1>100%,">100%",D9/J9-1)),"n.m.") -> 0.31105398 | P9: =D9 -> 510 | Q9: =J9 -> 389 | S9: =+IFERROR(IF(P9*Q9<0,"n.m.",IF(P9/Q9-1>100%,">100%",P9/Q9-1)),"n.m.") -> 0.31105398
B12: 1 Including migration of 19k RoutIT customers per Q2 '16, following acquisition remaining shares RoutIT
B13: 2 Including migration of 32k Dekatel customers per Q3 '16, following acquisition of Dekatel
C16: Mainly SME - Multi play KPIs1 | D16: Q3 '16 | E16: Q2 '16 | F16: =F2 -> Q1 '16 | H16: =H2 -> 2015 | I16: =I2 -> Q4 '15 | J16: =J2 -> Q3 '15 | K16: =K2 -> Q2 '15 | L16: =L2 -> Q1 '15 | M16: =M2 -> 0 | N16: y-on-y | P16: YTD '16 | Q16: YTD '15 | S16: y-on-y
N17: =N3 -> Q3% | S17: YTD%
C19: Multi play seats (*1,000) | D19: 289 | E19: 276 | F19: 68 | H19: =I19 -> 58 | I19: 58 | J19: 56 | K19: 47 | L19: 39 | N19: =+IFERROR(IF(D19*J19<0,"n.m.",IF(D19/J19-1>100%,">100%",D19/J19-1)),"n.m.") -> >100% | P19: =D19 -> 289 | Q19: =J19 -> 56 | S19: =+IFERROR(IF(P19*Q19<0,"n.m.",IF(P19/Q19-1>100%,">100%",P19/Q19-1)),"n.m.") -> >100%
C21: ARPU per multi play seat | D21: 35 | E21: 35 | F21: 44 | H21: 45 | I21: 45 | J21: 41 | K21: 41 | L21: 53 | N21: =+IFERROR(IF(D21*J21<0,"n.m.",IF(D21/J21-1>100%,">100%",D21/J21-1)),"n.m.") -> -0.14634146 | P21: 35 | Q21: 45 | S21: =+IFERROR(IF(P21*Q21<0,"n.m.",IF(P21/Q21-1>100%,">100%",P21/Q21-1)),"n.m.") -> -0.22222222
B24: 1 Including migration of 201k RoutIT seats per Q2 '16, following acquisition remaining shares RoutIT
C27: Mainly SME - Mobile-only KPIs1 | D27: Q3 '16 | E27: Q2 '16 | F27: =F2 -> Q1 '16 | H27: =+H2 -> 2015 | I27: Q4 '15 | J27: =+J2 -> Q3 '15 | K27: =+K2 -> Q2 '15 | L27: =+L2 -> Q1 '15 | N27: y-on-y | P27: YTD '16 | Q27: YTD '15 | S27: y-on-y
N28: =N17 -> Q3% | S28: YTD%
C30: Mobile-only customers (*1,000)2 | D30: 1254 | E30: 1264 | F30: 1331 | H30: =I30 -> 1344 | I30: 1344 | J30: 1381 | K30: 1399 | L30: =L8 -> 1419 | N30: =+IFERROR(IF(D30*J30<0,"n.m.",IF(D30/J30-1>100%,">100%",D30/J30-1)),"n.m.") -> -0.091962346 | P30: =D30 -> 1254 | Q30: =J30 -> 1381 | S30: =+IFERROR(IF(P30*Q30<0,"n.m.",IF(P30/Q30-1>100%,">100%",P30/Q30-1)),"n.m.") -> -0.091962346
C32: Mobile-only ARPU | D32: 33 | E32: 31 | F32: 33 | H32: 33 | I32: 32 | J32: 34 | K32: 33 | L32: 34 | M32: 35 | N32: =+IFERROR(IF(D32*J32<0,"n.m.",IF(D32/J32-1>100%,">100%",D32/J32-1)),"n.m.") -> -0.029411765 | P32: 33 | Q32: 34 | S32: =+IFERROR(IF(P32*Q32<0,"n.m.",IF(P32/Q32-1>100%,">100%",P32/Q32-1)),"n.m.") -> -0.029411765
C34: SAC/SRC per subscriber | D34: 203 | E34: 240 | F34: 175 | H34: 208 | I34: 199 | J34: 218 | K34: 218 | L34: 195 | N34: =+IFERROR(IF(D34*J34<0,"n.m.",IF(D34/J34-1>100%,">100%",D34/J34-1)),"n.m.") -> -0.068807339 | P34: 200 | Q34: 210 | S34: =+IFERROR(IF(P34*Q34<0,"n.m.",IF(P34/Q34-1>100%,">100%",P34/Q34-1)),"n.m.") -> -0.047619048
B37: 1 Excluding M2M
B38: 2 Including migration of 32k Dekatel customers per Q3 '16, following acquisition of Dekatel
C41: Mainly SME - Fixed-only traditional KPIs | D41: Q3 '16 | E41: Q2 '16 | F41: =F2 -> Q1 '16 | H41: =+H27 -> 2015 | I41: Q4 '15 | J41: =+J27 -> Q3 '15 | K41: =+K27 -> Q2 '15 | L41: =+L27 -> Q1 '15 | N41: y-on-y | P41: YTD '16 | Q41: YTD '15 | S41: y-on-y
N42: =N28 -> Q3% | S42: YTD%
C44: Fixed-only voice lines (*1,000) | D44: 506 | E44: 530 | F44: 563 | H44: 595 | I44: 595 | J44: 626 | K44: 659 | L44: 697 | N44: -0.19575114 | P44: 506 | Q44: 626 | S44: -0.19169329
C46: Fixed-only voice ARPU | D46: 47 | E46: 49 | F46: 49 | H46: 50 | I46: 49 | J46: 50 | K46: 51 | L46: 51 | N46: =+IFERROR(IF(D46*J46<0,"n.m.",IF(D46/J46-1>100%,">100%",D46/J46-1)),"n.m.") -> -0.06 | P46: 48 | Q46: 51 | S46: =+IFERROR(IF(P46*Q46<0,"n.m.",IF(P46/Q46-1>100%,">100%",P46/Q46-1)),"n.m.") -> -0.058823529
C48: Fixed-only broadband lines (*1,000) | D48: 143 | E48: 145 | F48: 150 | H48: =I48 -> 149 | I48: 149 | J48: 153 | K48: 156 | L48: 159 | N48: =+IFERROR(IF(D48*J48<0,"n.m.",IF(D48/J48-1>100%,">100%",D48/J48-1)),"n.m.") -> -0.065359477 | P48: =D48 -> 143 | Q48: =J48 -> 153 | S48: =+IFERROR(IF(P48*Q48<0,"n.m.",IF(P48/Q48-1>100%,">100%",P48/Q48-1)),"n.m.") -> -0.065359477
C50: Fixed-only broadband ARPU | D50: 40 | E50: 35 | F50: 36 | H50: 33 | I50: 33 | J50: 33 | K50: 34 | L50: 33 | N50: =+IFERROR(IF(D50*J50<0,"n.m.",IF(D50/J50-1>100%,">100%",D50/J50-1)),"n.m.") -> 0.21212121 | P50: 37 | Q50: 33 | S50: =+IFERROR(IF(P50*Q50<0,"n.m.",IF(P50/Q50-1>100%,">100%",P50/Q50-1)),"n.m.") -> 0.12121212
H77: 175 | I77: 195 | J77: 168 | K77: 174 | L77: 163
H78: 199 | I78: 211 | J78: 193 | K78: 203 | L78: 188
H79: 5 | I79: 12 | L79: 1

Sheet Wholesale revenues
C2: Wholesale revenues | D2: Q3 '16 | E2: Q2 '16 | F2: Q1 '16 | H2: 2015 | I2: Q4 '15 | J2: =+'Consumer KPIs'!J2 -> Q3 '15 | K2: =+'Consumer KPIs'!K2 -> Q2 '15 | L2: =+'Consumer KPIs'!L2 -> Q1 '15 | N2: =+'Consumer KPIs'!N2 -> y-on-y | P2: YTD '16 | Q2: YTD '15 | S2: y-on-y
N3: =+'Consumer KPIs'!N3 -> Q3% | S3: YTD%
C5: Mobile service revenues | D5: 34 | E5: 33 | F5: 31 | H5: =I5+J5+K5+L5 -> 135 | I5: 33 | J5: 31 | K5: 36 | L5: 35 | N5: =+IFERROR(IF(D5*J5<0,"n.m.",IF(D5/J5-1>100%,">100%",D5/J5-1)),"n.m.") -> 0.096774194 | P5: =F5+E5+D5 -> 98 | Q5: =L5+K5+J5 -> 102 | S5: =+IFERROR(IF(P5*Q5<0,"n.m.",IF(P5/Q5-1>100%,">100%",P5/Q5-1)),"n.m.") -> -0.039215686
C6: Fixed revenues | D6: 160 | E6: 151 | F6: 149 | H6: =I6+J6+K6+L6 -> 595 | I6: 147 | J6: 151 | K6: 148 | L6: 149 | N6: =+IFERROR(IF(D6*J6<0,"n.m.",IF(D6/J6-1>100%,">100%",D6/J6-1)),"n.m.") -> 0.059602649 | P6: =F6+E6+D6 -> 460 | Q6: =L6+K6+J6 -> 448 | S6: =+IFERROR(IF(P6*Q6<0,"n.m.",IF(P6/Q6-1>100%,">100%",P6/Q6-1)),"n.m.") -> 0.026785714
C7: Total Wholesale revenues | D7: =D5+D6 -> 194 | E7: =E5+E6 -> 184 | F7: =F5+F6 -> 180 | H7: =+H5+H6 -> 730 | I7: =+I5+I6 -> 180 | J7: =+J5+J6 -> 182 | K7: =+K5+K6 -> 184 | L7: =+L5+L6 -> 184 | N7: =+IFERROR(IF(D7*J7<0,"n.m.",IF(D7/J7-1>100%,">100%",D7/J7-1)),"n.m.") -> 0.065934066 | P7: =F7+E7+D7 -> 558 | Q7: =L7+K7+J7 -> 550 | S7: =+IFERROR(IF(P7*Q7<0,"n.m.",IF(P7/Q7-1>100%,">100%",P7/Q7-1)),"n.m.") -> 0.014545455
C12: Adjusted Wholesale revenues | D12: Q3 '16 | E12: Q2 '16 | F12: Q1 '16 | H12: 2015 | I12: Q4 '15 | J12: Q3 '15 | K12: Q2 '15 | L12: Q1 '15 | N12: y-on-y | P12: YTD '16 | Q12: YTD '15 | S12: y-on-y
N13: Q3% | S13: YTD%
C15: Mobile service revenues | D15: 34 | E15: 33 | F15: 31 | H15: =I15+J15+K15+L15 -> 135 | I15: 33 | J15: 31 | K15: 36 | L15: 35 | N15: =+IFERROR(IF(D15*J15<0,"n.m.",IF(D15/J15-1>100%,">100%",D15/J15-1)),"n.m.") -> 0.096774194 | P15: =F15+E15+D15 -> 98 | Q15: =L15+K15+J15 -> 102 | S15: =+IFERROR(IF(P15*Q15<0,"n.m.",IF(P15/Q15-1>100%,">100%",P15/Q15-1)),"n.m.") -> -0.039215686
C16: Fixed revenues | D16: 153 | E16: 151 | F16: 149 | H16: =I16+J16+K16+L16 -> 595 | I16: 147 | J16: 151 | K16: 148 | L16: 149 | N16: =+IFERROR(IF(D16*J16<0,"n.m.",IF(D16/J16-1>100%,">100%",D16/J16-1)),"n.m.") -> 0.013245033 | P16: =F16+E16+D16 -> 453 | Q16: =L16+K16+J16 -> 448 | S16: =+IFERROR(IF(P16*Q16<0,"n.m.",IF(P16/Q16-1>100%,">100%",P16/Q16-1)),"n.m.") -> 0.011160714
C17: Total Wholesale revenues | D17: =D15+D16 -> 187 | E17: =E15+E16 -> 184 | F17: =F15+F16 -> 180 | H17: =+H15+H16 -> 730 | I17: =+I15+I16 -> 180 | J17: =+J15+J16 -> 182 | K17: =+K15+K16 -> 184 | L17: =+L15+L16 -> 184 | N17: =+IFERROR(IF(D17*J17<0,"n.m.",IF(D17/J17-1>100%,">100%",D17/J17-1)),"n.m.") -> 0.027472527 | P17: =F17+E17+D17 -> 551 | Q17: =L17+K17+J17 -> 550 | S17: =+IFERROR(IF(P17*Q17<0,"n.m.",IF(P17/Q17-1>100%,">100%",P17/Q17-1)),"n.m.") -> 0.0018181818
H75: 175 | I75: 195 | J75: 168 | K75: 174 | L75: 163
H76: 199 | I76: 211 | J76: 193 | K76: 203 | L76: 188
H77: 5 | I77: 12 | L77: 1

Sheet Wholesale KPIs
C2: Wholesale Mobile KPIs | D2: Q3 '16 | E2: Q2 '16 | F2: Q1 '16 | H2: 2015 | I2: Q4 '15 | J2: =+'CF, Capex, BS & Debt sum'!J2 -> Q3 '15 | K2: =+'CF, Capex, BS & Debt sum'!K2 -> Q2 '15 | L2: =+'CF, Capex, BS & Debt sum'!L2 -> Q1 '15 | N2: =+'CF, Capex, BS & Debt sum'!N2 -> y-on-y | P2: YTD '16 | Q2: YTD '15 | S2: y-on-y
N3: =+'FTE '!N3 -> Q3% | S3: YTD%
C5: Customers¹ (*1,000) | D5: =D6+D7 -> 787 | E5: =E6+E7 -> 825 | F5: =F6+F7 -> 827 | H5: =H6+H7 -> 817 | I5: =I6+I7 -> 817 | J5: =J6+J7 -> 825 | K5: =K6+K7 -> 819 | L5: =L6+L7 -> 802 | N5: =+IFERROR(IF(D5*J5<0,"n.m.",IF(D5/J5-1>100%,">100%",D5/J5-1)),"n.m.") -> -0.046060606 | P5: =D5 -> 787 | Q5: =J5 -> 825 | S5: =+IFERROR(IF(P5*Q5<0,"n.m.",IF(P5/Q5-1>100%,">100%",P5/Q5-1)),"n.m.") -> -0.046060606
C6: - Postpaid2 | D6: 316 | E6: 351 | F6: 349 | H6: =I6 -> 334 | I6: 334 | J6: 325 | K6: 320 | L6: 295 | N6: =+IFERROR(IF(D6*J6<0,"n.m.",IF(D6/J6-1>100%,">100%",D6/J6-1)),"n.m.") -> -0.027692308 | P6: =D6 -> 316 | Q6: =J6 -> 325 | S6: =+IFERROR(IF(P6*Q6<0,"n.m.",IF(P6/Q6-1>100%,">100%",P6/Q6-1)),"n.m.") -> -0.027692308
C7: - Prepaid | D7: 471 | E7: 474 | F7: 478 | H7: =I7 -> 483 | I7: 483 | J7: 500 | K7: 499 | L7: 507 | N7: =+IFERROR(IF(D7*J7<0,"n.m.",IF(D7/J7-1>100%,">100%",D7/J7-1)),"n.m.") -> -0.058 | P7: =D7 -> 471 | Q7: =J7 -> 500 | S7: =+IFERROR(IF(P7*Q7<0,"n.m.",IF(P7/Q7-1>100%,">100%",P7/Q7-1)),"n.m.") -> -0.058
B10: 1 Full MVNO customers are not included
B11: 2 Including migration of 32k Dekatel customers to Business per Q3 '16, following acquisition of Dekatel
C14: Wholesale Fixed KPIs | D14: Q3 '16 | E14: Q2 '16 | F14: =F2 -> Q1 '16 | H14: =H2 -> 2015 | I14: =I2 -> Q4 '15 | J14: =J2 -> Q3 '15 | K14: =K2 -> Q2 '15 | L14: =L2 -> Q1 '15 | M14: =M2 -> 0 | N14: =N2 -> y-on-y | P14: YTD '16 | Q14: YTD '15 | S14: y-on-y
N15: =N3 -> Q3% | S15: YTD%
C17: Total wholesale lines1 (*1,000) | D17: 1004 | E17: 992 | F17: 1030 | H17: =I17 -> 1029 | I17: 1029 | J17: 1031 | K17: 1044 | L17: 1046 | M17: =M19+M20 -> 0 | N17: =+IFERROR(IF(D17*J17<0,"n.m.",IF(D17/J17-1>100%,">100%",D17/J17-1)),"n.m.") -> -0.026188167 | P17: =D17 -> 1004 | Q17: =J17 -> 1031 | S17: =+IFERROR(IF(P17*Q17<0,"n.m.",IF(P17/Q17-1>100%,">100%",P17/Q17-1)),"n.m.") -> -0.026188167
C18: - of which: Voice lines (WLR) | D18: 205 | E18: 216 | F18: 221 | H18: =I18 -> 229 | I18: 229 | J18: 235 | K18: 241 | L18: 244 | N18: =+IFERROR(IF(D18*J18<0,"n.m.",IF(D18/J18-1>100%,">100%",D18/J18-1)),"n.m.") -> -0.12765957 | P18: =D18 -> 205 | Q18: =J18 -> 235 | S18: =+IFERROR(IF(P18*Q18<0,"n.m.",IF(P18/Q18-1>100%,">100%",P18/Q18-1)),"n.m.") -> -0.12765957
C19: - of which: ULL / MDF | D19: 323 | E19: 359 | F19: 412 | H19: =I19 -> 440 | I19: 440 | J19: 470 | K19: 496 | L19: 513 | N19: =+IFERROR(IF(D19*J19<0,"n.m.",IF(D19/J19-1>100%,">100%",D19/J19-1)),"n.m.") -> -0.31276596 | P19: =D19 -> 323 | Q19: =J19 -> 470 | S19: =+IFERROR(IF(P19*Q19<0,"n.m.",IF(P19/Q19-1>100%,">100%",P19/Q19-1)),"n.m.") -> -0.31276596
C20: - of which: VULA / WBA2 | D20: 486 | E20: 433 | F20: 447 | H20: =I20 -> 416 | I20: 416 | J20: 388 | K20: 373 | L20: 360 | N20: =+IFERROR(IF(D20*J20<0,"n.m.",IF(D20/J20-1>100%,">100%",D20/J20-1)),"n.m.") -> 0.25257732 | P20: =D20 -> 486 | Q20: =J20 -> 388 | S20: =+IFERROR(IF(P20*Q20<0,"n.m.",IF(P20/Q20-1>100%,">100%",P20/Q20-1)),"n.m.") -> 0.25257732
B23: 1 ULL/MDF + VULA/WBA + Voice lines (WLR) - MDF / WBA shared lines (+ Interconnect leased lines on copper and fiber)
B24: 2 Including migration of 50k RoutIT lines per Q2, following acquisition remaining shares RoutIT
H69: 175 | I69: 195 | J69: 168 | K69: 174 | L69: 163
H70: 199 | I70: 211 | J70: 193 | K70: 203 | L70: 188
H71: 5 | I71: 12 | L71: 1

Sheet Bond overview 
C2: Bond overview1,2
D4: GMTN | E4: Currency | F4: Nominal amount outstanding (m) | G4: Nominal euro amount outstanding (m) | H4: Coupon | I4: Issue date | J4: Interest date(s) | K4: Redemption | L4: ISIN code | M4: Comments | N4: Days convention
C7: Eurobond | D7: yes | E7: EUR | F7: 720 | G7: 720 | H7: 0.0475 | I7: 13-Nov-'06 | J7: 17-Jan | K7: 17-Jan-'17 | L7: XS0275164084 | M7: Put event applicable in case of Change of Control as specified in GMTN prospectus 2006 | N7: Actual/ Actual
C9: Eurobond | D9: yes | E9: EUR | F9: 465 | G9: 465 | H9: 0.075 | I9: 4-Feb-'09 | J9: 04-Feb | K9: 04-Feb-'19 | L9: XS0411850075 | M9: Put event applicable in case of Change of Control as specified in GMTN prospectus 2008 | N9: Actual/ Actual
C11: Eurobond | D11: yes | E11: GBP | F11: 96 | G11: 123 | H11: 0.06 | I11: 29-May-'07 | J11: 29-May | K11: 29-May-'19 | L11: XS0303070113 | M11: Put event applicable in case of Change of Control as specified in GMTN prospectus 2007 Swapped into Fixed Rate of 4.58% (30/360) | N11: Actual/ Actual
C13: Eurobond | D13: yes | E13: EUR | F13: 461 | G13: 461 | H13: 0.0375 | I13: 21-Sep-'10 | J13: 21-Sep | K13: 21-Sep-'20 | L13: XS0543354236 | M13: Put event applicable in case of Change of Control as specified in GMTN prospectus 2010 Swapped to fixed rate (1.19% in 2016, 1.04% afterwards) | N13: Actual/ Actual
C15: Eurobond | D15: yes | E15: EUR | F15: 361 | G15: 361 | H15: 0.0325 | I15: 1-Aug-'12 | J15: 1-Feb | K15: 1-Feb-'21 | L15: XS0811124790 | M15: Put event applicable in case of Change of Control as specified in GMTN prospectus 2012 | N15: Actual/ Actual
C17: Eurobond | D17: yes | E17: EUR | F17: 253 | G17: 253 | H17: 0.045 | I17: 15-Sep-'11 | J17: 4-Oct | K17: 4-Oct-'21 | L17: XS0677389347 | M17: Put event applicable in case of Change of Control as specified in GMTN prospectus 2011 Swapped to fixed rate (1.11% in 2016, 1.02% afterwards) | N17: Actual/ Actual
C19: Eurobond | D19: yes | E19: EUR | F19: 616 | G19: 616 | H19: 0.0425 | I19: 1-Mar-'12 | J19: 1-Mar | K19: 1-Mar-'22 | L19: XS0752092311 | M19: Put event applicable in case of Change of Control as specified in GMTN prospectus 2011 | N19: Actual/ Actual
C21: Eurobond | D21: yes | E21: EUR | F21: 431 | G21: 431 | H21: 0.05625 | I21: 30-Sep-'09 | J21: 30-Sep | K21: 30-Sep-'24 | L21: XS0454773713 | M21: Put event applicable in case of Change of Control as specified in GMTN prospectus 2009 Swapped to fixed rate of 3.43% | N21: Actual/ Actual
C23: Eurobond | D23: yes | E23: EUR | F23: 625 | G23: 625 | H23: 0.00625 | I23: 42622 | J23: 9-Apr | K23: 45756 | L23: XS1485532896 | M23: Put event applicable in case of Change of Control as specified in GMTN prospectus 2016 | N23: Actual/ Actual
C25: Eurobond | D25: yes | E25: GBP | F25: 400 | G25: 479 | H25: 0.05 | I25: 18-Nov-'11 | J25: 18-Nov | K25: 18-Nov-'26 | L25: XS0707430947 | M25: Put event applicable in case of Change of Control as specified in GMTN prospectus 2011 Swapped into Fixed Rate of 5.02% (30/360) | N25: Actual/ Actual
C27: Eurobond | D27: yes | E27: EUR | F27: 625 | G27: 625 | H27: 0.01125 | I27: 42622 | J27: 11-Sep | K27: 47007 | L27: XS1485533431 | M27: Put event applicable in case of Change of Control as specified in GMTN prospectus 2016 | N27: Actual/ Actual
C29: Eurobond | D29: yes | E29: GBP | F29: 850 | G29: 972 | H29: 0.0575 | I29: 17-Sep-'09 | J29: 17-Sep | K29: 17-Sep-'29 | L29: XS0451790280 | M29: Put event applicable in case of Change of Control as specified in GMTN prospectus 2009 Swapped into Fixed Rate of 5.43% (30/360) | N29: Actual/ Actual
C31: Global bond | D31: no | E31: USD | F31: 1000 | G31: 756 | H31: 0.08375 | I31: 4-Oct-'00 | J31: 1-Apr 1-Oct | K31: 01-Oct-'30 | L31: US780641AH94 | M31: After exchange offer Issued as USN7637QAC70 (Reg S Global Note) & US780641AC08 (144A Global Note) Swapped into Fixed Rate of 8.56% (30/360) | N31: 30/360
C33: Total Senior Bonds Royal KPN NV | G33: =SUM(G6:G31) -> 6887
C35: Hybrid bond | D35: no | E35: EUR | F35: 1100 | G35: 1100 | H35: 0.06125 | I35: 7-Mar-'13 | J35: 14-Sep | K35: Perpetual | L35: XS0903872355 | M35: First call date on 14 September 2018 | N35: Actual/ Actual
C37: Hybrid bond | D37: no | E37: GBP | F37: 400 | G37: 460 | H37: 0.06875 | I37: 7-Mar-'13 | J37: 14-Mar | K37: 14-Mar-'73 | L37: XS0903872603 | M37: First call date on 14 March 2020 Swapped into Fixed rate of 6.78% until 2020 | N37: Actual/ Actual
C39: Hybrid bond | D39: no | E39: USD | F39: 600 | G39: 465 | H39: 0.07 | I39: 21-Mar-'13 | J39: 28-Mar 28-Sep | K39: 28-Mar-'73 | L39: US50048VAA89 | M39: First call date on 28 March 2023 Swapped into Fixed rate of 6.34% until 2023 | N39: 30/360
C41: Total Hybrid Bonds Royal KPN NV | G41: =SUM(G35:G39) -> 2025
C43: Total Bonds Royal KPN NV | G43: =+G41+G33 -> 8912
C45: 1 All bonds are listed in Amsterdam
C46: 2 Bankers Trust is Paying Agent for the Global Bond, Citibank for all other bonds
